Workbook
Name _Hlk15918595: '2019'!$E$113
Name _Hlk535919867: '2019'!$E$29
Name _Hlk6822233: '2019'!$E$68
Name Text13: '2019'!$D$117

Sheet 2019
A1: Log Number | B1: Engineering Group | C1: OESR Date Received | D1: TE Tool No | E1: Problem Summary | F1: Site | G1: Originator | H1: Assignee 2 (WPPL) | I1: Date Completed | J1: Remark/Closure | K1: OESR to Milford | L1: 1- High(< 1 week) | M1: STATUS | N1: Time for closure (Days)
A2: S190001 | B2: Test Engineering | C2: 43468 | D2: Shunts | E2: PDA FINAL TEST EQUIPMENT at Flex currently have 6 pcs of PDA Medium Shunt PN # 289002226, Last Q4'2018 Weekly ave. build and test is 40 units, moving forward next week PDA shall require weekly ave. of 54 units.of build and test. Therefore, Flex would like to request for add'l 3 units of shunts 289002226 to cope up with production. | F2: Flex | H2: Yee Hwa | J2: Loaned 2 PDA Medium Shunt and 3 TUV Shunt to Flex, to be return if shipment reduce. | K2: No | L2: 2- Medium(<4 weeks) | M2: Close | N2: 2
A3: S190002 | B3: Manufacturing Engineering | C3: 43468 | D3: 999027590 | E3: MPMV Station Assy on motor 999027590 Motor to Housing Assy Fixture can tighten one cycle of screw and stop unble to tighten in second cycle. Note : Without load motor able to run full cycle and with load with motor unable complete full cycle. | F3: Flex | H3: Yee Hwa | J3: Adjusted "Torque driver swtich pressure"- solved | K3: No | L3: 1- High(< 1 week) | M3: Close | N3: 1
A4: S190003 | B4: Test Engineering | C4: 43469 | D4: PM Procedure | E4: Request PM procedure for TCM II with PN 186002441 | F4: Flex | H4: HuaZhen | J4: [04Jan2019] Sent PM procedure to Joel [11Jan19] OESR 193050 [08Feb19] The updated PM procedure was received by ECO. Flex was informed and started with PM | K4: Yes | L4: 2- Medium(<4 weeks) | M4: Close | N4: 26
A5: S190004 | B5: Test Engineering | C5: 43278 | D5: TE82943 | E5: Missing serial number at the bottom of the test report (Ser.No) of Acquity BSM 18K PLUS test in some Test record and it is encountered across all test stations TE82943 #1,#19,#20,#21,#22 and #24. Please kindly refer to the "BSM Test Record.JPG" | F5: Venture | G5: Chan Myae Soe | H5: Yee Hwa | I5: 43721 | J5: OESR 182626 [30Aug18] Ed Reply: No updates to report. Expect to look into this anomaly soon. It's not repeatable and completely random from what I've discovered. [19Oct18] Ed update: Made a Test Program code modification on the TE Lab PC and is under evaluation. [11Jan19] Checked with Venture, the issue is still existing randomly. [31Jan19] 29Jan2019: It has not been resolved and still require support to solve the issue. 29-Jan-2019: A fix for this intermittent condition has been added to the latest test programs. It was going to be released along with Firebrick firmware in January. However, Firebrick firmware is now being rolled up into Gold firmware. So now it will be released in April with the Gold firmware release. Apr23: same status. expecting release soon. [13Sep19]formally close TMD010661 v02 as ECO9229308 is already implemented | K5: Yes | L5: 2- Medium(<4 weeks) | M5: Close | N5: =NETWORKDAYS(C5,I5) -> 318
A6: S190005 | B6: Test Engineering | C6: 43276 | D6: TE83064-All | E6: Starting from end of April (mainly after software & firmware updates) till now, we are observing high Needle Seal Force failures for all FTN models at all testers. Please refers to attached ppt files for information that we observed about this failure. The purpose of this OESR is to request help from Waters' Test engineer for Needle Seal Force failure and to prequest direction to prevent/reduce this failure. | F6: Venture | G6: Eilwin | H6: HuaZhen | J6: OESR 182633 [06Jul18] GES being tasked to measure spring force. [17Jul18] GES have verified 10 springs and confirmed that the spring force are all within specs. To share results with Rick and ask for further advise. [27Jul18] Venture to provide the test results for the 10pcs spring under evaluation. [10Aug18] Rick questioned Load Cell replacement for repair, Venture was informed to provide explaination. Changing spec from 48 to 40 is in discussion in Milford [14Aug18] No load cell(seal wash block) was replaced but re-assemble of load cell was performed. Venture agreed to focus on those re-assemble required units to seek improvement of yeild. Venture will update team with test data on Thursday. [21Aug18] Venture look into the units failed and required reassemble the seal wash block data and will contact with Milford to pursuit a solution [28Aug18] Test Data and Venture Spring Study sent to Rick, no reply so far [31Aug18] Rick advise to have evaluation on Spring Cup with 90 degree interval, Venture was informed [20sep18] The Spring Cup evaluation data sent to Rick and suggested by Edwin to have Venture to get higher spec of Spring from supplier to do evaluation [12Oct18] Rich advised to study the relation between misalignment of wash cup and needle seal force failure issue [10Jan19] Milford and RD is studying on changing of PSD [31Jan19] Changes to the test specification are in discussion to lower the Needle Seal Force specification from 48 to 40. This would alleviate the majority of the failures at the Singapore test site as well as some at the milford site. Change is part of larger discussion to change multiple test specifications on the CPSM final test station. | K6: Yes | L6: 3- Low (> 4 weeks & above) | M6: Close | N6: 162
A7: S190006 | B7: Test Engineering | C7: 43336 | D7: TE83013 | E7: TE83013-1 is observed to experience a test sequence error at "Ecord Interface Test" by skipping to instruct to connect "Ecord" to the UUT while testing for 186015042. They have recently changed the tester PCBA P/N:210000367 (ASSY PCB CPSM CONTROLPCB) Rev H because existing P/N:210000367 Rev G was faulty on 14-Aug-2017. Refer to videos for failure occurrence. | F7: Venture | G7: WPPL - Siew Yee | H7: HuaZhen | I7: 43790 | J7: OESR 171993 Milford will upgrade the tester, in progress [20Sep18] Matt replied on 12 Sep 18 ,'New tester is still pending. Schedule has slipped a bit, as the new test is still a little unreliable. I am working on it and will be looking to you for help with the upgrade schedule as soon as I get it nailed down.' [24Sep18] Matt Brule update: the same status 24-Nov-2018 Working on bug as time allows expect resolution soon, working to prove theory about Ecord formatting 17 DEC 2018 Same status (Pending Matt Brule.) 23-Jan-2019, expect to get freed up to complete this in February 23-FEB-2019, expect to get freed up to complete this soon 25th Jun - Edwin comment - Huazhen to follow up with Matt on status. 25th Jun - Emailed Matt to check status [27Jun19] No reply from Matt [02Jul19] Huazhen to sent a reminder. [04Jul19] Sent remider to Matt [10Jul19] Matt -- New tester coming soon, this is finally back at the top of my list. [21Nov19] No further action required from WPPL. Close this OSER and park under monitoring | K7: Yes | L7: 3- Low (> 4 weeks & above) | M7: Close | N7: =NETWORKDAYS(C7,I7) -> 325
A8: S190007 | B8: Test Engineering | C8: 43297 | D8: TE83031-1 | E8: The existing optics bench alignment stations are using Golden flow cell to align all the optics benches.These Golden flow cells do not have the proper PM procedure to maintain their performance initially.Venture recently working with WPPL to release PM procedure for these golden flow cells. PM could help to improve flow cell performance for mechanically but it couldn't help when the flow cells are facing optically degaraded and againg. Milford Engineer agreed Venture should have one back up golden flow cell in any case of flow cell degrading over a few years of usage and for not interrupting production while it waiting Milford to send over new Golden flow cell. Request to send over new Golden Flow cells for Optics Alignment Test Stations. Please share with us how to perform the measurement and any specification threshold for replacement. Refer to attached photos of Ref photo diode flow cell. | F8: Venture | G8: MiMi | H8: Mandy | I8: 43753 | J8: Email from 16th July from Matt Franklin 'creating a new Photodiode Flow Cell and a New Golden Flow Cell to be used during the optics bench alignment station' Update on 14Aug from Matt, prototypes made and software due to be complete by the end of Aug. May take a couple of iterations to get the process/software to a good point. Expect these will be ready to ship to Sg by the end of the year. Current flow cells to be monitored until then. [15th October 2018] Matt has updated that the new flow cells will most likely be available at end of 19Q1 due to one staff member leaving and additional testing being carried out. [24th June 2019] Expected completion date is now end of 2019. [31Oct19] Duplicate OESR S190125. Close | K8: No | L8: 3- Low (> 4 weeks & above) | M8: Close | N8: =NETWORKDAYS(C8,I8) -> 327
A9: S190008 | B9: Test Engineering | C9: 43329 | D9: TE82760 | E9: On the month of Jun & July, Venture production found some failures in Ram-Ray Valley Energy during FLR detectors final test for 5029 models. The UUTs were passed when they replaced with new PMTs. The failed PMTs were used in 2475 models detectors, passed the test. Venture requested Hamamatsu to provide the failed PMTs test data and performed some data analysis and some evaluation to find the correlation between Hamamatsu test data and our test based on our knowledge. Refer to attached slides for details. OESR is requested to be raised to follow up and get some advices from Milford Engineer to look into the possible root causes if this failure occur in future. | F9: Venture | G9: MiMi | H9: Edwin | J9: No failures of this type since 23rd July. 17th August, Edwin will make contact with Milford engineering to get more details on the type of failure that is happening. [3thSep18]: This is a part related issue on Hamamatsu Lamp. Reassigned to Edwin to follow up. [20thSep18]: No advise yet from Matt/ Nic, will continue to follow up [27thJun19]: Matt indicated there is no anomaly monitored on the PMTs and is likely related to the alignment of the flowcells on noise issue. New golden flowcells in process of begin fabricated under a different OESR. To close | K9: No | L9: 3- Low (> 4 weeks & above) | M9: Close | N9: 230
A10: S190009 | B10: Manufacturing Engineering | C10: 43356 | D10: 999028048 | E10: Wear and tear of tool. Require replacement. [19Sep] Flex to source spare; no impact to production | F10: Flex | H10: Yee Hwa | I10: =TODAY() -> 44230 | J10: Flex to source replacement quotation. 999042121. Quatation provided, decided Yuan Heng on 28Sep ETA: end Oct | K10: No | L10: 3- Low (> 4 weeks & above) | M10: Close | N10: =NETWORKDAYS(C10,I10) -> 625
A11: S190010 | B11: Test Engineering | C11: 43425 | D11: TE82743-03 | E11: Racal Functional Tester vacuum always turn on. A Medium operation of the tester is the vaccum only on at the start of the test of any UUT and off when the test stop. But currently the situation is the vaccum always on. | F11: Venture | H11: HuaZhen | J11: [23Nov18] OESR 182936 [07Dec18] contacted the local supplier for the valve, wait for quotation [10Jan19] PO was issued and asked ETA today [01FEB19] Part ETA early Mar; | K11: Yes | L11: 3- Low (> 4 weeks & above) | M11: Close | N11: 56
A12: S190011 | B12: Test Engineering | C12: 43425 | D12: TE82943 | E12: Production is seeing high failure of 0.3ml flow rate accuracy failure at TE#1. Please kindly refer to the "TE82943_1 High Failure.pptx" | F12: Venture | H12: HuaZhen | J12: [23Nov18] OESR#182935 [07Dec18] Received tubings and start evaluation in Jan 2019 [11Jan18] Installed tubing on TE1, The test result shows positive, it's under monitoring with more test data [31Jan19] Test result shows improvement of FPY | K12: Yes | L12: 3- Low (> 4 weeks & above) | M12: Close | N12: 55
A13: S190012 | B13: Manufacturing Engineering | C13: 43428 | D13: 999045819 | E13: Tooling 999045819 Spiral Wrap 3 , Both roller unable to hold tubing due to wear n tear . Affecting for both models 186269505 & 186269506. | F13: Flex | H13: Yee Hwa | I13: 43712 | J13: Sourcing in progress. [04Sep19] Close during eng meeting. Tools in use now | K13: No | L13: 3- Low (> 4 weeks & above) | M13: Close | N13: =NETWORKDAYS(C13,I13) -> 203
A14: S190013 | B14: Test Engineering | C14: 43431 | D14: TE82988-2 | E14: 1. Model 210000384 boards failing at TE82988-2 GTS Tester but when test at 2690 TE 82510 Tester the boards able to passed. Failed Test UUT Power : (GTS TE82988-2) 1.Power Supply Status - Failed 2.Test 3.3V Supply - marginal failure Note : shipment will be at risk . | F14: Flex | H14: HuaZhen | J14: [07Dec18] Milford is evaluating if need to change the spec or not [11Jan19] OESR 182950 : 28-Nov-2018: The failure has been assessed. A VAF has been created, reviewed and approved. 29-Nov-2018: An EDV is required, (created, reviewed, approved, executed). Then an EDV Report will need to be created, reviewed and approved. From this point the new test program can be released to production. Current thinking is that we may have these documents in approved at the earliest 03-Dec-2018. [08Feb19] Sent the schematic to Flex and asked them to focus on troubleshooting of 'Test UUT Power' as it's the majority of failures. [14Feb19] Test program was upgraded to version 0.1. Waiting for validation from Milford | K14: Yes | L14: 3- Low (> 4 weeks & above) | M14: Close | N14: 49
A15: S190014 | B15: Test Engineering | C15: 43439 | D15: TE82475 | E15: 1. PCBA Controller PN Not Available Qty: 1 pc. 2. Transducer (Range 2000 PSI) - PN not available Qty: 1 pc Note: 1. Need to get advise from Mlford as mention parts are Waters customised board 2. Not able to open the flow cell tester as Flowcell running everyday. | F15: Flex | H15: HuaZhen | J15: OESR: 182975 OFI | K15: YES | L15: 3- Low (> 4 weeks & above) | M15: Close | N15: 5
A16: S190015 | B16: Test Engineering | C16: 43439 | D16: TE82534 | E16: SPARE PARTS REQUEST : DESCRIPTION Qty Required: 1. PCBA Controller PN SC2072 ASSY181310-02 National Instruments 1 pc. 2. Waters Pump Conctrol Module - PN not available from Front/Back View 1 pc Note: Above parts not able to source by Flex. Refer to Attach TE 82534 515 Final Tester | F16: Flex | H16: HuaZhen | J16: OESR: 182975, shared OESR with above OFI | K16: No | L16: 3- Low (> 4 weeks & above) | M16: Close | N16: 5
A17: S190016 | B17: Test Engineering | C17: 43439 | D17: TE82613 | E17: SPARE PARTS REQUEST : DESCRIPTION Qty Required: 1. TE82613 Pump Mechanic Run In Modeule PCBA PA not available Note: Pls. refer to attach TE 82613-2 Pump Mechanic Run In Module file | F17: Flex | H17: HuaZhen | J17: OESR: 182975,shared OESR with above OFI | K17: No | L17: 3- Low (> 4 weeks & above) | M17: Close | N17: 5
A18: S190017 | B18: Test Engineering | C18: 43439 | D18: TE82705 | E18: SPARE PARTS REQUEST : DESCRIPTION Qty Required: 1. Interface Card 1 set 2. Controller Card 1 set Note: PCBA Controller No Part Number on the surface Refer to Attach TE 82705 1500 Series Pump Final Test Sation | F18: Flex | H18: HuaZhen | J18: OESR: 182975,shared OESR with above OFI | K18: No | L18: 3- Low (> 4 weeks & above) | M18: Close | N18: 5
A19: S190018 | B19: Test Engineering | C19: 43439 | D19: TE82534 | E19: SPARE PARTS REQUEST : DESCRIPTION Qty Required: 1. 515 Bezel Assembly Tester 1 set Note: PCBA Controller No Part Number on the surface Refer to Attach TE 82581 Bezel Assembly Tester | F19: Flex | H19: HuaZhen | J19: OESR: 182975,shared OESR with above OFI | K19: No | L19: 3- Low (> 4 weeks & above) | M19: Close | N19: 5
A20: S190019 | B20: Test Engineering | C20: 43430 | D20: TE82817 | E20: During business review, it is found that TE82817 is at high risk and it could be down any time. This tester down can cause production line of PCM to be stopped. This test station has IBM M50 PC and test box which are very old. Upon checking, IBM M50 pc was manufactured in 2003 and its OS is window XP. Test box for PCM is also an old test box. Please refers to attached photos for reference. Therefore, request to upgrade PC and test box for TE82817. | F20: Venture | H20: HuaZhen | J20: [19Dec18]OESR 183008 [20ec18] Jaaffar said it's not high on piority list and asking if WPPL can build a new tester; [11Jan19] Mandy was identified as POC to follow up this new tester moderize project. | K20: YES | L20: 3- Low (> 4 weeks & above) | M20: Close | N20: 35
A21: S190020 | B21: Test Engineering | C21: 43460 | D21: TE82900-2 | E21: Request for functional tester wiring diagram to aid in troubleshooting. | F21: Flex | H21: HuaZhen | J21: OESR183012 [26th Dec 18] Senai's ST Ng raised a request for schematics on wiring diagram of functional testers [01Jan19] Received Diagram | K21: YES | L21: 2- Medium(<4 weeks) | M21: Close | N21: 4
A22: S190021 | B22: Test Engineering | C22: 43461 | D22: TE9046-11 | E22: To repair the testware frequency board. | F22: Flex | H22: HuaZhen | J22: [28th Dec 18] Senai's Sua raised a request for ICT test fixture repair | K22: No | L22: 2- Medium(<4 weeks) | M22: Close | N22: 1
A23: S190022 | B23: Test Engineering | C23: 43474 | D23: TE82988-9 | E23: 1. GEOTEST chassis in GTS tester TE#82988-9 randomly shuts down. 2. Found cause of shutdown due to one DC power supply module in the GEOTEST chassis. 3. Power supply module was check and cleaned. No visible defect found. 4. The unit may run Ok for many days, then suddenly shutdown by it self. 5. A replcement power power supply module is required. See attaached. 6. This GTS tester is mainly for testing PCBA for Waters UK (Micromass). | F23: CEI | H23: HuaZhen | J23: [10Jan19] Edwin checked with Ray to proceed with parts purchasing and replacement, Crosscharge to UK; [11Jan19] GeoTest Chassis was loan to CEI; Asked to either repair their existing chassis or return the bad chassis if they're not able to source PSU replacment | K23: No | L23: 2- Medium(<4 weeks) | M23: Close | N23: 2
A24: S190023 | B24: Test Engineering | C24: 43474 | D24: TE82988-2 | E24: Model 2100001203 & 2100001164 tested using same FT Fixture TE0084037-2 failure FT Test with Error message prompted "Is Scope Triggered?" . Retest 5 boards each model also failure above similar failure mode. Senai engineer was try to change cable from TE82888 card to UUT but still having similar failure. I also change spare cable from TE82888 card to 210000415 cards in fixture but still same failure. | F24: Flex | H24: HuaZhen | J24: [10Jan19] OESR 193041 [11Jan19] Test Sequence online debug option was enabled. Richard deselected the option as Administrator | K24: Yes | L24: 1- High(< 1 week) | M24: Close | N24: 2
A25: S190024 | B25: Test Engineering | C25: 43476 | D25: TE82510 | E25: 1. 210000411 board were tested on the Alliance tester with the fixture (Job# 3011206), the test output a corrupted display on the backlit LCD along the test and failed at the test sequence "FLOPPY INTERFACE TEST, TESTING FLOPPY ON J-27 **** ACCESSING FILE **** 2. For the display output corruption issue, display were swapped with another assembly with the display producing very dim output, we were able to see that the output was still corrupted as in the sample image attached together in email. 3. For "FLOPPY INTERFACE TEST, TESTING FLOPPY ON J-27 **** ACCESSING FILE **** , we've swapped the floppy disk along with the IDE cable. The floppy drive were able to be turned on and were actuating the floppy disk for reading. 4. All probes changed. | F25: Flex | H25: HuaZhen | J25: [11Jan19] OESR 193051 [15Jan19] Received a text file from Edward Jackson and asked Flex to rerun the test with file from Milford [31Jan19] Flex KP sent 411 fixture to Flex Senai and ETA to Flex Senai on 4th Feb 2019 [08Feb19] Ed has confirmed the fixture was verified in Milford and Flex Senai did verification of fucationality too. Both verification shows the fixture is in good working and fit for prodution test. | K25: Yes | L25: 2- Medium(<4 weeks) | M25: Close | N25: 20
... A28: S190027 | B28: Test Engineering | C28: 43476 | D28: tester PC | E28: During PM for tester PCs in Venture, they identified the following tester PCs have the unsent test documents in 'SendBuffer' folder. Please kindly help to resubmission as per requirement in TSP 735003678 Generic PC Maintenance Procedure. Below is the list of PCs, 1. TE83013-2 2. TE83006 3. TE83013-1 4. TE83032-1 5. TE83031 6. TE82995-3 7. TE82995-2 | F28: Venture | H28: HuaZhen | J28: [21Jan19] OESR 193064 | K28: Yes | L28: 3- Low (> 4 weeks & above) | M28: Close | N28: 8
A29: S190028 | B29: Manufacturing Engineering | C29: 43487 | D29: SigmaSure | E29: ECO 9221720 & 9221721 Life cycle change on SL Power Supply 279000852 to Delta Power Supply 279003675 for Detectors. Sigmasure need change power supply part number from 27900852 to 279003675 1.Singapore Kallang date build on 23 Jan 2019 2. Singapore Kallang date build on 24 Jan 2019 WAT-186002487 WAT-186248900 WAT-186017002 WAT-186017003 WAT-186015034 WAT-186015032 WAT-186017012 WAT-186015033 WAT-186017013 WAT-186002998 WAT-186015053 WAT-186299800 WAT-186015031 | F29: Flex | H29: Yee Hwa | K29: No | L29: 2- Medium(<4 weeks) | M29: Close | N29: 120
A30: S190029 | B30: Test Engineering | C30: 43494 | D30: tester PC | E30: Below testers have unsent files under 'Sendbuffer' folder. IP address and tester name as shown below: 10.249.55.15 TE82865-5 CPSO Final Test Station 10.249.55.16 TE82865-6 CPSO Final Test Station 10.249.55.17 TE82865-2 ASO Final Test Station | F30: CEI | H30: HuaZhen | J30: OESR193081 [31Jan2019] Reviewed files... tried to resubmit them to SigmaQuest but they came back as SQ0007 and SQ0011 files. Checked genealogy and found records have been submitted once already (SQ0007 indicates a similar record already exists). Just to be safe, I cleared the files and dumped them in the TE-1 desktop folder called "SENDBUFFER Archive" in case this comes back as a problem. The SENDBUFFER is now clear, notified Rick of disposition. No qualification required, just some moving of files. | K30: Yes | L30: 3- Low (> 4 weeks & above) | M30: Close | N30: 2
A31: S190030 | B31: Test Engineering | C31: 43504 | D31: TE82987-1 | E31: In tester TE82987-1, observed that leakage in part number: 410001901 ( GES part number: W1205001926-R, Description: Fitting, one-piece, 10-32, Black. Thus, the whole set of the above mentioned part number is required to replace in tester. Required quantity to replace: 15 pieces | F31: Venture | H31: HuaZhen | J31: [08Feb19] Requested Chan to resend OESR with item price and state the reason to replace all 15 pcs together. [25Feb19] Replacing 12 pcs of fitting and noted it down as a Preventive Maintanance for replacing every 2 years | K31: No | L31: 2- Medium(<4 weeks) | M31: Close | N31: 13
A32: S190031 | B32: Manufacturing Engineering | C32: 43507 | D32: Sigmasure | E32: Sigmasure in Detector 186015034 Acquity UPC2 PDA On 02/08/2019 Sigmasure show 5 part number and 02/10/2019 Sigmasure show extra 6 part number (Additional of 279002225) request to remove. Please refer to attachment | F32: Flex | H32: Yee Hwa | J32: SS7 Corrected by Matt F on 12 Feb | K32: No | L32: 2- Medium(<4 weeks) | M32: Close | N32: 1
A33: S190032 | B33: Test Engineering | C33: 43510 | D33: CEIPNL1 | E33: Part Number label Printer was unable to power up after shutdown when i was cloning of the harddisk. I have check there was no power and the fan was not working. Suspect the power supply failure and i have checked with my MIS we did not have any similar power supply. Pls advice. Please see attached picture of the power supply. | F33: CEI | H33: HuaZhen | J33: [14Feb19] Informed Wang from CEI to collect power supply from Jie Hui and updatet the status [15Feb19] The PC is reovered after replacing PSU | K33: No | L33: 2- Medium(<4 weeks) | M33: Close | N33: 1
A34: S190033 | B34: Manufacturing Engineering | C34: 43510 | D34: Label Print | E34: ASP 279003278 Found WAT024406 (Label, Serial Shipping Label) content is illegible during assembly. Serial Number: A19998252A Root Cause: Mis-handling of Label ASP 279001743 Serial Number: A19TUV463A Found WAT024406 (Label, Serial Shipping Label) content is illegible after printing. Root Cause: Label printing defect. Request Waters personnel to assist to re-print label at Flex site. Qty: 2pcs | F34: Flex | H34: Yee Hwa | J34: Action completed. | K34: No | L34: 3- Low (> 4 weeks & above) | M34: Close | N34: 1
A35: S190034 | B35: Test Engineering | C35: 43511 | D35: TE83026 | E35: At the test step of Column LEDs, the frequency of color changing on both button LEDs is very fast and both inner LEDs color (red and green) are running parallel. Is it posssible to check color LEDs status one by one? Please help to evaluate it. Please kindly refer to the attached photo named "5049 Column LED test" for your reference. | F35: Venture | H35: HuaZhen | J35: [18Feb19] OESR 193130: This OESR will be added to the planned changes to TE83026 in second quarter this year. I might be able to perform the LED test sequentially, the control of those LEDs via the diagnostic port is a bit problematic due to the instrument firmware. But, I will see what can be done to improve it. In the meantime, it is important that the operator observes each LED lit both red and green as instructed prior to continuing the test. | K35: Yes | L35: 3- Low (> 4 weeks & above) | M35: Close | N35: 3
A36: S190035 | B36: Manufacturing Engineering | C36: 43514 | D36: 418000219 | E36: 2 pcs of Tool No: 418000219 ALIGNMENT SHELF, SAMPLE ORGANIZER found out of spec after the measurement and it was due long term slide in and out in the Z-axis assembly. With this wear and tear the shelf might not able to detect the slide in slide out issue during the assembly. Therefore, we would like to replace the shelf to improve the issue. | F36: CEI | H36: Yee Hwa | J36: Notification from CEI on Shelf replacement due to wear and tear. Requested CEI to update PM proc to include critical dimention check quarterly. No action require from WPPL. | K36: No | L36: 3- Low (> 4 weeks & above) | M36: Close | N36: 1
A37: S190036 | B37: Test Engineering | C37: 43514 | D37: TE83064 | E37: For all FTN units which were tested starting from 16-Feb-2019, "location" on test records shows as "CleanRoom, Milford,US" instead of "GES/Venture, SG". This happended on all FTN testers at Venture,GES. Please refers to attached pictures and attached file for affected unit serial numbers. | F37: Venture | H37: HuaZhen | J37: [19Feb2019] The address is updated. | K37: No | L37: 2- Medium(<4 weeks) | M37: Close | N37: 1
A38: S190037 | B38: Test Engineering | C38: 43515 | D38: TE82760 | E38: During FLR detector final test, Signal to Noise Ratio failure was one of the top failure after Raman/Rayleigh failure. The units are failed the 1st test with readings approximately zero (~0.00) and the 2nd test (retest) passed with over thousands (>1000). 55.56% of Signal/Noise Ratio failure are failed with readings nearly to "zero". As such, we would like to know what could be the root cause of this failure as it is beyond our knowledge and how to prevent this failure to improve our FPY. Refer to attachement for details. | F38: Venture | H38: HuaZhen | J38: [25Feb19] OESR 193148 raised [22Mar19] Eric asked a consistently failing unit but no such unit is exiisting so far. Sufern replied Matt about this FPY issue on 14 Mar 19 [03Jun19] Eric will update test program to enable diagnostic tool for troubleshooting [21Jun19] Park it as monitoring if there's no increament of failure rate | K38: Yes | L38: 3- Low (> 4 weeks & above) | M38: Close | N38: 3
A39: S190038 | B39: Test Engineering | C39: 43516 | D39: TE82943-18 | E39: Electronics Weigh Balance AND-HR200 SN 12326186 showing unstable reading during calibration on 100g and 200g and not able to perform calibration. The usage range requires only 60 to 85 grams. It does not affect the final result due to instability occur only above 100gram onwards. The AND-HR200 SN 1236186 has been taken-oy from the line and put to not in use | F39: Flex | H39: HuaZhen | J39: [01Mar2019] ITS was contacted for repair [08Mar2019] ITS asking a fialure video from Flex, so he can advise next course of actions. [24Jun2019] Joel will follow up with ITS about return of balance and clsoe this OESR | K39: No | L39: 3- Low (> 4 weeks & above) | M39: Close | N39: 92
A40: S190039 | B40: Manufacturing Engineering | C40: 43522 | D40: Label Print | E40: Certification of Functional Performance print error: Under the "Model" section, printed wording is showing "ACQUITY UPL8N9TUV DETECTOR" We tried re-printing it again but the problem persist. Refer to attached photo. | F40: Flex | H40: Yee Hwa | K40: No | L40: 3- Low (> 4 weeks & above) | M40: Close | N40: 2
A41: S190040 | B41: Manufacturing Engineering | C41: 43528 | D41: Label Print | E41: Certification of Functional Performance scan-print error: Under the description section, technician scan in the serial number instead of the description, causing the certification print-out is showing chassis serial number in the "Model" section. Root cause: Human-caused error Refer to attached photo. | F41: Flex | H41: Yee Hwa | J41: 6 mar - OESR-ed to Milford and fixed | K41: Yes | L41: 3- Low (> 4 weeks & above) | M41: Close | N41: 2
A42: S190041 | B42: Test Engineering | C42: 43529 | D42: TE82996 | E42: 1. TE82996 -Driver Rev.A adapter is used at the GTS1 test fixture TE82994-2, for the tesing of 210000368 and 210000904 CPSM Driver boards. 2.Total monthly production quantity was about 660 boards. 3. Base on manufacturer speciifcation for the 180 pin connector on the adapter board, the mechnaical durability is 100 mating cycles. 4. Due to the high usage for this adapter, we will like to request replacement of this adapter. | F42: CEI | H42: HuaZhen | J42: [08Mar2019] Requested CA to update the production impact to set priority. [01Apr2019] Received spare Adapaters from Milford and it's part of spare inventory now | K42: No | L42: 3- Low (> 4 weeks & above) | M42: Close | N42: 18
A43: S190042 | B43: Test Engineering | C43: 43530 | D43: TE82736 | E43: 1. Alliance Final Tester position below showing rejection due to Chemistry Test : Alliance FT 2 Position 3, Alliance FT 3 Position 2 and 3, Alliance FT 4 position 1,2 and 3. 2. There's inconsistent graph during PSI Ripple during Chemistry Test. Flex tried to flush using methanol but failure still remain so we reverse the column and right now is working. 3.Flex may need stanby replacement to avoid impact within the next 2 weeks. | F43: Flex | H43: HuaZhen | J43: [18Jun19] Need with check with Joel to further understand the case [24Jun19] New ECO9229823 - 735003902, ALLIANCE FINAL TEST SYSTEM PREVENTATIVE recommeneds to replace column if it's used more than 6 months. Advised Flex to follow this practice and close this case | K43: No | L43: 3- Low (> 4 weeks & above) | M43: Close | N43: 78
A44: S190043 | B44: Test Engineering | C44: 43531 | D44: TE83026 -2 | E44: TE83026-2 test PC could not power on. After investigating, no output power from PSU. In order to operate tester, PSU from spare tester was replaced with the faulty PSU in TE83026-2. | F44: Venture | H44: HuaZhen | J44: [08Mar2019] Venture managed to receoved tester by replacing a PSU from spare tester. No impact to production. [04Apr2019] A PSU sent to Vetnure for the Spare PC recovery | K44: No | L44: 3- Low (> 4 weeks & above) | M44: Close | N44: 19
A45: S190044 | B45: Test Engineering | C45: 43531 | D45: TE82964-1 | E45: 1. Problem Statement : TE82964-1 Not able to activate the Acquity Concole.exe for Power ON/Calibration of (TUV) 2. Acceptance criteria that is not met. (e.g. relevant specification number and revision) TE82864-1 not able to activate / open the Acquity Console thus not able to "Click RESET TUV" and calibrate as per TSP 735002130 Step 4.7 3. Flex try to recover by doing basic check disk and disk defragementation, Acquity Console still not able to open. 4. It will impact 36 units shipment on 11 March 2019 if not able to recover on-time. 5. Request for Waters help to config review or config the station Acquity Console software. | F45: Flex | H45: HuaZhen | J45: [08Mar2019] Flex managed to make tester running and monitoring performance now. No impact to production | K45: No | L45: 2- Medium(<4 weeks) | M45: Close | N45: 1
A46: S190045 | B46: Test Engineering | C46: 43532 | D46: TE83064-16 | E46: There was SPI interface test failed at Tester 16. After verification, it is found that failure was caused by PCBA 210000412 installed inside test box. There was no more production for PCBA 210000412 and it was replaced by 2100000969 in end 2016.Therefore, it cannot be repaired and retested. After replacing 210000412 with 210000969, tester can resume functional test without failure. Therefore, request replacement 2100000969 (Qty 1) for TE83064-16. Please refers to attached file for price info. | F46: Venture | H46: HuaZhen | J46: OESR 193202 [22Mar19] Rick was assigned to advise if Milford has concerns about this replacement [29mar19] No further action required. This is a like-for-like replacement. | K46: Yes | L46: 3- Low (> 4 weeks & above) | M46: Close | N46: 15
A47: S190046 | B47: Test Engineering | C47: 43539 | D47: TE83026 | E47: TMD010641 stated to use console to power on the AUX unit. However, started from 14th Mar, the AUX could not be powered on using console. Currently, the AUX is powered on using the test application and proceed to check 2 I-buttons LED functionality as per TMD010641 Rev 00 step 4. Moreover, console could not detect correct temperature reading which triggered heater cooler fail immediately without starting any measurement but it will pass in second time test. | F47: Venture | H47: HuaZhen | J47: OESR 193205 [22Mar19] Matt advised a method for the test and wait for venture to build & test with advised method. | K47: Yes | L47: 2- Medium(<4 weeks) | M47: Close | N47: 5
A48: S190047 | B48: Test Engineering | C48: 43539 | D48: TE83026 -2 | E48: During functional test, production encountered intermitted failure of "Leak Detector" test. On 14 and 15 of March, 1st test of every unit failed leak detector test although status light is green in leak detector measurment box at TE83026-2. All the first failed were retested and PASS. | F48: Venture | H48: HuaZhen | J48: OESR 193206 [22Mar19] Matt asked some questions and Sufern/Chan replied accordingly | K48: Yes | L48: 2- Medium(<4 weeks) | M48: Close | N48: 5
A49: S190048 | B49: Test Engineering | C49: 43543 | D49: TE82520 -1 | E49: 1. Problem Statement :TE82520-1 Workstation Computer for Alliance Carousel Carrier Drive Alignment Station is unstable when Boot-Up to Windows OS level. 2. Acceptance criteria that is not met: The station computer must be stable to Boot-up to Windows Level OS. Turning OFF the CPU for 15 mins and able to boot-up to WIN OS. Further check-up on the CPU Motherboard showing 4x Capacitors observed having bulging on top plate. (refer to attached photo). 3. Info on whether this issue impacts revenue : Alliance need to build 32 units per day. Without TE82520-1, the station can max. at 18 units per day. This will impact the revenue. | F49: Flex | H49: HuaZhen | J49: [22Mar19] Advised Joel to set up a spare PC for this tester [18Jun19] Check with Joel about the status of PC set up or a solution [24Jun19] Checked with Joel the tester is working fine so far and agreed to close this OESR. Will only open it again when the issue arised. | K49: No | L49: 3- Low (> 4 weeks & above) | M49: Close | N49: 69
A50: S190049 | B50: Manufacturing Engineering | C50: 43546 | D50: ASP 289004078 | E50: Would like to feedback on the below document ASP 289004078 Rev M Assembly, Sample Org W/LG Fan at Pg. 12 of 12. Recently the Intertek audit, he had highlighted the Ground Continuity and Hi-pot specification the font that was using was not correct. Please see ASP289004078 it show like Mega ohm instead of milli ohm. In fact was the font did not use correctly. Would like you to change the document to the font as highlighted in yellow box.Thank you | F50: CEI | H50: Yee Hwa | I50: =TODAY() -> 44230 | K50: No | L50: 3- Low (> 4 weeks & above) | M50: Close | N50: =NETWORKDAYS(C50,I50) -> 489
A51: S190050 | B51: Manufacturing Engineering | C51: 43549 | D51: 999028283 | E51: Step 2.19, operator is require to lift up the Fork tool and verify E-clip is fully seated in the piston groove. During the "lift up" the edge of the Fork tool breaks. Current on-hand there is 1 extra as spare. Therefore no impact to Production. Request to have 1 more as spare. | F51: Flex | H51: Yee Hwa | I51: 43712 | J51: [04Sep19] spare is in wppl. Close during eng meeting. | K51: No | L51: 3- Low (> 4 weeks & above) | M51: Close | N51: =NETWORKDAYS(C51,I51) -> 118
A52: S190051 | B52: Manufacturing Engineering | C52: 43549 | D52: 999028283 | E52: Step 2.19, operator is require to lift up the Fork tool and verify E-clip is fully seated in the piston groove. During the "lift up" the edge of the Fork tool breaks. Current on-hand there is 1 extra as spare. Therefore no impact to Production. Request to have 1 more as spare. | F52: Flex | H52: Yee Hwa | I52: 43712 | J52: [04Sep19] spare is in wppl. Close during eng meeting. | K52: No | L52: 2- Medium(<4 weeks) | M52: Close | N52: =NETWORKDAYS(C52,I52) -> 118
A53: S190052 | B53: Test Engineering | C53: 43553 | D53: WAT-11 | E53: There is no DC power supply output of the tester and suspected the power supply is get faulty. Please see attached photos of the power supply assembly with indicator in other word attachment. | F53: Venture | H53: HuaZhen | J53: [03Apr19] UK Waters ship the replacement PSU to Venture [04Apr19] PSU sent to Venture | K53: No | L53: 1- High(< 1 week) | M53: Close | N53: 5
A54: S190053 | B54: Test Engineering | C54: 43553 | D54: TE83026 -1 | E54: Test PC window XP could not be loaded on 29 March 2019 and tester is down currently. Hang at window XP loading step. | F54: Venture | H54: HuaZhen | J54: OESR 193232 [03Apr19] Matt is working on this repair after venture replaced PC with spare PC [22Apr19] Fixed by reload image from backup and VAF was completed for repair | K54: Yes | L54: 1- High(< 1 week) | M54: Close | N54: 17
A55: S190054 | B55: Manufacturing Engineering | C55: 43557 | D55: 515 Pump | E55: The 515 HPLC pump (x2) at the QDa Chemical Prep Lab and Engineering Lab are leaking oil as shown in the attached picture. The serial numbers of the two pumps are: 1) K13515586A 2) K06515972A | F55: WPPL | H55: Edwin | J55: [03Apr19] Sidd to source for a new Pump as replacement and arrange for current pump for repair as standby. Justification, the current pump is old and due to urgency to support chemical prep, Waters need to buy another pump. | K55: No | L55: 2- Medium(<4 weeks) | M55: Close | N55: 1
A56: S190055 | B56: Test Engineering | C56: 43557 | D56: TE83064 | E56: This OESR is to request BSM seal change evaluation PM for TE83064-10,11,12 and 13. As per schedule, above 4 testers are due to change BSM seal sets for all pump A & pump B after 6 months of annual PM which performed in Oct 2018. Request total 16 sets of BSM seal sets (4 sets per tester x 4 testers). Attached is price information for your reference. | F56: Venture | H56: HuaZhen | J56: [23Apr19] All the requested parts has been aproved to continue this evaludation. | K56: No | L56: 3- Low (> 4 weeks & above) | M56: Close | N56: 15
A57: S190056 | B57: Test Engineering | C57: 43557 | D57: TE83064-13 | E57: Blockage at 289006760 Assy Right Column Inlet Valve caused TE13 failed at Dynamic Leak Test with priming pressure high a few time in Mar 2019. Purged out and retested but it last for a few time testing and happen priming pressure high again. Therefore, request to provide a new piece of 289006760 (Qty1) for TE 13. Price information of 289006760 is unavailiable since it is provided by WPPL. | F57: Venture | H57: HuaZhen | J57: [04Apr19] A valve catridge sent to Venture | K57: No | L57: 2- Medium(<4 weeks) | M57: Close | N57: 2
A58: S190057 | B58: Manufacturing Engineering | C58: 43557 | D58: TB726 | E58: 4 of the screws thread holes are damage and this may affect the vacuum inside the chamber when performing baking. | F58: Venture | H58: Sid | J58: Test Rig Lid sent for rework and aso 20pcs of M5 screws sent provided to Alan | K58: No | L58: 2- Medium(<4 weeks) | M58: Close | N58: 26
A59: S190058 | B59: Manufacturing Engineering | C59: 43558 | D59: Label Print | E59: Instrument Serial label encounter missing text/incomplete icon. 1.WAT207000 515HPLC PUMP C19515442A 2.WAT207000 515HPLC PUMP C19515439A 3.186015032 Acquity UPLC PDA Detector D19UPD286A 4.186015032 Acquity UPLC PDA Detector D19UPD289A 5.186299800 2998 Photodiode Array Det C19998708A | F59: Flex | H59: JingXuan | K59: No | L59: 2- Medium(<4 weeks) | M59: Close | N59: 2
A60: S190059 | B60: Test Engineering | C60: 43558 | D60: Alliance Final Tester 3 | E60: 1. Problem Statement : Alliance Final Test Station 3 having frequent hang during Final Test execution . Refer to attached file. 2. Acceptance Criteria Not Met: The test station must be able to execute Final Tester of 4 units simultaneously without system hang during test . Not able to complete test an need to restart the CPU leaving down station 3. Info on whether this issue impacts revenue : No impact yet to revenue but sure one day will hit when the numbers are up. This is to prepapre for upsize of Alliance. | F60: Flex | H60: HuaZhen | I60: 43578 | J60: OESR 193244 [23Apr2019] Matt has changed settings on FT3 and monitoring the PC performance a month and feedback [07Jun19] Updated Matt about freq of hangs and seeking for advise about next action [24Jun19] Edwin comment - Huazhen to update [25Jun2019] Matt -- No new updates, I am still trying to understand the hang ups. I will let you know next steps soon… [04Sep2019] Sent another chaser to Matt [09Sep2019] Sent another with tracking record to Matt [10Sep2019] Matt -- Let me dig a little more. I am really hoping to be able to identify the issue… [19Sep2019] Emailed team here reviewed frequency of freeze and plan to load next 100 units on FT3 to verify the condition of tester. This action will take time to complete, therefore set this oesr to low priority [31 Oct 19] Joel to summarize and update the frequency of freeze [15Nov19] Matt was informed and he will look into it when back from holiday. | K60: Yes | L60: 3- Low (> 4 weeks & above) | M60: Close | N60: =NETWORKDAYS(C60,I60) -> 15
A61: S190060 | B61: Test Engineering | C61: 43560 | D61: TE82760-7 | E61: Binary HPLC pump, 186001525, instrument serial number: C1525P993A cannot communicate with P.C. work station. Perform verification on another test station: TE82760-5 still not able to communicate. [18Apr2019]Binary HPLC pump, 186001525, instrument serial number: C1525P993A cannot communicate with P.C. work station TE82760-7. Peform verification by connecting P.C. from TE82760-7 to the binary HPLC pump on TE82760-5 able to communicate. therefore the issue is on the binary HPLC pump. | F61: Venture | H61: HuaZhen | J61: [03Jun19] Tester is able to work on functionality wise, now checking with Milford regarding the test report [21Jun19] Need to raise OESR for report format Standardization [24Jun2019] Raised OESR 193411 [ Close current and issue new; | K61: Yes | L61: 3- Low (> 4 weeks & above) | M61: Close | N61: 67
A62: S190061 | B62: Manufacturing Engineering | C62: 43565 | D62: Label Print | E62: New quoted spare model not able to print product label fom Water server printer. 1) 700012240 2) 700012242 3) 700012243 4) 700012244 5) 700012245 | F62: Flex | H62: JingXuan | K62: No | L62: 2- Medium(<4 weeks) | M62: Close | N62: 29
A63: S190062 | B63: Test Engineering | C63: 43565 | D63: TE82882 | E63: 1. Problem Statement. - TE82882 PDA Final Test and TSP 735001613 Rev W does not have Spare OB PN 700012245 - Optics Bench, eLambda (On-Semi) and 700012243 - Assy, Optics Bench, 2998 (On-Semi) 2. Acceptance criteria that is not met. (e.g. relevant specification number and revision) - TE82882 PDA Final Test and TSP 735001613 Rev W must have to support Production run of the 2x Spare OB. 3. Relevant records (e.g. Incomin QA, Test Records, Photos, trackise NCRs numbers and related issue) - Relevant PDA Family Test Report for Spare Optic Bench have dedicated PN on the test station and TSP. 4. Info on whether this issue impacts revenue. - This impact the spare bench testing. | F63: Flex | H63: HuaZhen | I63: 43679 | J63: [18Jun2019] Eric technically fixed the reported issue from Joel and pending new VAF approval [24Jun2019] VAF was approved. Joel is checking with YH about the excution [25Jun2019] Edwin comment - to follow up [27Jun2019] Upgrade this to high for tracking as this affect production per Yong Hao's email 21st Jun 2019. Request Huazhen to provide daily update on status on the TEQ on the 2 TEQ reports. [01Jul2019] 3 IQ reports (1x TE82969 and 2x TE82882) were submitted by 28Jun(Friday) for review and another 3 IQ reports (TE82882-11, -13 and -14) submitted on 01Jul for review. -10 still has loss comm issue. Need to follow it up with Eric. [02Jul2019] Huazhen to follow up with Eric on repot for 1 x TE82969, 5 x TE82882 except TE82882 - 10. Loss comm on TE82882 -10. Huazhen to take a look and advice Eric. Alternative solution : To relief immediate pressue, may need a TMD to release spare using other testers. [04Jul2019] Sent all IQ reports for review and reminded Eric to approve. [08Jul2019] Sent a reminder to James/Eric for review [10Jul2019] Eric --I have submitted an ECR – signoffs should be imminent, providing the IQ support documents have been copied to SAP. HZ-- Sent another email to follow up this case [24Jul2019] Sent a follow up email to Eric to check status [25Jul2019] ECR released, checking with Eric if IQ review is still required. [02Aug2019] Both ECR and IQ validation are done. Flex will advise the new spare shipping date | K63: Yes | L63: 1- High(< 1 week) | M63: Close | N63: =NETWORKDAYS(C63,I63) -> 83
A64: S190063 | B64: Manufacturing Engineering | C64: 43567 | D64: Certificate Print | E64: Certification of Functional Performance printing : Under the "Model" section, printed wording is showing with missing text . 1.Serial D19VPD910A ACQUITY ARC 2998 PDA DET (Missing text E for DET) 2.Serial D19VPD914A ACQUITY ARC 2998 PDA DET (Missing text A for ARC) 3.Serial D1987E572A 2489 UV/VISIBLE DETECTOR (Missing text R for DETECTOR) 4.Serial D1987E575A 2489 UV/VISIBLE DETECTOR (Missing text 9 for 2489 and Missing S for VISIBLE) 5.Serial D1987E570A 2489 UV/VISIBLE DETECTOR (Missing text 2 for 1489 and Missing I for VISIBLE) 6.Serial D19TUV719A ACQUITY UPLC TUV DETECTOR (Missing text T for ACQUITY and Missing Spacing) 7.Serial D19TUV722A ACQUITY UPLC TUV DETECTOR (Missing text Missing Spacing) 8.Serial D19TUV721A (Missing E) | F64: Flex | H64: JingXuan | K64: No | L64: 2- Medium(<4 weeks) | M64: Close | N64: 2
A65: S190064 | B65: Test Engineering | C65: 43567 | D65: TE82760-5 | E65: System show "Serial Number Scanned does not match stored value Power Down unit". | F65: Venture | H65: HuaZhen | J65: OESR 193269 | K65: Yes | L65: 1- High(< 1 week) | M65: Close | N65: 8
A66: S190065 | B66: Manufacturing Engineering | C66: 43571 | D66: Certificate Print | E66: Certification of Functional Performance printing : Under the "Model" section, printed wording is showing with missing text . 1.Serial D19VPD911A ACQUITY ARC 2998 PDA DET (Miss Y for ACQUITY and Spacing on PDADET) Refer to attached photo. | F66: Flex | H66: JingXuan | K66: No | L66: 2- Medium(<4 weeks) | M66: Close | N66: 2
A67: S190066 | B67: Test Engineering | C67: 43573 | D67: TE82998-1 | E67: 1.Testing for 210000422 Vista Pump PCBA at GTS was down due to bad Degasser board in test fixture. 2. Request for one (1) replacement and two (2) spare degasser boards, p/n.725000459 Waters QPSI Degasser PCBA. | F67: CEI | H67: HuaZhen | J67: [22Apr2019] 1 for repair and 1 for spare. Collected by CA Tan | K67: No | L67: 2- Medium(<4 weeks) | M67: Close | N67: 4
A68: S190067 | B68: Manufacturing Engineering | C68: 43577 | D68: Label Print | E68: Re-print instrument Serial label WAT-024406 1. Alliance e2695 w/HC 18626506 (Outer Packaging dented). Serial Number C19SM4104A. 2. Detector Acquity UPLC TUV 186015031 (Replace box & Outer label). Seria Number A19TUV468A | F68: Flex | H68: JingXuan | K68: No | L68: 2- Medium(<4 weeks) | M68: Close | N68: 2
A69: S190068 | B69: Test Engineering | C69: 43573 | D69: TE82760 | E69: During FLR detector final test, Signal to Noise Ratio failure was one of the top failure after Raman/Rayleigh failure. The units are failed the 1st test with readings approximately zero (~0.00) and the 2nd test (retest) passed with over thousands (>1000). The purpose of this OESR is seeking advice from Milford/WPPL whether is there a way to capture all the functional test data during the test so that we can investigate any different test value during the failures occurred. | F69: Venture | H69: HuaZhen | J69: [18Jun2019] Duplicated OESR. Close | K69: No | L69: 3- Low (> 4 weeks & above) | M69: Close | N69: 46
A70: S190069 | B70: Manufacturing Engineering | C70: 43577 | D70: Label Print | E70: Re-print instrument Serial label WAT-024406 1. Alliance e2695 w/HC 18626506 (Outer Packaging dented). Serial Number C19SM4104A. 2. Detector Acquity UPLC TUV 186015031 (Replace box & Outer label). Seria Number A19TUV468A | F70: Flex | H70: JingXuan | K70: No | L70: 2- Medium(<4 weeks) | M70: Close | N70: 2
A71: S190070 | B71: Test Engineering | C71: 43577 | D71: TE82987-1 | E71: Perform preventive maintenance found Symantec Antivirus definition file is >30 days and cannot be updated. | F71: Venture | H71: HuaZhen | I71: 43670 | J71: [18Jun2019] Verify this issue with Hong Cheng and raise OESR if necessary [25Jun2019] Edwin - Check after Engineering meeting (27th Jun) [28Jun2019] No internet connection on 2 reported testers. Asked HC to get their IT personnel to fix this internet connection and update WPPL if the issue resolved. [4Jul2019] HC feedback their IT is not able to fix it. OESR 193426 raised [10Jul2019] Bill was assigned for this OESR [24Jul2019] This OESR is Close .1) Downloaded the latest Symantec Antivirus definitions ( stand alone installer ) 20190707-019-v5i32.exe. https://www.symantec.com/security_response/definitions/download/detail.jsp?gid=sep 2) Transferred installer into the local server Test Engineering folder. 3) Downloaded the installer to the TE82987-1 desktop. 4) Manual update: Ran installer as "te-1" (local administrator account). 5) Virus definitions are now up to date as of: Sunday, July 07, 2019 r19 | K71: Yes | L71: 3- Low (> 4 weeks & above) | M71: Close | N71: =NETWORKDAYS(C71,I71) -> 68
A72: S190071 | B72: Test Engineering | C72: 43579 | D72: TE82736 | E72: 1. Alliance Final Tester showing random failures of Carryover Test Failures , column in used is already 1 year old. 2. There's inconsistent graph during PSI Ripple during Chemistry Test and carryover test. Flex tried to flush using methanol but failure still remain. 3. Flex would like to request for evaluation using new column for tester 5, 4 positions . We need 4 column to perform evaluation to resolve the carryover test for tester 5 with 4 position and to include this for PM activity if provide positive result. Note: Shipment is impacted 24 Apr 2019 due to slow recovery of carryover test failure. | F72: Flex | H72: JingXuan | K72: No | L72: 2- Medium(<4 weeks) | M72: Close | N72: 1
A73: S190072 | B73: Test Engineering | C73: 43580 | D73: TB594 | E73: To perform baking for Beacon Inner Source, we require to install 2 filements with 2 screws. The filements and screws will be worn out around 50 to 70 units, as venture need to install and remove per unit. This is applicable when baking Outer Source as baking required both the outer source and inner source as a set. Presently, Venture only have 6 pcs of filements and screws (usage is 2 pcs per assembly) which is just sufficient for a full load of baking (3 units of 8 hours of baking). Venture request for additional sets in hand in case of unforseen damage or worn out, which will affect the capacity of the baking to meet shipment. | F73: Venture | H73: Sid | J73: Waiting for filaments to be provided by Paul M. 4 filaments with screws given to Alan | K73: No | L73: 2- Medium(<4 weeks) | M73: Close | N73: 7
A74: S190073 | B74: Test Engineering | C74: 43584 | D74: TE82943-19 | E74: 6-pin green phonix connector for QSM test is broken due to wear and tear of cable. Need to replace new one for TE82943-19 | F74: Venture | H74: Desmond | K74: No | L74: 2- Medium(<4 weeks) | M74: Close | N74: 5
A75: S190074 | B75: Test Engineering | C75: 43584 | D75: TE83064 | E75: For all BSM units at all FTN testers, P/N:289003706 (ASSY, CARTRIDGE, I2V, HEXANE/THFKIT) (2 per unit) are also installed. Since all 289003706 parts installed inside FTN testers are under non-comforming part date codes from 01-Apr-18 to 19 Apr-19. Therefore, we'd like to propose to change all the parts,289003706 (2 pcs per unit) with new good parts inside BSM units of FTN testers when they are available. Please advise the approval. | F75: Venture | H75: HuaZhen | J75: If it's within the suspect range, then change. Send a reply to GES | K75: No | L75: 2- Medium(<4 weeks) | M75: Close | N75: 2
A76: S190075 | B76: Manufacturing Engineering | C76: 43588 | D76: Drawing | E76: Waters consigned tool health checklist required to have updated tool drawing 1. Pump 25 tool drawing 2. Alliance 100 tool drawing 3. BSM 32 tool drawing 4. QSM 14 tool drawing 5. Detectors 41 tool drawing | F76: Flex | H76: Sufern | K76: No | L76: 2- Medium(<4 weeks) | M76: Close | N76: 1
A77: S190076 | B77: Test Engineering | C77: 43598 | D77: TE83064-13 | E77: FTN tester TE83064-13 has system overpressure (Pump A overpressure) due to blockage of column manager right valve inlet tubing. We tried to purge out the blockage and it was not successful. Please help to provide a new tubing P/N:430003154 to replace at TE13. There is no price information available for it since it is provided by Waters. Please take note that TE13 will not able to perform testing till P/N:430003154 is replaced. | F77: Venture | H77: HuaZhen | J77: [15May19] Asked Venture to collect tubing from WPPL | K77: No | L77: 2- Medium(<4 weeks) | M77: Close | N77: 2
A78: S190077 | B78: Test Engineering | C78: 43599 | D78: TE82882 | E78: 1. Problem Statement. - TE82882 PDA Final Test and TSP 735001613 Rev W does not have Spare OB PN 700012245 - Optics Bench, eLambda (On-Semi) and 700012243 - Assy, Optics Bench, 2998 (On-Semi) 2. Acceptance criteria that is not met. (e.g. relevant specification number and revision) - TE82882 PDA Final Test and TSP 735001613 Rev W must have to support Production run of the 2x Spare OB. 3. Relevant records (e.g. Incomin QA, Test Records, Photos, trackise NCRs numbers and related issue) - Relevant PDA Family Test Report for Spare Optic Bench have dedicated PN on the test station and TSP. 4. Info on whether this issue impacts revenue. - This impact the spare bench testing. | F78: Flex | H78: HuaZhen | J78: Duplicated OESR. Close | K78: No | L78: 2- Medium(<4 weeks) | M78: Close | N78: 0
A79: S190078 | B79: Test Engineering | C79: 43600 | D79: TE 83012-2 | E79: Repair worn out 210000345 ICT fixture on bottom access cause pin alignment issue between Interface Board. | F79: Flex | H79: HuaZhen | I79: 43745 | J79: [07Jun19] Advise Flex Senai to laise with Petracarbon for repair and claim under qauterly expense. [20Jun19] Senai to advise when this repair can be completed and OESR close [25jun2019] Edwin - Huazhen to advise by 26jun2019 [27Jun2019] KC - ICT fixture will preceed repair on 3July with VCCA validation [08Jul2019] Checked with Erzad/KC regarding repair status [10Jul2019] The fixtures were repaired and the verification is in progress | K79: No | L79: 2- Medium(<4 weeks) | M79: Close | N79: =NETWORKDAYS(C79,I79) -> 104
A80: S190079 | B80: Test Engineering | C80: 43600 | D80: TE82943 | E80: 1. Electronics Weigh Balance AND-HR200 SN 12326300 having missing segment on the LCD display . Refer to attached photo (Missing Segment 1 and 2). 2. Acceptance Criteria - LCD display shall have complete segment. Refer to attached photo (Complete Segment 1 and 2) 3. The station need replacement balance to avoid impact on validation to start by 03 Jun 2019. 4. The AND-HR200 SN 1236300 has been labeled Not-in-use. | F80: Flex | H80: HuaZhen | I80: 43728 | J80: [07Jun19] Waiting for ITS to update the repair arrangemnt [21Jun19] Joel will follow up this repair with ITS [25jun2019] - Huazhen- balance out for repair after IQ (update in to do list) [10Jul2019] Received quotation SGD 2006.25 for this LCD faulty repair [02Aug2019] Checking with Matt regarding the new model GR-200 weighing balance; OESR 193459 was raised [10Aug19] Asked Matt if he wants WPPL to purchase a GR-200 to try out [23Aug2019] Ed-- 21-Aug-2019: A discussion took place between Jaaffar Ismail, Matt Brule, and Ed Jackson. We decided to first pursue a direction of maintaining the HR-200 balances. We will ask Paul Deschenes next week if he can identify any spare balances throughout the building that we may be able to use to support the TE82943 testers. The long term solution, at least a year away, is to replace the TE82943 testers with a new design that will eliminate the balances by replacing them with flow meters. Ed J.. [04Sep19] Joel will arrange calibration today and update spare balance condition. If balance is working fine, then use spare balance to fix this repair [20Sep19] Joel reported the calibration done for spare balance by Meng Deng it's passing the calibration requirment. And Flex will use spare balance for this repair once having calbiration certification verified in FLex. | K80: Yes | L80: 3- Low (> 4 weeks & above) | M80: Close | N80: =NETWORKDAYS(C80,I80) -> 93
A81: S190080 | B81: Manufacturing Engineering | C81: 43601 | D81: Label Print | E81: nstrument Serial Number Printing: RMA Instrument Serial Number Label Need To Reprint Due To Carton Damaged. NCMR-SKW-00009532, RMA-SKW-00000090 1. Model: 186015001 S/N: A19UPB699A 2. Model: 186015001 S/N: A19UPB711A Refer To Attached. | F81: Flex | H81: JingXuan | K81: No | L81: 2- Medium(<4 weeks) | M81: Close | N81: 2
A82: S190081 | B82: Test Engineering | C82: 43602 | D82: TE82956-2 | E82: TE82956-2 cannot perform "Column Heater Test" due to Thermistor Error. During initializing of the test, Ambient Temp is shown as 130 (Deg.C) instead of ambient temperature. Please refers to attached screenshorts for reference. We have performed as below. 1) Checked all cable connections between tester & UUT and PC & Tester. No issue found. 2) Checked cables connection inside of tester.No issue found. 3) Shut Down and restart PC.Then,retested. Still having same failure. 4) Tried to test using (x3) differnet UUTs and still having same failure. Request the help on this tester issue. | F82: Venture | H82: HuaZhen | J82: [17May2019] OESR 193349 [21May2019] Asked Miflord to send data acquisition card for the intermittent issue observed during repair [18Jun2019] Recived data acquition card from Milford. Lwin asked onsite to verify if the intermittent issue is caused by this card. [21Jun2019] Board was sent to Venture by Sufern [25Jun2019] - Venture to update Huazhen by 26th Jun - can we Close by today [27Jun2019] After eng meeting, team agree to update Matt about verification result and get advice from Matt regarding original part searching and see if can close this OESR [01Jul2019] Matt -- Because it is a “like for like” replacement, I think it is OK to test. I do have some thermistors that I will send next week as well. [02Jul2019] To save email as evidence and monitor the thermistors replacement. Close OESR [04Jul2019] Matt's email saved on share driver OESR from CM 2019 folder. | K82: Yes | L82: 3- Low (> 4 weeks & above) | M82: Close | N82: 33
A83: S190082 | B83: Manufacturing Engineering | C83: 43607 | D83: TB573B | E83: Heater for channel 1,2 & 3 are not functioning. When the heater switch is turn on, the device is not heating up. Action perform by venture: 1. Restart the Test PC and reload the test firmware. 2. OFF and ON the Test Box. | F83: Venture | H83: Sid | I83: 43638 | J83: issue with thte wire rectified | K83: No | L83: 2- Medium(<4 weeks) | M83: Close | N83: =NETWORKDAYS(C83,I83) -> 23
A84: S190083 | B84: Manufacturing Engineering | C84: 43614 | D84: Label Print | E84: Instrument Serial Number Printing: RMA Instrument Serial Number Label need to reprint due to carton damaged and label overlay. NCMR-SKW-00009767, RMA-SKW-00000102 Model: 186015001 ACQUITY UPLC BSM MODULE rework on I2V Check Valve Cartridge 1.J18UPB576A 8.K18UPB599A 15.E18UPB506A 2.K18UPB607A 9.K18UPB609A 16.A19UPB682A 3.J18UPB575A 10.K18UPB600A 17.A19UPB687A 4.H18UPB570A 11.L18UPB654A 18.A19UPB691A 5.A19UPB690A 12.L18UPB655A 19.A19UPB692A 6.E18UPB503A 13.M18UPB657A 7.K18UPB602A 14.H18UPB567A | F84: Flex | H84: JingXuan | K84: No | L84: 2- Medium(<4 weeks) | M84: Close | N84: 2
A85: S190084 | B85: Test Engineering | C85: 43619 | D85: TE83064-10 | E85: FTN tester TE83064-10 has system overpressure due to column 4 blockage. We tried to purge out for a few times and now it can't be purged out anymore. Therefore, request a new column 4 for this tester 10. Price information of column 4 is not available since it is provided by Waters. | F85: Venture | H85: HuaZhen | J85: [03Jun19] A column will be collected by Venture | K85: No | L85: 2- Medium(<4 weeks) | M85: Close | N85: 1
A86: S190085 | B86: Test Engineering | C86: 43623 | D86: TE83064-17 | E86: There was "Test Event Outputs" failure at FTN tester TE83064-17 with note "Inject Close state failed". Attached file is failure verification steps that were performed. Based on verification results, failure is following to NI PCI-6220 at tester TE17 PC. | F86: Venture | H86: HuaZhen | J86: [07Jun19] The tester down due to NI card no response. Need to find a replacement card for this repair [18Jun19] Found a spare in WPPL for verification and asked Venture to source a replacement of this card [21Jun19] spare NI card was sent to Venture for verification by Sufern [25Jun2019] - Venture to update Huazhen by 26th Jun [27Jun2019] Venture verified NI card was faulty and still trying to get quotation from NI. Agree to close this OESR | K86: No | L86: 2- Medium(<4 weeks) | M86: Close | N86: 10
A87: S190086 | B87: Test Engineering | C87: 43619 | D87: spare | E87: 1. Problem Statement. - Tester has been identified as potential line stopper and may take longer recovery need to have standby spare part in Flex or at least in WPPL. 2. Acceptance criteria that is not met. (e.g. relevant specification number and revision) - Target recovery is at least 3 working days if below spare parts within reach such a the following: * Zilog Micro Controller for TE 82534, TE 82507-2 and TE82503 3. Relevant records (e.g. Incomin QA, Test Records, Photos, trackise NCRs numbers and related issue) - Waters Continous Improvement Plan 4. Info on whether this issue impacts revenue. - may impact revenue if not able to recover tester in time. | F87: Flex | H87: HuaZhen | J87: [18Jun19] Reviewed spare list and it's similar to tester health check. Milford replied they have spare tester in case the tester down during last communication with Milford regarding these spare parts for tester health review. | K87: No | L87: 3- Low (> 4 weeks & above) | M87: Close | N87: 11
A88: S190087 | B88: Manufacturing Engineering | C88: 43629 | D88: Packaging | E88: Packing Process Instruction For both below document 1.186269505 ASSY, e2695 WITHOUT HEATER/COOLER and 2.18626506 ASSY, e2695 WITH HEATER/COOLER. Both ASP WAT270328 KIT, CAROUSEL ASSY label paste on top of the box (290002238). But 290002238 at FuYu paste at side of the box as per drawing . Propose to uprev both ASP to paste WAT270328 at side of the box. | F88: Flex | H88: JingXuan | J88: ECO9230120 is raised. | K88: No | L88: 2- Medium(<4 weeks) | M88: Close | N88: 1
A89: S190088 | B89: Test Engineering | C89: 43633 | D89: TE82961-2 | E89: Tester TE 82961-2 program unable to rtest due to error with 'Personality Bd. failed to initialize properly'. Request for waters help to reviews tester system configuration will impact production shiptment 17 Jun 2019 | F89: Flex | H89: HuaZhen | J89: [18Jun2019] Emailed to Joel to work with Erzad on 1st level troubleshooting and advise the impact to Flex Kallang. [20Jun2019] Issue is due to jumper missing, Fixed | K89: No | L89: 1- High(< 1 week) | M89: Close | N89: 3
A90: S190089 | B90: Test Engineering | C90: 43633 | D90: TE82940 | E90: Tester TE 82940 unable to power up due to power supply defect. Request for replacement power supply, provide by Flex Kallang. | F90: Flex | H90: HuaZhen | J90: [18Jun2019] Emailed to Erzad to get a replacement power supply from Flex Kallang; [20Jun2019] Senai advise the target close date. [25Jun2019] Huazhen to update status and close | K90: No | L90: 2- Medium(<4 weeks) | M90: Close | N90: 5
A91: S190090 | B91: Test Engineering | C91: 43633 | D91: TE82895-0 | E91: Tester TE 82895 software unable to run due to disk space full ('C' folder). Temporary action backup a few data transfer to folder 'D'. Request for waters help to reviews configuration data on disk Big size folder location : C:\Empower\Oracle\admin\WAT6\bdump. | F91: Flex | H91: HuaZhen | J91: [18Jun2019] Need to check Flex Senai about details of data and raise an OESR to Milford if necssary [21Jun2019] check the issue onsite and going to raise OESR [24Jun2019] OESR 193410 was raised to Milford [01Jul2019] Checked with Bill Bates regarding these *.trc files [04Jul2019] Bill replied thse trc file can be deleted. He will set up a routine task for system to delete it. | K91: Yes | L91: 3- Low (> 4 weeks & above) | M91: Close | N91: 11
A92: S190091 | B92: Test Engineering | C92: 43628 | D92: TE83064-14/17 | E92: This OESR is to request BSM seal change evaluation PM for TE83064-14,15,16 and 17. As per schedule, above 4 testers are due to change BSM seal sets for all pump A & pump B after 6 months of annual PM which performed in Jan 2019. Request total 16 sets of BSM seal sets (4 sets per tester x 4 testers). Attached is price information for your reference. | F92: Venture | H92: HuaZhen | J92: [18Jun2019] Emailed Lwin to arrange the PM according to the plan and continue monitor the system downtime | K92: No | L92: 2- Medium(<4 weeks) | M92: Close | N92: 4
A93: S190092 | B93: Manufacturing Engineering | C93: 43636 | D93: Label Print | E93: nstrument Serial Number Printing: RMA Instrument Serial Number Label Need To Reprint Due To Carton Damaged. NCMR-SKW-00009668, RMA-SKW-00000097 Model: 186269506 S/N: E19SM4654A Model: 186269506 S/N: E19SM4659A Model: 186269506 S/N: E19SM4694A Model: 186269506 S/N: E19SM4886A NCMR-SKW-00010234 Model: 186015080 S/N: D19QSP979A | F93: Flex | H93: JingXuan | J93: Printed on 20th Jun 2019 | K93: No | L93: 2- Medium(<4 weeks) | M93: Close | N93: 2
A94: S190093 | B94: Test Engineering | C94: 43640 | D94: TE82760 | E94: TSP735000615 Rev P, page 8 of 9, the TSP is missing a step during keypad test after passing the functional test . For 2475 mode, we need to set the date for the lamp installed. Press “DIAG”, “7” ,” 1” as per red line TSP attached. Please help to feedback to Milford Engineer to review this step. | F94: Venture | H94: HuaZhen | J94: [24Jun19] Sent red line TSP to Eric for additional test steps. OESR 193413 [02Jul19] Check with Chau if it in queue to update or will wait for further update? [04Jul19] Emailed Eric to advise the plan for this change [10Jul19] Eric -- this change is going to result in moving the TSP to the latest format and performing spec alignment, which can be a lengthy process. I cannot commit to a date at this time. | K94: Yes | L94: 3- Low (> 4 weeks & above) | M94: Close | N94: 12
A95: S190094 | B95: Test Engineering | C95: 43641 | D95: TE82760-7 | E95: New Tester report print out format is slight different from the old testers. | F95: Venture | G95: Hua Zhen | H95: HuaZhen | I95: 3- Low (> 4 weeks & above) | J95: [27Jun19] OESR 193411 was raised; [28Jun19] Emailed Eric about timeline to update report template. [01Jul19] Eric -- a six month period should be adequate [02Jul19] Huazhen - to raise TMD with 6 month validity [04Jul19] Revised TMD form and going to submit form for approval if no reply from Eric by next week [10Jul19] Submitted TMD010681Ver00 for approving [22Jul19] TMD010681Ver00 is released | K95: Yes | L95: 3- Low (> 4 weeks & above) | M95: Close | N95: 16
A96: S190095 | B96: Test Engineering | C96: 43642 | D96: TE82882 -10 | E96: 1. Problem Statement. TE82882-10 have loss communication failure to all position (Position 1, 2, 3, and 4). 2. Acceptance criteria that is not met. (e.g. relevant specification number and revision) Final Testing no able to proceed to do the Noise Test and Drift Test to all model in used. 3. Relevant records (e.g. Incomin QA, Test Records, Photos, trackise NCRs numbers and related issue) Refer to attached Final Test Report. 4. Info on whether this issue impacts revenue No impact to revenue as other test station able to support the build and test, however test station qualification not able to proceed to other model (eg 700012245) due to loss communication during test | F96: Flex | H96: HuaZhen | J96: [25Jun2019] Need to understand more about this issue [27Jun2019]OESR 193421, Asked Eric to advise the repair of this loss comm issue [01Jul2019] Joel verified Eric's advice and feedback the system is still having issue with communication. Sent an email to Eric see if can use the other station PC image to fix this issue TE82882 -10 only affect loss comm on eLamdba models. [04Jul2019] emailed Eric about the way to increase database size and going to close this repair [05Jul2019] To close this OESR but follow up with Eric on how to check the data table for overflow [22Jul2019] Forwarded email to Edwin [24Jul2019] Saved the email to OESR folder | K96: Yes | L96: 2- Medium(<4 weeks) | M96: Close | N96: 18
A97: S190096 | B97: Test Engineering | C97: 43650 | D97: TE83026 | E97: The expiry date of TMD010641 is 31 Aug 2019. Will Waters extend this TMD or upgrade test software to reflect the LED testing? Please kindly advise the estimated date if new software is to be updated. | F97: Venture | H97: HuaZhen | J97: [04Jul19] Sent email to Matt asking if going to extend TMD010641 or upgrade testerc [24Jul19] Matt: I had hoped to get things done by then, but I may have to extend. I will update as the deadline gets closer. {02Aug2019] Matt: The schedule has slipped for this update. Activity should start soon. It will be a update to the test software to operate of Windows 10, correct numerous OESRs, replace some of the tester hardware with ‘standard’ USB hardware, etc. I will update as the project gets going and progresses. I will likely need to extend the TMD and will look at doing that soon. [23Aug2019] Reminder sent to Matt regarding expiring of TMD [02Sep2019] Matt will revise an expering date and send for approval [11Sep2019] Extended TMD approved, need to check software update in Q12020 | K97: No | L97: 2- Medium(<4 weeks) | M97: Close | N97: 1
A98: S190097 | B98: Test Engineering | C98: 43650 | D98: TE83064-17 | E98: There was BSM pressure unstable occurred at TE17. Priming BSM cannot help to resolve.And failure is also not due to BSM seal leakage. After changing i2V check valve (289003706,Assy, Cartridge, I2V, Hexane/THF) at pump B primary, BSM pressure was stable. I'd like to request for replacement of i2V check valve P/N:289003706. Price information for this part is attached for reference. | F98: Venture | H98: HuaZhen | J98: [04Jul19] emailed Lwin to proceed with replacement; Advised her to avoid this re-occuring. | K98: No | L98: 2- Medium(<4 weeks) | M98: Close | N98: 1
A99: S190098 | B99: Test Engineering | C99: 43654 | D99: Probe | E99: The following probes are in bad condition, the sensor tips have dropped/sinked in:- Probe ID - 30231/405006555/T100283BC/405005883 Part Number List - M945814BD/1, 405005883, 405006555, M046699BD/1 | F99: Richport | H99: Sid | J99: 4 Probes given to Richport on 16July 2019: 1) AN30229 Resistance test Probe 2) T100282BC1 Resistance Test Probe 3) T100283BC1 Resistance Test Probe 4) AN30251 Resistance Test Probe | K99: No | L99: 2- Medium(<4 weeks) | M99: Close | N99: 2
A100: S190099 | B100: Test Engineering | C100: 43655 | D100: TE82995 -2 | E100: Tester 82995-2 was having failures due to "seal force sensor h/w fault". Afterverifying, it was due to 279001865 (ASSY LOAD CELL CABLE) wear and tear. This cable is required to be replaced. After replacing this cable, tester 82995-2 can perform testing without causing test failed due to "seal force sensor h/w fault". Therefore, requested a replacement of P/N:279001865 (Qty 1). | F100: Venture | H100: HuaZhen | J100: [10Jul19] Replied Lwin to replace this cable. | K100: No | L100: 2- Medium(<4 weeks) | M100: Close | N100: 1
A101: S190100 | B101: Test Engineering | C101: 43655 | D101: TE83064-15 | E101: There was Chemistry Precision Area test failure at TE15. The failure was due to split peaks. Column's filter frit was changed and retest. Still having split peaks. Column was purged out with Methanol and retested.Still having split peaks. There was no high system pressure during the test. After swapping column 4 and retested. There was no split peaks. Therefore, request to replace column 4 (P/N:186002350) for TE15. | F101: Venture | H101: HuaZhen | J101: [10Jul19] A column passed to Venture to continue the production. Will verify the column condition when available | K101: No | L101: 2- Medium(<4 weeks) | M101: Close | N101: 1
A102: S190101 | B102: Test Engineering | C102: 43656 | D102: TE83064-14 | E102: There was severe leakage at Pump A and Transducer Range Error at Pump B of TE83064-14 in the last week of Jun 19. Please refers to attached files for failure verification and price information. TE14 can resume functional test on 27 Jun 19. OESR is raised now because we performed its function with both I Class (x3 units) and H Class (x3 units). | F102: Venture | H102: HuaZhen | J102: [12Jul19] sent an acknolegment of the parts replacement. | K102: No | L102: 2- Medium(<4 weeks) | M102: Close | N102: 2
...

Sheet 2020
A1: Log Number | B1: Engineering Group | C1: OESR Date Received | D1: TE Tool No | E1: Problem Summary | F1: Site | G1: Originator | H1: Assignee 2 (WPPL) | I1: Date Completed | J1: Remark/Closure | K1: OESR to Milford | L1: 1- High(< 1 week) | M1: STATUS | N1: Time for closure (Days)
A2: S20001 | B2: Manufacturing | C2: 43836 | D2: ASP | E2: 1. CEI to review every half yearly on the ASP and TSP for CPSO and ASO for any change in revision at Waters Portal. However we could not access the ASP and TSP recently. Could you help to advise CEI. Thankyou. | F2: CEI | G2: Jason Wang | H2: Su Fern | I2: 43896 | J2: [15Jan20] SF raised BT request on this matter. [21Feb20] BT working in progress [06Mar20] Desmond -- Close this OESR as it's tracked under BT ticket. | K2: No | L2: 2- Medium(<4 weeks) | M2: Close | N2: =NETWORKDAYS(C2,I2) -> 45
A3: S20002 | B3: Manufacturing | C3: 43838 | D3: 44K-040 | E3: Description : Required to perform Dummy load test before testing of units. Steps of Analysis : 1) Change to another Pat and Flash, No trouble found. 2) Change to another power source, No trouble found Will not impact to any shipment at the moment as there is another tester which can support thr test. Attachment : Photos of errors message found | F3: Venture | G3: Alan Oh | H3: Siddharth | I3: 43872 | J3: [09 Jan 20] Spoken to Will Hudd in Wilmslow about the issue. He mentioned that we will have to replace the resistor. He will give me the value once he has calculated it. [30Jan20] The resistor value across the leads has been changed from 92.5kohms to 82.2kohms. The dummy load now works correctly. This is a temporary fix. [31 Jan 20] Will Hud has posted the new resistors that will replace the existing resistors. It will arrive in Singpaore on 3rd/4th Feb. [11 Feb2020] Venture received the resistors from Will Hudd during lunch time. Installed it on the dummy load and verified. Both testers show a value of 2.56 mA and 2.59mA respectively (Spec >2.50mA). Both the tester is functioning correct, hence can close OESR | K3: NO | L3: 2- Medium(<4 weeks) | M3: Close | N3: =NETWORKDAYS(C3,I3) -> 25
A4: S20003 | B4: Test | C4: 43840 | D4: TE82526-1 | E4: 1. Problem Statement. - TE82526-1 Pump Tray Tester Not flow solvent due to defective BSDA025T-NC-PV (ShutOff Valve) . - Shutoff Valve showing broken diaphragm (refer to attached photo.) 2. Acceptance criteria that is not met. (e.g. relevant specification number and revision) - TE82526-1 must be able to flow solvent during seal wash test 3. Relevant records (e.g. Incomin QA, Test Records, Photos, trackise NCRs numbers and related issue) - N/A 4. Info on whether this issue impacts revenue - Build for the next 2 weeks is enough for 2x unit of Pump Tray Tester | F4: Flex | G4: Joel | H4: Hua Zhen | I4: 43840 | J4: [10Jan20] Advise Flex to collect the spare part and find a way to prevent recurring | K4: NO | L4: 1- High(< 1 week) | M4: Close | N4: =NETWORKDAYS(C4,I4) -> 1
A5: S20004 | B5: Test | C5: 43843 | D5: TE83064-14 | E5: Description : Assembly Welded Tube (P/N:430003154) was broken due to wear and tear at FTN tester TE83064-14. Steps of Analysis : Tubing was broken due to wear and tear during new test tubing change. Shipment Impact : No shipment impact due to this. Estimated Date : NA Additional Time needed for analysis : NA Attachment : Photos of tubing sample and broken evidence. No price information is available | F5: Venture | G5: Lwin | H5: Hua Zhen | I5: 43843 | J5: [17Jan20] Parts collected as per request | K5: NO | L5: 2- Medium(<4 weeks) | M5: Close | N5: =NETWORKDAYS(C5,I5) -> 1
A6: S20005 | B6: Manufacturing | C6: 43845 | D6: NA | E6: Instrument Serial Number Printing: Instrument Serial Number print out with barcode with broken line) 1. Model: 186269506 ASSY, e2695 WITH HEATER/COOLER S/N: A20SM4286A (Barcode with broken line) | F6: Flex | G6: Gary | H6: Hua Zhen | I6: 43845 | J6: [17Jan20] Reprint collected as per request | K6: NO | L6: 1- High(< 1 week) | M6: Close | N6: =NETWORKDAYS(C6,I6) -> 1
A7: S20006 | B7: Manufacturing | C7: 43845 | D7: NA | E7: Description: Instrument serial number label: A20SMH581G & A20SMH605G need reprint. Steps of Analysis: 1: 1st piece print out after change ribbon. 2: Label printing incomplete. Affected Part No & Qty need for replacement: 186186301, qty 2. Shipment Impact: NA Estimated Date: NA Additional Time needed for analysis: NA | F7: Venture | G7: Hong Cheng | H7: Su Fern | I7: 43845 | K7: NO | L7: 1- High(< 1 week) | M7: Close | N7: =NETWORKDAYS(C7,I7) -> 1
A8: S20007 | B8: Manufacturing | C8: 43845 | D8: NA | E8: Instrument Serial Number Printing: Instrument Serial Number Label need to replace due broken pallet at Waters Distribution Centre. IDR :190856 Model: 186015080 ACQUITY UPLC H-Class PLUS QSM S/N: G19QSP507A | F8: Flex | G8: Gary | H8: Hua Zhen | I8: 43845 | J8: [17Jan20] Reprint collected as per request | K8: NO | L8: 1- High(< 1 week) | M8: Close | N8: =NETWORKDAYS(C8,I8) -> 1
A9: S20008 | B9: Manufacturing | C9: 43861 | D9: NA | E9: SigmaSure system down, unable to capture parts number serial in system. Currently flex use in-house Traceability to record. Affected on Detector and QSM family. | F9: Flex | G9: Gary | H9: Guan Yee | I9: 43861 | K9: NO | L9: 1- High(< 1 week) | M9: Close | N9: =NETWORKDAYS(C9,I9) -> 1
A10: S20009 | B10: Manufacturing | C10: 43861 | D10: NA | E10: Instrument Serial Number Printing: Instrument Serial Number Label printing misalignment 1. Model: 289000560 S/N: A20SHC571A | F10: Flex | G10: Gary | H10: Guan Yee | I10: 43861 | K10: No | L10: 1- High(< 1 week) | M10: Close | N10: =NETWORKDAYS(C10,I10) -> 1
A11: S20010 | B11: Manufacturing | C11: 43866 | D11: NA | E11: Description: To reprint serial number label for 186015082 x1 (S/N J19BSP916G) shipped from GDC to ADC was damaged in transit. This unit was required to inspect, retest and reprint out serial number as per stated in NCR report as attached.. Shipment Impact: Yes Estimated Date: 12th Feb 2020 Attachment: NCR-SG200103 (Approved plan).pdf | F11: Venture | G11: Chua | H11: Desmond | I11: 43871 | K11: No | L11: 1- High(< 1 week) | M11: Close | N11: =NETWORKDAYS(C11,I11) -> 4
A12: S20011 | B12: Test | C12: 43866 | D12: TE82882-11 | E12: 1. Problem Statement. -PDA Final Test System TE82882-11 Not able to login from Empower using username "system' and password "metsys". 2. Acceptance criteria that is not met. (e.g. relevant specification number and revision) - Must be able to login using username "system" and password "metsys" and execute PDA Final Test. 3. Relevant records (e.g. Incomin QA, Test Records, Photos, trackise NCRs numbers and related issue) - N/A 4. Info on whether this issue impacts revenue - No impact as available tester able to test as per demand required. | F12: Flex | G12: Joel | H12: Hua Zhen | I12: 43867 | J12: [6Feb20] Flex restored image and fixed the issue. Closed | K12: NO | L12: 2- Medium(<4 weeks) | M12: Close | N12: =NETWORKDAYS(C12,I12) -> 2
A13: S20012 | B13: Test | C13: 43869 | D13: TE82988-2 | E13: 1. Problem Statement. -210000414 at FCT GTS tester facing POS11 Failed. Actual Reading 1.0V ,Hi- 11.2 Lo-10.8 -210000415 at FCT GTS tester facing Motor Drive Failed. Check hold State- Winding 2 Actual Reading 23.984, Hi-10 Lo-0. 2. Acceptance criteria that is not met. (e.g. relevant specification number and revision) - Must be able to pass pcba FCT testing. 3. Relevant records (e.g. Incomin QA, Test Records, Photos, trackise NCRs numbers and related issue) - N/A 4. Info on whether this issue impacts revenue -Impact on 21000345, 21000415, 21000414 and 21001164 | F13: Flex | G13: Bernard | H13: Hua Zhen | I13: 43875 | J13: [11Feb20] 210000414- PASSED. Original CPU Card repaired by changing U16 and U18. 210000415- PASSED(11/02/2020). Original CPU Card repaired by changing burned L1. [14Feb20] The tester is working and pending for spare parts from Milford under existing OESR 203852 | K13: Yes | L13: 1- High(< 1 week) | M13: Close | N13: =NETWORKDAYS(C13,I13) -> 5
A14: S20013 | B14: Manufacturing | C14: 43872 | D14: NA | E14: Instrument Serial Number Printing: Instrument Serial Number print out with Missing barcode) 1. Model: 186248900 2489 UV/Visible Detector S/N: B2087E674A (Missing Barcode ) | F14: Flex | G14: Gary | H14: Guan Yee | I14: 43872 | J14: Reprinted | K14: No | L14: 1- High(< 1 week) | M14: Close | N14: =NETWORKDAYS(C14,I14) -> 1
A15: S20014 | B15: Manufacturing | C15: 43873 | D15: NA | E15: Description: Instrument serial number label: B20UPF586G need reprint. Steps of Analysis: Poor printing, found wording "r" smudge. Affected Part No & Qty need for replacement: 186015029, qty 1. Shipment Impact: NA Estimated Date: NA Additional Time needed for analysis: NA | F15: Venture | G15: Hong Cheng | H15: Su Fern | I15: 43875 | J15: Reprinted | K15: NO | L15: 1- High(< 1 week) | M15: Close | N15: =NETWORKDAYS(C15,I15) -> 3
A16: S20015 | B16: Manufacturing | C16: 43879 | D16: NA | E16: Description: Instrument serial number label: B20CHA015G & B20CHA016G need reprint. Steps of Analysis: Poor printing, found wording "r" smudge. Affected Part No & Qty need for replacement: 186015042, qty 2. Shipment Impact: NA Estimated Date: NA Additional Time needed for analysis: NA | F16: Venture | G16: Hong Cheng | H16: Yee Hwa | I16: 43879 | J16: Reprinted | K16: No | L16: 1- High(< 1 week) | M16: Close | N16: =NETWORKDAYS(C16,I16) -> 1
A17: S20016 | B17: Test | C17: 43881 | D17: TE82988-12 | E17: Description :TE82988 COMPUTER STATION ,POWER ON BUT NO DISPLAY Steps of Analysis : 1. Check the power supply cable connection ( no issue ) 2. Disconnect and connect the power supply from the motherboard and Power ON all mother FAN is ON but still no display POWER LED is OFF 3. Disconnect the HDD /DVD Rom and power ON still no display. 4. Connect to 3 different LCD monitor but also no display. Affected Part No & Qty need for replacement :TE82988-12 COMPUTER station for model W1210001115 Shipment Impact :YES Estimated Date :NA Additional Time needed for analysis : Attachment : Yes / No, refer to COMPUTER STATION MODEL INFO.JPG | F17: Venture | G17: Ricky Cortez | H17: Hua Zhen | I17: 43887 | J17: [20Feb20] Asked Venture to try duplicating a working PC by using backup image. [21Feb20] OESR 203967 was created for this repair . Milford redirect the OESR to UK Waters. Troubleshooting is in progress [28Feb20] Venture found a similar PC to continue the production and sending the this PC to Waters UK for repair. No actions from Waters Singapore. Close this case | K17: Yes | L17: 1- High(< 1 week) | M17: Close | N17: =NETWORKDAYS(C17,I17) -> 5
A18: S20017 | B18: Test | C18: 43886 | D18: TE82839 | E18: down time 19 Feb to 21Feb 2020 1) Racal TE#82839 210001161 PERSONALITY 2200 ELEVATOR (RoHS) PCBA WA9910-0000-7044-G unable to test due to Power up initialization test Fail. Vref measured 0V spec. 4.09V to 4.103V. Finding: VXI slot 1260-120 card 138 Mux relay card Racal instruments 415156 Rev A cage codeS/N:00050578 relay K64 measured 1.8ohm [normal 0 ohm] lead solder no wetting. see attached relay card picture. The last down time for this Mux relay card is on 4Oct to 9oct 2019 due to relay K72 contact open -resolved by tapping on K72 to close the contact. 2) During the troubleshooting process, we notice one of three 24V Fan on VXI system Fan very noisy and sometimes Fan stop rotating, need help to get it spin. see attached Fan picture. | F18: CEI | G18: Liu Dejia | H18: Hua Zhen | I18: 43889 | J18: [28Feb20] CEI to confirm if the FAN is faulty, then source/replace this faulty FAN. Regarding MUX Relay card, do repair/replace the faulty relay when needed. | K18: No | L18: 1- High(< 1 week) | M18: Close | N18: =NETWORKDAYS(C18,I18) -> 4
A19: S20018 | B19: Manufacturing | C19: 43888 | D19: NA | E19: Instrument Serial Number Printing: Instrument Serial Number print out with broken with on description) 1. Model: 186269505 e2695 Sep Mod w/o H/C S/N: B20SM7339A (Broken line on description) | F19: Flex | G19: Gary | H19: Guan Yee | I19: 43888 | J19: [27 Feb20] label reprinted | K19: No | L19: 1- High(< 1 week) | M19: Close | N19: =NETWORKDAYS(C19,I19) -> 1
A20: S20019 | B20: Test | C20: 43892 | D20: TE83064-15 | E20: Description : Leakage at BSM system of FTN tester.Leakage found at both pump A (primary) and pump B (accumulator). Steps of Analysis : 1.Change BSM seal of pump B (Accumulator). Verified and still leak. 2.Change BSM vent valve and verified. no more leakage at pump B (Accumulator).But still have leakage at pump A (primary). 3.Changed seal wash housing (due to leakage and dent) and 4.Changed pump head of pump A (primary) due to plating issue. Shipment Impact : No shipment impact due to this. Estimated Date : NA Additional Time needed for analysis : functional of TE15 has been verified with both I Class and H Class units. Results are ok. Attachment : Photos of leakage results, BSM seal dent and plating issue at pump head. | F20: Venture | G20: Lwin | H20: Hua Zhen | I20: 43893 | J20: [03Mar20] BSM is fixed by replacing parts. Closed | K20: No | L20: 2- Medium(<4 weeks) | M20: Close | N20: =NETWORKDAYS(C20,I20) -> 2
A21: S20020 | B21: Test | C21: 43895 | D21: TE82882-11 | E21: Problem Statement. -PDA Final Test System TE82882-11 Not able too into WinOS due to corrupted WinOS (pls refer to attached photo) - tried to used the back-up from Acronis Imaging software but not able to activate the image. 2. Acceptance criteria that is not met. (e.g. relevant specification number and revision) - Must be able to login using to Win OS. 3. Relevant records (e.g. Incomin QA, Test Records, Photos, trackise NCRs numbers and related issue) - N/A 4. Info on whether this issue impacts revenue - No impact as available tester able to test as per demand required. | F21: Flex | G21: Joel | H21: Hua Zhen | I21: 43895 | J21: [05Mar20] PC is working now. Closed | K21: No | L21: 2- Medium(<4 weeks) | M21: Close | N21: =NETWORKDAYS(C21,I21) -> 1
A22: S20021 | B22: Test | C22: 43895 | D22: TE82839 | E22: down time 19 Feb to 21Feb 2020 1) Racal TE#82839 210001161 PERSONALITY 2200 ELEVATOR (RoHS) PCBA WA9910-0000-7044-G unable to test due to Power up initialization test Fail. Vref measured 0V spec. 4.09V to 4.103V. 2) 1260-100 , PN.407655-01T (Adapt A-Switch Carrier module with 4 card inside (See picture) 3）6065P-8 , P/N.70-0036-011 (Message base servant interupter) （See picture） | F22: CEI | G22: Liu Dejia | H22: Hua Zhen | I22: 43902 | J22: [06Mar20] Asked CEI to provide more details about failure and shipment impact. OESR204004 was raised to Milford [12Mar20] Meryl updated team the tester is fixed by replacing relays. | K22: Yes | L22: 1- High(< 1 week) | M22: Close | N22: =NETWORKDAYS(C22,I22) -> 6
A23: S20022 | B23: Manufacturing | C23: 43899 | D23: NA | E23: Description: Instrument serial number label: K19CHA391G need reprint. Steps of Analysis: NCR: SG200204, carton box damaged due to mishandling by Schenker personnel during picking. Affected Part No & Qty need for replacement: 186015042, qty 1. Shipment Impact: NA Estimated Date: NA Additional Time needed for analysis: NA Attachment: | F23: Venture | G23: Hong Cheng | H23: Yee Hwa | I23: 43899 | J23: [09Mar20] label reprinted | K23: No | L23: 1- High(< 1 week) | M23: Close | N23: =NETWORKDAYS(C23,I23) -> 1
... A52: S20051 | B52: Manufacturing | C52: 44026 | D52: NA | E52: SigmaSure system down, unable to capture parts number serial in system. Currently flex use in-house Traceability to record. Affected on Detector and QSM family. | F52: Flex | G52: Gary | H52: Desmond | I52: 44026 | J52: [14Jul20] Sigmasure server is back normal. | K52: No | L52: 1- High(< 1 week) | M52: Close | N52: =NETWORKDAYS(C52,I52) -> 1
A53: S20052 | B53: Test | C53: 44027 | D53: TE82503-5 | E53: 1. Problem Statement. - TE82503-5 Injector Seal Pack Tester not able to pass Stream Count Fail. Its is suspected to be related to HUMPHREYpneumatic switch PN M401 37 24VDC . - Observed air leaking causing failure 2. Acceptance criteria that is not met. (e.g. relevant specification number and revision) - TE82503-5 must be able to pass stream count test 3. Relevant records (e.g. Incomin QA, Test Records, Photos, trackise NCRs numbers and related issue) - N/A 4. Info on whether this issue impacts revenue - Build for the next 2 weeks is enough for 1x unit of Injector Seal Pack Tester | F53: Flex | G53: Joel | H53: Hua Zhen | I53: 44049 | J53: [18Jul20] OESR 204192 was sent to Milford to request a replacement air valve and meanwhile asking Flex to source it locally [26Jul20] Flex is working with local distributor to get a replacement part. Presently the loading able to hold-off until Aug 2020 with 1 working test station, unless there’s as surge of loading (or more than 25 units per day). [02Aug20] Milford shipped repair parts to Flex and Flex to update repair status [06Aug20] Flex has received and replaced air switch from Milford. Tester is recovered. Closed | K53: Yes | L53: 1- High(< 1 week) | M53: Close | N53: 17
A54: S20053 | B54: Manufacturing | C54: 44035 | D54: NA | E54: Informed that SigmaSure is currently down and we are unable to scan genealogy data for the current built instrument. It is confirmed that all the PCs cannot access SigmaSure and prompt "network error" | F54: Venture | G54: Chan | H54: Yee Hwa | I54: 44035 | J54: SS recovered. Closed. | K54: No | L54: 1- High(< 1 week) | M54: Close | N54: =NETWORKDAYS(C54,I54) -> 1
A55: S20054 | B55: Manufacturing | C55: 44035 | D55: NA | E55: Instrument Serial label / Spare Number labe print out with hair line on the barcode. | F55: Flex | G55: Gary | H55: Desmond | I55: 44035 | J55: [23Jul20] Label reprinted and close this OESR. | K55: No | L55: 1- High(< 1 week) | M55: Close | N55: =NETWORKDAYS(C55,I55) -> 1
A56: S20055 | B56: Manufacturing | C56: 44035 | D56: NA | E56: SigmaSure system down, unable to capture parts number serial in system. Currently flex use in-house Traceability to record. Affected on Detector and QSM family. | F56: Flex | G56: Gary | H56: Desmond | I56: 44035 | J56: [23Jul20] Sigmasure server is back normal. | K56: No | L56: 1- High(< 1 week) | M56: Close | N56: =NETWORKDAYS(C56,I56) -> 1
A57: S20056 | B57: Test | C57: 44036 | D57: TB537B | E57: Description : 2 issues detected : 1. A red light found on the LED display and testing cannot be done for that channel. 2. There are a lot of duplicate Device channel found when performing the test. | F57: Venture | G57: Alan Oh | H57: Siddharth | I57: 44046 | J57: [03.08.20] Isue resolved by William Hudd by remote logging to the Tester PC. Alan at Venture has conofrmed that the issue is resolved. | K57: No | L57: 2- Medium(<4 weeks) | M57: Close | N57: =NETWORKDAYS(C57,I57) -> 7
A58: S20057 | B58: Manufacturing | C58: 44039 | D58: NA | E58: Instrument Serial Number print out with white line on barcode / missing Icon. 1. Model: 186017002 Acquity Arc 2489 UV/Vis Det Serial Number G20VTU407A 2. Model: 186248900 2489 UV/Visible Detector Serial Number G2087E596A 3. Model: 186015032 Acquity UPLC PDA Detector Serial Number G20UPD297A | F58: Flex | G58: Gary | H58: Desmond | I58: 44039 | J58: [23Jul20] Label reprinted and close this OESR. | K58: No | L58: 1- High(< 1 week) | M58: Close | N58: =NETWORKDAYS(C58,I58) -> 1
A59: S20058 | B59: Test | C59: 44039 | D59: TE82988-2 | E59: 1. Problem Statement. -TDK-Lambda with serial number 09M1037A found voltage rotary knob is not responding during the calibration at 3rd party (MicroPrecision)calibration facility. Details on the attached. 2. Acceptance criteria that is not met. (e.g. relevant specification number and revision) - Must be able to pass calibration requirements 3. Relevant records (e.g. Incomin QA, Test Records, Photos, trackise NCRs numbers and related issue) - Calibration Report 4. Info on whether this issue impacts revenue -Impact on 210000415,210000345,210000414,210000384,210001164,210001203 and 210000444 for August month 150k requirement | F59: Flex | G59: Bernard | H59: Hua Zhen | I59: 44049 | J59: [02Aug20] Spare power supply has been calibrated and all equipment was shipped back to Flex Senai. Flex to update status [06Aug20] Flex updated the GTS is covered. Closed. | K59: NO | L59: 1- High(< 1 week) | M59: Close | N59: 9
A60: S20059 | B60: Test | C60: 44041 | D60: TE83064-13 | E60: Description : Failed dynamic leak test with leak rate was above spec limit. Steps of Analysis : 1.Checked BSM seal of pump A and pump B. Leakage was at pump A Accumulator. 2.Changed BSM high pressure seal at Pump A accumulator,leakage was still at pumpA accumulator. 3.Changed BSM vent valve and can recover from leakage and passed dynamic leak test. Result: Need to change BSM vent valve of BSM tester TE83064-13. Shipment Impact : No shipment impact due to this issue. Estimated Date : NA Additional Time needed for analysis : functional of TE13 has been verified with both I Class and H Class units. Results are ok. Attachment : Photos of leakage results. | F60: Venture | G60: Lwin | H60: Hua Zhen | I60: 44042 | J60: [30Jul20] Tester was fixed by replaced requested parts. | K60: No | L60: 2- Medium(<4 weeks) | M60: Close | N60: =NETWORKDAYS(C60,I60) -> 2
A61: S20060 | B61: Manufacturing | C61: 44041 | D61: 999042549 | E61: Tooling 999042549 Insert, Upper Ram, Check Valve Housing. Found tooling with hair line crack . Please refer email picture. | F61: Flex | G61: Gary | H61: Guan Yee | I61: 44046 | J61: [03Aug20] Replaced the cracked insert. | K61: No | L61: 1- High(< 1 week) | M61: Close | N61: =NETWORKDAYS(C61,I61) -> 4
A62: S20061 | B62: Test | C62: 44048 | D62: TB-08 | E62: Description : Detected loud grinding noise from rotary backing pump which is installed inside the QDa Test Bay no 8. Other observation: Check the pump waste pump oil level, seems normal. Derbris/rusty particulates around the pump's itself. Pump S/N:100120703, PM due date:26-MAR-2021 | F62: Venture | G62: Mimi | H62: Siddharth | I62: 44117 | J62: [05 Aug 2020] Mandy contatcted the supplier and the supplier will collect the pump on 11-Aug (2pm) for further investigation. [11 Aug 2020] Mandy said "The pump has been collected and the engineer will do the inspection by the end of this week when he can access his office. Ill keep you updated. [03Aug20] Replaced the cracked insert.[03Aug20] Replaced the cracked insert.'' [25 Aug] Mandy has raised PO WPPL-OP-043 for the pump to be repaired. [04Sept] The pump is at the supplier. The supplier waiting for parts to start the repair. [07 Oct] ITS has mentioned that the parts are enroute to SG. No ETD yet from the supplier [13 Oct] Pump repaired and delivered to Venture. Service report submitted and Mimi mentioned that the pump is working fine. Therefore, OESR can be closed. | K62: No | L62: 2- Medium(<4 weeks) | M62: Close | N62: =NETWORKDAYS(C62,I62) -> 50
A63: S20062 | B63: Test | C63: 44049 | D63: TE82995-2 | E63: Description : System Error. Steps of Analysis : Check RTZ assembly and no issue found. Check cable connection from RTZ assembly to Test box. No issue found. Check sensor cable connection to sensor interface board. Found connector J4 is wear and tear. It was came out from PCB. Replaced new sensor interface board 210000393. Re-run the test. Passed. Verified testing with a few RTZ sub-assemblies and no issue occurred. Affected Part No & Qty need for replacement : 210000393 (Qty 1) Shipment Impact : No impact Estimated Date : NA Additional Time needed for analysis : Analysis performed.Resolved system error. Attachment : Referene photos & price info. | F63: Venture | G63: Lwin | H63: Hua Zhen | I63: 44049 | J63: [6Aug20] Tester is recovered. Closed | K63: No | L63: 2- Medium(<4 weeks) | M63: Close | N63: 1
A64: S20063 | B64: Manufacturing | C64: 44050 | D64: NA | E64: We have received the following 4 units for rework. The packaging boxes were damaged upon receiving and need to be replaced. As a result serial labels need to be replaced. RMA# Material Serial Number 20918 186015014 A19CPO551H 20919 186015014 A19CPO560H 20920 186015014 A19CPO561H 20921 186015014 B19CPO574H Request to manual print the serial labels as above. | F64: CEI | G64: Jason Wang | H64: Eugene | I64: 44054 | J64: [11Aug20] Desmond have helped to print the serial label for CEI. | K64: No | L64: 1- High(< 1 week) | M64: Close | N64: 1
A65: S20064 | B65: Test | C65: 44054 | D65: TE82720-1 | E65: 1. Problem Statement. -Keithley 236 SN 0810603 found failed during verification after repair and calibrate from Tektronix US. Attached the failures encounter. 2. Acceptance criteria that is not met. (e.g. relevant specification number and revision) - Must be able to pass calibration requirements 3. Relevant records (e.g. Incomin QA, Test Records, Photos, trackise NCRs numbers and related issue) - Test Record 4. Info on whether this issue impacts revenue -Impact on 279002660/279001098/081318 for September month requirement | F65: Flex | G65: Bernard | H65: Hua Zhen | I65: 44056 | J65: [13Aug20] Flex should confirm the repaired unit performance and claim warranty if ncessary. Void this OESR as it's closed under previous OESR. | K65: No | L65: 1- High(< 1 week) | M65: Close | N65: 1
A66: S20065 | B66: Manufacturing | C66: 44055 | D66: NA | E66: Instrument Serial Number Printing: Instrument Serial Number print out with missing Waters logo and request by WPPL Loh Wei Xiang) 1. Model: 186017002 Aquity Arc 2489 UV/Vis Det S/N:H20VTU429A ( Miss Waters logo) 2. Model: 186017002 Aquity Arc 2489 UV/Vis Det S/N:F20VTU387A (Request by WPPL Loh Wei Xiang) 3. Model: 186015033 Aquity UPLC PDA eLambda Det S/N:F20UPL702A (Request by WPPL Loh Wei Xiang) | F66: Flex | G66: Gary | H66: Desmond | I66: 44055 | J66: Investiation is required before printing. | K66: No | L66: 1- High(< 1 week) | M66: Close | N66: 1
A67: S20066 | B67: Manufacturing | C67: 44057 | D67: NA | E67: Instrument Serial Number Printing: Instrument Serial Number print out with missing Waters logo and Label PC WATERSPNL1 unable boost-up (Intermittent) 1. Model: 186269506 e2695 Sep Mod w/HC S/N:H20SM4717A ( Miss Waters logo) | F67: Flex | G67: Gary | H67: Desmond | I67: 44057 | J67: Label Reprinted | K67: No | L67: 1- High(< 1 week) | M67: Close | N67: 1
A68: S20067 | B68: Test | C68: 44057 | D68: 2475FLRDLWEX | E68: TSP 735000589 Rev F, page 7 of 7, steps 4 to 6 are repetitive in 735000615. Our practice is following TSP 735000615 for these steps as per our training in Wexford during year 2013. As such we would like to remove these steps from this TSP 735000589. | F68: Venture | G68: Mimi | H68: Hua Zhen | I68: 44064 | J68: [16Aug20] Need to review update before checking with Milford [21Aug20] OESR 204249 was created for this TSP update. No actions from WPPL and put it under monitoring | K68: Yes | L68: 2- Medium(<4 weeks) | M68: Close | N68: 1
A69: S20068 | B69: Test | C69: 44063 | D69: TE82526-1 | E69: 1. Problem Statement. - TE82526-1 Pump Tray Tester keeps on restarting when running test.(May need to replaced PCB p/n:056370 keep on restarting), and ASFVO due to leak, unable to Ramp pressure during Ramp and Decay Test 2. Acceptance criteria that is not met. (e.g. relevant specification number and revision) - UUT shall pass complete test as per TSP WAT210700 3. Relevant records (e.g. Incomin QA, Test Records, Photos, trackise NCRs numbers and related issue) - N/A 4. Info on whether this issue impacts revenue - may impact revenue if not able to recover in time | F69: Flex | G69: Joel | H69: Hua Zhen | I69: 44113 | J69: [21Aug20] Requested parts collected by Flex. Flex to update status. [25Aug20] Confirmed the Ramp pressure issue was resolved by replacing ASFVO. And also confirmed tester restarting is not related PCB. [28Aug20] Flex is getting power supply to verify if the restarting issue may be resolved. [07Sep20] OESR 204270 was raised to Milford for support on this repair [18Sep20] Flex updated Mark J regarding inqueris from Mark [23Sep20] Mark has advised to check diode and wiring, no issue was found [30Sep20] Tester partially recover and put into monitoring; [09Oct20] Tester restarting issue is improved and under monitor. Temperary close this OESR and park under montioring. Will revisit again once issue appeared. | K69: Yes | L69: 1- High(< 1 week) | M69: Close | N69: =NETWORKDAYS(C69,#REF!) -> #REF!
A70: S20069 | B70: Test | C70: 44069 | D70: TE82988-2 | E70: 1. Problem Statement. -NI- DAQmx devices no communciation. Attached the screenshoot for system status showing PCI and NI not detected. 2. Acceptance criteria that is not met. (e.g. relevant specification number and revision) - Must be able to pass test requirements 3. Relevant records (e.g. Incomin QA, Test Records, Photos, trackise NCRs numbers and related issue) - Test Record 4. Info on whether this issue impacts revenue -Impact on 210000345 for this month of August requirement and all associated model for month of September. | F70: Flex | G70: Bernard | H70: Hua Zhen | I70: 44095 | J70: [27Aug20] Advised Flex to check power supply to/in NI chassis, PC and PXI-8360 card. OESR 204256 was raised to Milford. [28Aug20] Flex found the faulty power supply in chassis and confirmed by using an equivalent power supply. Flex is repair the original power and verify the system performance before production. [21Sep20] No acitons from WPPL and equivalent solution was in place. Close this OESR and park under monitoring | K70: Yes | L70: 1- High(< 1 week) | M70: Close | N70: 15
A71: S20070 | B71: Test | C71: 44070 | D71: TE83031-1 | E71: The optics bench alignment stations are using a Golden flow cell to align all the optics benches. The current golden flow cell is more than 5 years of age and recently, Venture observed that the backpressure of golden flow cell is >100 psi (spec is max 145psi) There is a constant water flowing through inlet to outlet, no physical leak can be seen, only pressure is high. The 515 pump is ok, verified with other production flow cells, less than 50psi and stable. Tried out the following mehtods but it deoes not solved the issue: - Flushing with MeOH, Acetone and N2 for a few hours. - Flushing in the opposite direction Request to send over a new Golden Flow cell for Optics Alignment Test. Refer to attachement for the flow cell photos. | F71: Venture | G71: Mimi | H71: Hua Zhen | I71: 44097 | J71: [31Aug20] Review and raise OESR to Milford to request a golden flow cell [13Sep20] Milford is working on new golden flow cell as Matt F update [23Sep20] No action in WPPL, keep this OESR under monitoring | K71: Yes | L71: 2- Medium(<4 weeks) | M71: Close | N71: 15
A72: S20071 | B72: Test | C72: 44070 | D72: TE82882-11 | E72: 1. Problem Statement. - Tester unable to print out test report.Unable to perform Oper 3.6 1.1 Reset CPU 1.2 Check on IP address 1.3. Check on DNS and ports used 1.4. Able to ping server 1.5. Able Print Test Page (manual printing okay) 2. Acceptance criteria that is not met. (e.g. relevant specification number and revision) - UUT shall pass complete test as per ASP 735001613. 3. Relevant records (e.g. Incomin QA, Test Records, Photos, trackise NCRs numbers and related issue) - N/A. 4. Info on whether this issue impacts revenue. - May impact revenue if not able to recover tester in time. | F72: Flex | G72: Mohammad Shamsul | H72: Hua Zhen | I72: 44081 | J72: [31Aug20] Review and raise OESR to Milford to update tester configuration [07Sep20] Close as problem fixed | K72: Yes | L72: 1- High(< 1 week) | M72: Close | N72: 5
A73: S20072 | B73: Test | C73: 44077 | D73: TE83086-2 | E73: 1) Analog Board (210000399) in fixture 210000699 ACQUITY RI PERSONALITY (RoHS) PCBA was left with 1 spare. This board always Burnt on U9 on every production workorder test since Apr 2015 when fixture received. we would like to trigger to request for spare of 3pcs | F73: CEI | G73: Meryl | H73: Hua Zhen | J73: [07Sep20] closed. Parts collected | K73: No | L73: 1- High(< 1 week) | M73: Close | N73: 1
A74: S20073 | B74: Test | C74: 44077 | D74: TE82988-9 | E74: BEACON EI ATE PCB P/N 210001167 in TE# 82988-9 (279003920) for testing of 289011953 REV C (PBA 210001028 REV L) EI (RoHS) ASSY --our spare is faulty with Q6 spoilt shorted. (IRFB7430 We would like to request for 2pcs spare | F74: CEI | G74: Meryl | H74: Hua Zhen | J74: [07Sep20] closed. CEI to check with UK team | K74: No | L74: 1- High(< 1 week) | M74: Close | N74: 1
A75: S20074 | B75: Test | C75: 44077 | D75: TE82998-1 | E75: 1.Testing for 210000422 Vista Pump PCBA at GTS with only last Degasser board inused in test fixture. 2. Request for one 3pcs spare degasser boards, p/n.725000459 Waters QPSI Degasser PCBA. | F75: CEI | G75: Meryl | H75: Hua Zhen | J75: [07Sep20] closed. Parts collected | K75: No | L75: 1- High(< 1 week) | M75: Close | N75: 1
A76: S20075 | B76: Test | C76: 44078 | D76: TE8299-1 | E76: ADAPTOR INTERFACE (510000149 REV A)--no spare 1.Testing for 210000422 Vista Pump PCBA at GTS1 for wear and tear maintenance--qty:2pcs | F76: CEI | G76: Meryl | H76: Hua Zhen | I76: 44087 | J76: [13Sep20] CEI to update justification. [21Nov20] No justification was provided. CEI agreed to close this OESR for now | K76: No | L76: 1- High(< 1 week) | M76: Close | N76: 5
A77: S20076 | B77: Test | C77: 44078 | D77: TE82994-2 | E77: ADAPTOR INTERFACE TE82996-Driver RevA for 210000368 REV H CPSM DRIVER BD (RoHS) PCBA request for spare Qty:2pcs | F77: CEI | G77: Meryl | H77: Hua Zhen | I77: 44087 | J77: [13Sep20] CEI to update justification. [21Nov20] No justification was provided. CEI agreed to close this OESR for now | K77: NO | L77: 1- High(< 1 week) | M77: Close | N77: 5
A78: S20077 | B78: Test | C78: 44078 | D78: TE82999-1 | E78: ADAPTOR INTERFACE (TE82996-Control RevA)----No spare for 210000903 REV A SM CONTROL (RoHS) PCBA for maintenance spare qty:2pcs | F78: CEI | G78: Meryl | H78: Hua Zhen | I78: 44087 | J78: [13Sep20] CEI to update justification. [21Nov20] No justification was provided. CEI agreed to close this OESR for now | K78: NO | L78: 1- High(< 1 week) | M78: Close | N78: 5
A79: S20078 | B79: Test | C79: 44083 | D79: TE82865 | E79: I was performing PC maintenance found at "Step 1.7 Check for unsent test files in all the 3 testers below. Just to inform that there were number of files in the folder Directory C: \program files\sigmaQuest\sigmaProbe\sigmaQueue\Sendbuffer. Testers name as shown below: TE82865-5 CPSO Final Test Station TE82865-6 CPSO Final Test Station TE82865-2 ASO Final Test Station | F79: CEI | G79: Jason Wang | H79: Hua Zhen | I79: 44087 | J79: [13Sep20] review and send OESR to Milford [25Sep20] Informed Milford for unsent files | K79: Yes | L79: 1- High(< 1 week) | M79: Close | N79: 13
A80: S20079 | B80: Test | C80: 44085 | D80: TE82988-12 | E80: Description: QDa DCC Board 210001115 Failed FCT3 functional Tests Steps of Analysis: 1) Use passed DCC board for verification, the failure still the same, the measured resistance for Event Out 1 ON at 11 ohm. 2) Swap the fixture interface card as per Sadiq’s suggestion, the failure still persisted. 3) Move the test fixture from GTS12 to GTS3, the failures follow the test fixture. 4) In the mean time, working with Sadip to identify the root cause. Affected Part No : 210001115 Shipment Impact: 12 units Estimated Date: 30 September 2020 Additional Time needed for analysis: 7 days Attachment: Refer to the attachment for failure symptom and data | F80: Venture | G80: Ricky Cortez | H80: Hua Zhen | J80: [17Sep20] This OESR is closed after restarted GTS. | K80: No | L80: 1- High(< 1 week) | M80: Close | N80: 5
A81: S20080 | B81: Test | C81: 44088 | D81: TE83057-4 | E81: 1. Problem Statement. - TE83057-4 able to auto download for all PDA families.However,after auto download for PDA p/n:186015032,the wavelength calibration of unit will be auto loaded with incorrect wavelength of pixel 512 (must be 802 instead of 502). 2. Acceptance criteria that is not met. (e.g. relevant specification number and revision) - UUT shall pass complete test as per TSP 735001613 3. Relevant records (e.g. Incomin QA, Test Records, Photos, trackise NCRs numbers and related issue) - Refer to attached for details. 4. Info on whether this issue impacts revenue - may impact revenue if not able to recover in time | F81: Flex | G81: Joel | H81: Hua Zhen | I81: 44105 | J81: [21Sep20] Eric was informed and he will take care of software and Flex to verify if it's updated. [25Sep20] Emailed Eric about software update. [02Oct20] Eric has updated software. Close this case | K81: Yes | L81: 1- High(< 1 week) | M81: Close | N81: =NETWORKDAYS(C81,I81) -> 14
A82: S20081 | B82: Test | C82: 44089 | D82: TE82995-2 | E82: Description : Needle Seal Calibration failure. Steps of Analysis : Check seal force seal force sensor cable connection to sensor interface board.No issue Checked seal wash assembly and re-installed.Retested. Still failed.from PCB. Replaced new seal force sensor cablke. Re-run the test. Passed. Verifiedected Part No & Qty need for replacement : 279001865 (Qty 1) Shipment Impact : No impact Estimated Date : NA Additional Time needed for analysis : Analysis performed.Resolved Needle Seal calibration failure. Attachment : Referene photos & price info. | F82: Venture | G82: Lwin | H82: Hua Zhen | J82: [10Sep20] Venture replaced parts and tester is recovered. | K82: No | L82: 1- High(< 1 week) | M82: Close | N82: 2
A83: S20082 | B83: Test | C83: 44088 | D83: 289002227 | E83: 1. Problem Statement. - Not able to perform 289003847 step 8.16 onwards.ester unable to print out test report. Unable to perform Oper 3.6 2. Acceptance criteria that is not met. (e.g. relevant specification number and revision) - OB shall pass complete test as per ASP 289003847. 3. Relevant records (e.g. Incomin QA, Test Records, Photos, trackise NCRs numbers and related issue) - refer to attached photo. 4. Info on whether this issue impacts revenue. - May impact revenue if not able to recover tester in time. | F83: Flex | G83: Joel | H83: Hua Zhen | J83: [23Sep20] Flex has found a workaround and check with Flex to know more about the issue. If necessary to replace the shunt as requested. | K83: No | L83: 1- High(< 1 week) | M83: Close | N83: 10
A84: S20083 | B84: Test | C84: 44089 | D84: TE0084040-2 | E84: Description : Micro BSM initialization, pump homing error at pump A. Steps of Analysis : Reset BSm for 5 times and cannot resolve. Verifiedected Part No & Qty need for replacement : Cannot find the root cause Shipment Impact : WATS2008041 (Qty 11) Estimated Date : 23 Sep 2020 Additional Time needed for analysis : TBD. Need advice from WPPL for further troubleshooting Attachment : Referene error photo. | F84: Venture | G84: Lwin | H84: Hua Zhen | J84: [17Sep20] Venture team fixed the reported issue by replacing a cable inside BSM. This OESR is closed. | K84: No | L84: 1- High(< 1 week) | M84: Close | N84: 3
A85: S20084 | B85: Manufacturing | C85: 44091 | D85: NA | E85: Description: To reprint serial number label for 186015088 x3 (S/N B19FNP016G, B19FNP025G & B19FNP032G) to perform rework on Needle Carriage Assembly. The units was required to inspect, retest and reprint out serial number as per stated in NCR report as attached. Shipment Impact: Yes Estimated Date: 16th Sep 2020 Attachment: NCR-SG200702 | F85: Venture | G85: Chua | H85: Yee Hwa | I85: 44109 | J85: Printed | K85: No | L85: 1- High(< 1 week) | M85: Close | N85: =NETWORKDAYS(C85,I85) -> 13
A86: S20085 | B86: Test | C86: 44095 | D86: TE82988-2 | E86: 1. Problem Statement. - Test Noise Failed. Charge Injection Actual reading 20xxx.xxx Spec Low 8000, High 18400 2. Acceptance criteria that is not met. (e.g. relevant specification number and revision) - Must be able to pass test requirements 3. Relevant records (e.g. Incomin QA, Test Records, Photos, trackise NCRs numbers and related issue) - Test Record 4. Info on whether this issue impacts revenue -Impact on 210001164 for this month of Sept requirement. | F86: Flex | G86: Bernard | H86: Hua Zhen | I86: 44102 | J86: [23Sep20] From information provided by Flex, the same tester and fixture pass the test on another model. Recommend to continue the test and fulfill the sept order, meanwhile working on investigate the root cause if it's from process or materials. Flex to provide the data collection for investigation [28Sep20] the root cause was identitified. The issue is from U8 on UUT. No problem with tester. Close this OESR | K86: Yes | L86: 1- High(< 1 week) | M86: Close | N86: =NETWORKDAYS(C86,I86) -> 6
A87: S20086 | B87: Test | C87: 44095 | D87: TE82868-2 | E87: 1. Problem Statement. - 2998 Aperture Adjust Station unable to proceed oper 4.5 onwards.Reading on position (tenths from centre) specs: +/-2 tenths Alignment is not captured.Value remains at '0' even after adjusting the micrometer.Both aperture is affected. 2. Acceptance criteria that is not met. (e.g. relevant specification number and revision) - UUT shall pass complete Aperture Adj as per ASP 289001974. 3. Relevant records (e.g. Incomin QA, Test Records, Photos, trackise NCRs numbers and related issue) - Refer to attached pictures. 4. Info on whether this issue impacts revenue. - may impact revenue if not able to recover tester in time. | F87: Flex | G87: Joel | H87: Hua Zhen | I87: 44105 | J87: [23Sep20] Thumbscrew was replaced and working well. Will close this OESR once confirmed by Flex [02Oct20] Alignment issue was fixed . Close this OESR | K87: No | L87: 1- High(< 1 week) | M87: Close | N87: =NETWORKDAYS(C87,I87) -> 9
A88: S20087 | B88: Test | C88: 44095 | D88: TE83064-11 | E88: Description : Failed dynamic leak test with high pressure during PM. Steps of Analysis : 1.Identifed severe leak rate at BSM of TE11. 2.Changed BSM high pressure seal at both pumps as per PM plan. 3.Changed BSM I2V and Dual B&S check vale as per PM. Result: Need to change BSM vent valve of BSM tester TE83064-11. Shipment Impact : No shipment impact due to this issue. Estimated Date : NA Additional Time needed for analysis : functional of TE11 has been verified with H Class units. Results are ok. Attachment : Photos of leakage results. | F88: Venture | G88: Lwin | H88: Hua Zhen | J88: [23Sep20] Advise Lwin to replace vent valve and close this repair. | K88: No | L88: 2- Medium(<4 weeks) | M88: Close | N88: 2
A89: S20088 | B89: Test | C89: 44097 | D89: 168-FCT | E89: Description: QDa High Voltage Card 210001113 / 1114 Failed FCT Due to no high voltage from Test Fixture Steps of Analysis: 1) Check interlock - The door sensor is working, all the required voltage (24V / +15V / -15V) are present when door is closed 2) Plug in good 210001113 / 210001114 interface card, the fixture still remain no high voltage. 3) No high voltage is due front LED not light up. Affected Part No : 210001113 / 210001114 Shipment Impact: 27 units Estimated Date: 13 November 2020 Additional Time needed for analysis: 7 days Attachment: Refer to the attachment for showing the fixture connection | F89: Venture | G89: Ricky Cortez | H89: Hua Zhen | J89: [25Sep20] Teo and Sadip managed to fix this report issue. Closed | K89: No | L89: 1- High(< 1 week) | M89: Close | N89: 2
A90: S20089 | B90: Manufacturing | C90: 44099 | D90: NA | E90: Description: To reprint serial number label for 186015082 7x (S/N: G20BSP605G-G20BSP610G, H20BSP669G) on the BSM RSC packaging testing. All unit was required to inspect, retest and reprint out serial number. Shipment Impact: Yes Estimated Date: 30 Sep 2020 Attachment:NA | F90: Venture | G90: Chua | H90: Yee Hwa | I90: 44109 | J90: Printed | K90: No | L90: 1- High(< 1 week) | M90: Close | N90: 11
A91: S20090 | B91: Test | C91: 44103 | D91: TE82943 | E91: 1. Problem Statement. - 186015001 BSM Assembly not able to PASS Ripple Test at Final Test. 2. Acceptance criteria that is not met. (e.g. relevant specification number and revision) - Not able to meet the specification at 0.000 to 15.000 PSI 3. Relevant records (e.g. Incomin QA, Test Records, Photos, trackise NCRs numbers and related issue) - Refr to attached photo of comparison. 4. Info on whether this issue impacts revenue - Build 3x UUT and not able to PASS final test, will impact revenue if not recover on time | F91: Flex | G91: Joel | H91: Hua Zhen | J91: [1 Oct20] On hold this OESR while team is investigating the transducer differences between the batchs. [7Oct20] This OESR request is rejected/cancelled as it not due to a tester issue | K91: No | L91: 1- High(< 1 week) | M91: Close | N91: 7
A92: S20091 | B92: Manufacturing | C92: 44105 | D92: NA | E92: Problem Statement. - The new label printing sofware enLabel is not able to print the Certificate of Functional Performance (COFP) from September 2020 serial numbers printed from Label View start from 01-Oct-20. 2. Acceptance criteria that is not met. (e.g. relevant specification number and revision) - COFP from enLabel can only print if serial number printed from enLabel 3. Relevant records (e.g. Incomin QA, Test Records, Photos, trackise NCRs numbers and related issue) - Not Appliacable. 4. Info on whether this issue impacts revenue. - may impact revenue if not able to recover printing of COFP in time. | F92: Flex | G92: Aldwin | H92: Eugene | I92: 44106 | J92: Provided Flex with Labelview access to print CoFP on 1st and 2nd Oct. | K92: No | L92: 1- High(< 1 week) | M92: Close | N92: =NETWORKDAYS(C92,I92) -> 2
A93: S20092 | B93: Test | C93: 44105 | D93: 999120000 | E93: Problem Statement. - Light Source fiber optic cable is worn out. However, it still can proceed Oper 11.0. We may need replacement for the optic fibre as cable is not in good condition. 2. Acceptance criteria that is not met. (e.g. relevant specification number and revision) - UUT shall pass complete test as per ASP 279001922. 3. Relevant records (e.g. Incoming QA, Test Records, Photos, trackise NCRs numbers and related issue) - N/A. 4. Info on whether this issue impacts revenue. - May impact revenue if not able to recover tester in time. | F93: Flex | G93: Joel | H93: Hua Zhen | J93: [02Oct20] We don’t have spare for this fibre optic cable in spare inventory. Flex to source and share with us the quotation. We need to acquire one before it’s broken. [09Oct20] Joel to purchase a spare as original one is worn out. Park this Request under monitoring since no action from WPPL | K93: No | L93: 1- High(< 1 week) | M93: Close | N93: =NETWORKDAYS(C93,#REF!) -> #REF!
A94: S20093 | B94: Test | C94: 44106 | D94: NA | E94: This is from Racal system Model: 1260-100 Part Number: 407655-01T S/N:00040092 problem happen on relay card, I will attached within e-mail for reference cage code: 21783 and another cage code on relay card : 21793 | F94: CEI | G94: De Jia | H94: Hua Zhen | J94: [02Oct20] CEI to source it from market if any replacement part is available and keep us updated with details. [23Oct20] Reviewing the request and PO for the request part. [01Nov20] Replacement part is shipped and no action required from WPPL. Close | K94: No | L94: 2- Medium(<4 weeks) | M94: Close | N94: 21
A95: S20094 | B95: Test | C95: 44106 | D95: NA | E95: we found that Racal self test fixture connector socket adapter Acrylic has totally give way. over the years we have been not getting a good self test result is due to the Acrylic adapter has some hairline crack that result in not holding the connector alignment correctly. I will attached details photo within this e-mail as well | F95: CEI | G95: De Jia | H95: Hua Zhen | I95: 44120 | J95: [02Oct20] CEI to source it from market if any replacement part is available and keep us updated with details. [16Oct20] Paul sent replacement parts to CEI. Close this request. | K95: No | L95: 2- Medium(<4 weeks) | M95: Close | N95: =NETWORKDAYS(C95,I95) -> 11
A96: S20095 | B96: Test | C96: 44111 | D96: TE008407 | E96: PTST production face high reject on WA-7353-G ( 210001232) Fail at ICT test station, we have swap some major components from Good PCA to Bad PCA, still no help. we are not confirm this problem comes from PCA or ICT test fixture. we plan test PCA with CPSO advice by Paul Deschenes…will update on this. I will attached Fail ICT test log for reference. please contact me for more details, I will standby for any questions regarding this. | F96: CEI | G96: De Jia | H96: Hua Zhen | I96: 44118 | J96: [09Oct20] Investigation is ongoing, still working in progress; [14Oct20] Router date is not set to latest date. Fixed by updated router setting. Close | K96: No | L96: 1- High(< 1 week) | M96: Close | N96: =NETWORKDAYS(C96,I96) -> 6
A97: S20096 | B97: Test | C97: 44111 | D97: TE83045-2 | E97: 1) 210000526 SFC Personality FCT Fixture [TE#83045-2] starts to have vacuum leakage which result in contact issue between pogo pin and test point. This result in UUT always fail at initialization or 5V power up fail. Temporary we fixed by adding Kapton tape on the hole location K2, K1, J53, j60,J61 and Fixture area covered by yellow insulation tape, pls refer to attached picture. | F97: CEI | G97: Meryl | H97: Hua Zhen | I97: 44127 | J97: [09Oct20] OESR 204337 is rasied to Milford on support of this fxiture repair [23Oct20] CEI to update the repair status as per Matt's advice | K97: Yes | L97: 1- High(< 1 week) | M97: Close | N97: =NETWORKDAYS(C97,I97) -> 13
A98: S20097 | B98: Manufacturing | C98: 44112 | D98: NA | E98: WPPL Jen Chen request to re-print CoFP 1. K12QSM086A Acquity UPLC PDA eLambda Del 2. A13UPL368A ACQ H-Class QSM Plus Re-Print Instrument Serial Number (Order Number should show NA instead of 0 Typo error) 1. Model: 186015080 ACQ H-Class QSM Plus S/N: K20QSP018A 2. Model: 186015080 ACQ H-Class QSM Plus S/N:K20QSP019A | F98: Flex | G98: Gary | H98: Eugene | I98: 44116 | J98: Manually printed the labels based on OESR request. | K98: No | L98: 1- High(< 1 week) | M98: Close | N98: =NETWORKDAYS(C98,I98) -> 3
A99: S20098 | B99: Test | C99: 44116 | D99: TE82998-1 | E99: 1.Testing for 210000422 Vista Pump PCBA at GTS with only last Degasser board inused in test fixture. 2. Request for 3pcs spare degasser boards, p/n.725000459 Waters QPSI Degasser PCBA. | F99: CEI | G99: Meryl | H99: Hua Zhen | I99: 44116 | J99: Parts collected | K99: No | L99: 1- High(< 1 week) | M99: Close | N99: 2
A100: S20099 | B100: Manufacturing | C100: 44124 | D100: NA | E100: WPPL QA request to reprint Certificates of Functional Performance (Reason for request : Customer misplace) 1. Model: 186015031 Acquity TUV TC Detector S/N:C12TUV115A (Reason for request :Customer misplaced) | F100: Flex | G100: Gary | H100: Eugene | I100: 44125 | J100: Reprinted CoFP as per request | K100: No | L100: 1- High(< 1 week) | M100: Close | N100: =NETWORKDAYS(C100,I100) -> 2
A101: S20100 | B101: Test | C101: 44124 | D101: TB594 | E101: Description : One of the tester cables which is used in testing of Beacon Inner/Outer source assembly is broken and unabe to fix. Required a new 6 pin female connector to do cable crimping and repairing. Refer to attchment for details. | F101: Venture | G101: Mimi | H101: Siddharth | I101: 44127 | J101: [23 Oct 2020] Connector given to Mimi. Mimi has fixed and tested it. It works fine now. | K101: No | L101: 1- High(< 1 week) | M101: Close | N101: =NETWORKDAYS(C101,I101) -> 4
A102: S20101 | B102: Manufacturing | C102: 44124 | D102: NA | E102: ECO9235494 BOM/ ASP 279000805 Assy, Detector 2998 Classic (Top Level 186002998) Request to change below : Remove 210000520 Assy PCB 3VCCPU AHCT Add 210001232 Ass PCB , 3V CCPU | F102: Flex | G102: Gary | H102: Eugene | J102: Raised OESR 204395 for Milford support | K102: Yes | L102: 1- High(< 1 week) | M102: Close | N102: 14
A103: S20102 | B103: Manufacturing | C103: 44131 | D103: NA | E103: ECO9233927 BOM/ ASP 279003271 Assy, Detector, 2489 W/O Flow Cell (Top Level 186248900 and 186017002) Request to change below : Remove 210000520 Assy PCB 3VCCPU AHCT Add 210001232 Ass PCB , 3V CCPU Remove 210000355 Assy, PCB 2489 TUV Personality Add 279004194 Assy, Personality Board | F103: Flex | G103: Gary | H103: Desmond | J103: [27Oct20] Sent to Milford and genealogy is updated. | K103: Yes | L103: 1- High(< 1 week) | M103: Close | N103: 1
A104: S20103 | B104: Manufacturing | C104: 44133 | D104: NA | E104: Instrument Serial Number Printing: 1. Model: 186269506 e2695 Sep Mod w/HC S/N:K20SM4089A (Inaccurate scan of serial number due to label pasted with crease) | G104: Gary | H104: Eugene | J104: Reprinted ISNL as per request | K104: No | L104: 1- High(< 1 week) | M104: Close | N104: 3
A105: S20104 | B105: Test | C105: 44133 | D105: TE82882-8 | E105: 1. Problem Statement. - Tester having loss comm failure on all position 1.1 Check using Instacal able to close/open the relay 1.2 Check on control switch not able to closed the relay 2. Acceptance criteria that is not met. (e.g. relevant specification number and revision) - UUT shall pass complete test as per TSP 735001613. 3. Relevant records (e.g. Incomin QA, Test Records, Photos, trackise NCRs numbers and related issue) - N/A. 4. Info on whether this issue impacts revenue. - May impact revenue if not able to recover tester in time. | F105: Flex | G105: Joel | H105: Hua Zhen | J105: [02Nov20] Alternate solution is in place as per Eric's email. No impact to production, put under monitoring | K105: No | L105: 1- High(< 1 week) | M105: Close | N105: 10
A106: S20105 | B106: Manufacturing | C106: 44137 | D106: TB573 B | E106: Description : 2 issues detected : 1. A red light found on the LED display for all 3 channels and testing cannot be perform on all 3 channels. | G106: Alan Oh | H106: Siddharth | I106: 44137 | J106: [02 Nov 2020}Will Hudd has resolved the issue. It was a software issue which has to be resolved. | K106: No | L106: 1- High(< 1 week) | M106: Close | N106: 3
A107: S20106 | B107: Test | C107: 44138 | D107: TE82951-1 | E107: 1. Problem Statement. - TE82951 Mask Alignment System not able to performed intended usage. (oper 3.2 onwards) 2. Acceptance criteria that is not met. (e.g. relevant specification number and revision) - UUT shall be actviated from operation 3.2 onwards. 3. Relevant records (e.g. Incomin QA, Test Records, Photos, trackise NCRs numbers and related issue) - Refer to attached pictures. 4. Info on whether this issue impacts revenue. - shall impact revenue for box build and spare. | F107: Flex | G107: Joel | H107: Hua Zhen | I107: 44161 | J107: [08Nov20] Temprary solution is in place. No impact to shipment. Soucing replacement power adpator in progress; [26Nov20] Matt: If you can find an 18 VDC supply with at least 1 Amp output locally, with the same pinout, it should be fine. | K107: Yes | L107: 1- High(< 1 week) | M107: Close | N107: 17
A108: S20107 | B108: Test | C108: 44139 | D108: TE83053 | E108: 1) ICT will fail U1 test, old EOL parts from Micron is working well. since we switch to new replacement parts from ISSI, ICT will all shows fail…we need technical support on this. | F108: CEI | G108: De Jia | H108: Hua Zhen | J108: [08Nov20] OESR 204443 was raised to Milford. Milford is working with CEI about this IC programming. [15Nov20] Fixture will be shipping to Milford for programming. No action from WPPL. Close | K108: Yes | L108: 1- High(< 1 week) | M108: Close | N108: 5
A109: S20108 | B109: Manufacturing | C109: 44144 | D109: NA | E109: Reprint of Waters Label due to : 1. NCG-SG200903 (2 labels) - Field return due to Damaged packaging 2. NCR-SG200905 (1 label)- Field return due to broken pallet 3. 186186301 (2 labels)- label misaligned | F109: Venture | G109: Alan Oh | H109: Yee Hwa | I109: 44144 | J109: Printed | K109: NO | L109: 1- High(< 1 week) | M109: Close | N109: =NETWORKDAYS(C109,I109) -> 1
A110: S20109 | B110: Manufacturing | C110: 44144 | D110: NA | E110: Request for Sigmasure Appliaction to be installed on Detector offline station | F110: Flex | G110: Aldwin | H110: Desmond | J110: Rejected | K110: No | L110: 2- Medium(<4 weeks) | M110: Close | N110: 1
A111: S20110 | B111: Manufacturing | C111: 44152 | D111: NA | E111: Instrument Serial Number Printing: Instrument Serial Number L20SHC492N print out as "Product of USA" instead of "Product of Singapore" 1. Model: 289000560 HEATER/COOLER MODULE S/N: L20SHC492N | F111: Flex | G111: Aldwin | H111: Eugene | I111: 44161 | J111: Reprinted ISNL as per request | K111: No | L111: 1- High(< 1 week) | M111: Close | N111: =NETWORKDAYS(C111,I111) -> 8
A112: S20111 | B112: Manufacturing | C112: 44152 | D112: NA | E112: Reprint of Waters Label due to : 1. 186015043 (1 label) - serial number had faded and affected serial number is L20CMP221G | F112: Venture | G112: Chan | H112: Yee Hwa | I112: 44152 | J112: Printed | K112: NO | L112: 1- High(< 1 week) | M112: Close | N112: =NETWORKDAYS(C112,I112) -> 1
A113: S20112 | B113: Manufacturing | C113: 44152 | D113: 999025393 / 999042653 | E113: Aliance Carousal Tooling Wear and Tear. 1. Tooling 999042653 Locating Pin Assy , Fixture 2. Tooling 999025393 Tool Press Clip to Mounting Plate | F113: Flex | G113: Gary | H113: Guan Yee | I113: 44155 | J113: Replaced with existing spares in Flex; RFQ for spare fabrication | K113: No | L113: 2- Medium(<4 weeks) | M113: Close | N113: =NETWORKDAYS(C113,I113) -> 4
A114: S20113 | B114: Manufacturing | C114: 44153 | D114: NA | E114: Reprint of Waters Label due to : 1. 186017000 (1 label) - the description code had faded and affected serial number is L20VQS190G. Please refer to the attachement "L20VQS190G.JPG" | F114: Venture | G114: Chan | H114: Yee Hwa | I114: 44153 | J114: Printed | K114: NO | L114: 1- High(< 1 week) | M114: Close | N114: =NETWORKDAYS(C114,I114) -> 1
A115: S20114 | B115: Test | C115: 44155 | D115: TE82760-7 | E115: Description: There is no output file or report in test station if UUT is FAIL and missing information in the test report of passed record. Details: 1) TE82760-7 test software do not generate test report in "Output File" of software directory and also no physical report for the case of failure for all the affected models. The other two stations are able to print out failed report. 2) The PASS report from TE82760-7 is missing firmware version for 186002475,186017006 and 186247500 and appears only one TMD number (not able to show more than one TMD number) Attachments:1)eventlogforfailure.pdf and 2) Testreport_missinginfo.pdf | F115: Venture | G115: Chan | H115: Hua Zhen | I115: 44159 | J115: [24.11.20] Eric: the system is only set up to print passing records. We did this so we don’t have a bunch of failing test records on the production floor in case of an audit. I will look to see if I can update the test record. It may require a code change, in which case I would do for the release of the next FLR ( 1st Q next year) | K115: Yes | L115: 1- High(< 1 week) | M115: Close | N115: =NETWORKDAYS(C115,I115) -> 3
A116: S20115 | B116: Manufacturing | C116: 44158 | D116: NA | E116: Reprint of Waters Label due to : 1. 186015082 (1 label) - the lablel had missing last portion and affected serial number is L20BSP188G. Please refer to the attachement "L20BSP188G.JPG" | F116: Venture | G116: Chua | H116: Yee Hwa | I116: =C116 -> 44158 | J116: Printed | K116: No | L116: 1- High(< 1 week) | M116: Close | N116: =NETWORKDAYS(C116,I116) -> 1
A117: S20116 | B117: Manufacturing | C117: 44158 | D117: NA | E117: Reprint of Waters Label due to : 1. 186015082 (3 labels) - the label had mis-alignment and affected serial number is L20BSP179G, L20BSP185G and L20BSP186G. Please refer to the attachement "L20BSP179G.JPG, L20BSP185G, L20BSP186G" | F117: Venture | G117: Chua | H117: Yee Hwa | I117: =C117 -> 44158 | J117: Printed | K117: No | L117: 1- High(< 1 week) | M117: Close | N117: =NETWORKDAYS(C117,I117) -> 1
A118: S20117 | B118: Manufacturing | C118: 44158 | D118: NA | E118: Reprint of Waters Label due to : 1. 186179100 (3 labels) - the label had mis-alignment and affected serial number is L20SMC721G to L20SMC723G. Please refer to the attachement "L20SMC721G.JPG, L20SMC722G, L20SMC723G" | F118: Venture | G118: Chua | H118: Yee Hwa | I118: =C118 -> 44158 | J118: Printed | K118: No | L118: 1- High(< 1 week) | M118: Close | N118: =NETWORKDAYS(C118,I118) -> 1
A119: S20118 | B119: Manufacturing | C119: 44160 | D119: NA | E119: SigmaSure system down, unable to capture parts number serial in system. Currently flex use in-house Traceability to record. Affected on Detector and QSM family. | F119: Flex | G119: Aldwin | H119: Edwin | I119: 44162 | J119: Sigmasure is up | K119: No | L119: 1- High(< 1 week) | M119: Close | N119: =NETWORKDAYS(C119,I119) -> 3
A120: S20119 | B120: Test | C120: 44160 | D120: TE82526-4 | E120: 1. Problem Statement. - TE82526-1 Pump Tray Tester not able to initialize UUT - Trouble shootin in progress 2. Acceptance criteria that is not met. (e.g. relevant specification number and revision) - UUT shall pass complete test as per TSP WAT210700 3. Relevant records (e.g. Incomin QA, Test Records, Photos, trackise NCRs numbers and related issue) - N/A 4. Info on whether this issue impacts revenue - may impact revenue if not able to recover in time | F120: Flex | G120: Joel | H120: Hua Zhen | I120: 44162 | J120: [29Nov20] Repaired and monitoring 1. Replaced fan p/n:WAT270313 2. Test 3x UUT and able to PASS 3. Release back to Production | K120: NO | L120: 1- High(< 1 week) | M120: Close | N120: =NETWORKDAYS(C120,I120) -> 3
A121: S20120 | B121: Test | C121: 44161 | D121: TE83026-2 | E121: Description: Communication lost in between test PC to SwitchAndSense-8/8 (switch box). Details: Switch box USB power is off during testing or before starting test. Troubleshooting: 1) Reconnect USB cable to PC 2) Changed USB port at PC 3) Shut down PC and turn on. It is ok for one unit and thenLED turn off again after 1 unit test. In some cases, PC has to be shut down twice as the test software is hang. 4)Inspected cable for loose or damage wires and did not observe any abnomalities 5) Check connectivity from cable to switch box and connection is okay 6) Device driver could not be detected if USB is off 7) While testing, only stop at "dump leakdetector" Frequency: every unit Observed date: 25Nov20 Production Impact: Yes Attachment: Yes | F121: Venture | G121: Chan | H121: Hua Zhen | I121: 44172 | J121: [30Nov20] Check power adaptor and relay box. It's not a root cause [04Dec20] Passed used relay box and pc power supply to chan for troublehshooting. [10Dec20] tester is recovered by replacing power supply adaptor | K121: Yes | L121: 1- High(< 1 week) | M121: Close | N121: =NETWORKDAYS(C121,I121) -> 8
A122: S20121 | B122: Manufacturing | C122: 44165 | D122: NA | E122: Reprint of Waters Label due to : Misalignment of the label for SIT units . Serial Number affected : L20SCM026G,L20SCM027G,L20SCM028G,L20SCM029G, | F122: Venture | G122: Alan Oh | H122: Yee Hwa | I122: =C122 -> 44165 | J122: Printed | K122: NO | L122: 1- High(< 1 week) | M122: Close | N122: =NETWORKDAYS(C122,I122) -> 1
A123: S20122 | B123: Test | C123: 44165 | D123: TE83064-15 | E123: Description : Lamp lighting failure at TUV of FTN tester TE83064-15. Steps of Analysis : 1.Relight the lamp.Still failed. 2.Reset (power cycle) to TUV detector. Still failed. 3.Swapped lamp with other tester. Failure followed to the lamp. Result: Basic verification shows lamp has issue . Shipment Impact : No shipment impact due to this issue. Estimated Date : NA Additional Time needed for analysis : This tester and TUV will be due to annual PM on 05 Dec 2020 . Attachment : Photos of lamp lighting failure. | F123: Venture | G123: Lwin | H123: Hua Zhen | I123: 44168 | J123: [04Dec20] Lwin to arrange PM as schedule | K123: No | L123: 2- Medium(<4 weeks) | M123: Close | N123: =NETWORKDAYS(C123,I123) -> 4
A124: S20123 | B124: Test | C124: 44169 | D124: TE82510 | E124: Problem Statement. - Communication error for model WT210000416 and WT0000425 2. Acceptance criteria that is not met. (e.g. relevant specification number and revision) - Must be able to pass test requirements 3. Relevant records (e.g. Incomin QA, Test Records, Photos, trackise NCRs numbers and related issue) - Test Record 4. Info on whether this issue impacts revenue -Impact on model 210000416 and 210000425 weekly requirement | F124: Flex | G124: Bernard | H124: Hua Zhen | I124: 44173 | J124: [06Dec20] Senai will collect a spare cpu from waters on Monday. [10Dec20] Tester is recovered by replacing old CPU board from Waters | K124: Yes | L124: 1- High(< 1 week) | M124: Close | N124: =NETWORKDAYS(C124,I124) -> 3
A125: S20124 | B125: Test | C125: 44169 | D125: TE83064 | E125: Description : Flow Cell replacements for TE14,15,16 and 17 annual PM. Request flow cells (Qty 4) for FTN testers. Steps of Analysis : 1. Flow cells (Qty 4) were shipped to Milford for testing. 2. Checked status of return with Milford on 30 Nov and 2 Dec. Didn't receive status reply. 3. HuaZhen replied on 03 Dec that he also didn't receive returned flow cells from Milford. Shipment Impact : No shipment impact due to this issue. Estimated Date : NA Additional Time needed for analysis : (x2) Flow cells will be required on 11 Dec and another (x2) will be required on 21 Dec. Attachment : Email history attached. | F125: Venture | G125: Lwin | H125: Hua Zhen | I125: 44173 | J125: [8Dec20] Lamp will be placed during PM and PM is arranged per schedule. | K125: No | L125: 1- High(< 1 week) | M125: Close | N125: =NETWORKDAYS(C125,I125) -> 3
A126: S20125 | B126: Manufacturing | C126: 44173 | D126: NA | E126: Operator has damaged the label when he was going to paste on the instrument. As a result serial labels need to be replaced. Material Serial Number 186002441 M20TC2O63H Request to manual print the serial labels as above. | F126: CEI | G126: Jason Wang | H126: Eugene | I126: 44174 | J126: Reprinted ISNL as per request | K126: No | L126: 1- High(< 1 week) | M126: Close | N126: =NETWORKDAYS(C126,I126) -> 2
A127: S20126 | B127: Manufacturing | C127: 44175 | D127: NA | E127: Notice Skip serial Number when Printing Label. Model : 186015042 Last Serial number printed was L20CHA634G and when printing the next work order start from M20CHA647G. There are missing serial numbers from 635 to 646. | F127: Venture | G127: Alan Oh | H127: Yee Hwa | I127: 44175 | J127: Clarified with Bill, the missing the number were used by Milford on IVD product. No action needed. | K127: No | L127: 1- High(< 1 week) | M127: Close | N127: =NETWORKDAYS(C127,I127) -> 1
A128: S20127 | B128: Test | C128: 44175 | D128: TB537B | E128: Description : When the Heater power switch is turn on, the temperature does not increase and there is no increase in the Current Readback reading. | F128: Venture | G128: Alan Oh | H128: Siddharth | I128: 44175 | J128: [10Dec20] The fuses had blown out. Got new fuses and it works. Issue fixed and line up. | K128: No | L128: 1- High(< 1 week) | M128: Close | N128: =NETWORKDAYS(C128,I128) -> 1
...

Sheet Combine
A1: Log Number | B1: Engineering Group | C1: OESR Date Received | D1: TE Tool No | E1: Problem Summary | F1: Site | G1: Originator | H1: Assignee 2 (WPPL) | I1: Date Completed | J1: Remark/Closure | K1: OESR to Milford | L1: 1- High(< 1 week) | M1: STATUS | N1: Time for closure (Days)
A2: S190001 | B2: Test Engineering | C2: 43468 | D2: Shunts | E2: PDA FINAL TEST EQUIPMENT at Flex currently have 6 pcs of PDA Medium Shunt PN # 289002226, Last Q4'2018 Weekly ave. build and test is 40 units, moving forward next week PDA shall require weekly ave. of 54 units.of build and test. Therefore, Flex would like to request for add'l 3 units of shunts 289002226 to cope up with production. | F2: Flex | G2: Joel | H2: Yee Hwa | J2: Loaned 2 PDA Medium Shunt and 3 TUV Shunt to Flex, to be return if shipment reduce. | K2: No | L2: 2- Medium(<4 weeks) | M2: Close | N2: 2
A3: S190002 | B3: Manufacturing Engineering | C3: 43468 | D3: 999027590 | E3: MPMV Station Assy on motor 999027590 Motor to Housing Assy Fixture can tighten one cycle of screw and stop unble to tighten in second cycle. Note : Without load motor able to run full cycle and with load with motor unable complete full cycle. | F3: Flex | G3: Gary | H3: Yee Hwa | J3: Adjusted "Torque driver swtich pressure"- solved | K3: No | L3: 1- High(< 1 week) | M3: Close | N3: 1
A4: S190003 | B4: Test Engineering | C4: 43469 | D4: PM Procedure | E4: Request PM procedure for TCM II with PN 186002441 | F4: Flex | G4: Joel | H4: HuaZhen | J4: [04Jan2019] Sent PM procedure to Joel [11Jan19] OESR 193050 [08Feb19] The updated PM procedure was received by ECO. Flex was informed and started with PM | K4: Yes | L4: 2- Medium(<4 weeks) | M4: Close | N4: 26
A5: S190004 | B5: Test Engineering | C5: 43278 | D5: TE82943 | E5: Missing serial number at the bottom of the test report (Ser.No) of Acquity BSM 18K PLUS test in some Test record and it is encountered across all test stations TE82943 #1,#19,#20,#21,#22 and #24. Please kindly refer to the "BSM Test Record.JPG" | F5: Venture | G5: Chan Myae Soe | H5: Yee Hwa | I5: 43721 | J5: OESR 182626 [30Aug18] Ed Reply: No updates to report. Expect to look into this anomaly soon. It's not repeatable and completely random from what I've discovered. [19Oct18] Ed update: Made a Test Program code modification on the TE Lab PC and is under evaluation. [11Jan19] Checked with Venture, the issue is still existing randomly. [31Jan19] 29Jan2019: It has not been resolved and still require support to solve the issue. 29-Jan-2019: A fix for this intermittent condition has been added to the latest test programs. It was going to be released along with Firebrick firmware in January. However, Firebrick firmware is now being rolled up into Gold firmware. So now it will be released in April with the Gold firmware release. Apr23: same status. expecting release soon. [13Sep19]formally close TMD010661 v02 as ECO9229308 is already implemented | K5: Yes | L5: 2- Medium(<4 weeks) | M5: Close | N5: =NETWORKDAYS(C5,I5) -> 318
A6: S190005 | B6: Test Engineering | C6: 43276 | D6: TE83064-All | E6: Starting from end of April (mainly after software & firmware updates) till now, we are observing high Needle Seal Force failures for all FTN models at all testers. Please refers to attached ppt files for information that we observed about this failure. The purpose of this OESR is to request help from Waters' Test engineer for Needle Seal Force failure and to prequest direction to prevent/reduce this failure. | F6: Venture | G6: Eilwin | H6: HuaZhen | J6: OESR 182633 [06Jul18] GES being tasked to measure spring force. [17Jul18] GES have verified 10 springs and confirmed that the spring force are all within specs. To share results with Rick and ask for further advise. [27Jul18] Venture to provide the test results for the 10pcs spring under evaluation. [10Aug18] Rick questioned Load Cell replacement for repair, Venture was informed to provide explaination. Changing spec from 48 to 40 is in discussion in Milford [14Aug18] No load cell(seal wash block) was replaced but re-assemble of load cell was performed. Venture agreed to focus on those re-assemble required units to seek improvement of yeild. Venture will update team with test data on Thursday. [21Aug18] Venture look into the units failed and required reassemble the seal wash block data and will contact with Milford to pursuit a solution [28Aug18] Test Data and Venture Spring Study sent to Rick, no reply so far [31Aug18] Rick advise to have evaluation on Spring Cup with 90 degree interval, Venture was informed [20sep18] The Spring Cup evaluation data sent to Rick and suggested by Edwin to have Venture to get higher spec of Spring from supplier to do evaluation [12Oct18] Rich advised to study the relation between misalignment of wash cup and needle seal force failure issue [10Jan19] Milford and RD is studying on changing of PSD [31Jan19] Changes to the test specification are in discussion to lower the Needle Seal Force specification from 48 to 40. This would alleviate the majority of the failures at the Singapore test site as well as some at the milford site. Change is part of larger discussion to change multiple test specifications on the CPSM final test station. | K6: Yes | L6: 3- Low (> 4 weeks & above) | M6: Close | N6: 162
A7: S190006 | B7: Test Engineering | C7: 43336 | D7: TE83013 | E7: TE83013-1 is observed to experience a test sequence error at "Ecord Interface Test" by skipping to instruct to connect "Ecord" to the UUT while testing for 186015042. They have recently changed the tester PCBA P/N:210000367 (ASSY PCB CPSM CONTROLPCB) Rev H because existing P/N:210000367 Rev G was faulty on 14-Aug-2017. Refer to videos for failure occurrence. | F7: Venture | G7: WPPL - Siew Yee | H7: HuaZhen | I7: 43790 | J7: OESR 171993 Milford will upgrade the tester, in progress [20Sep18] Matt replied on 12 Sep 18 ,'New tester is still pending. Schedule has slipped a bit, as the new test is still a little unreliable. I am working on it and will be looking to you for help with the upgrade schedule as soon as I get it nailed down.' [24Sep18] Matt Brule update: the same status 24-Nov-2018 Working on bug as time allows expect resolution soon, working to prove theory about Ecord formatting 17 DEC 2018 Same status (Pending Matt Brule.) 23-Jan-2019, expect to get freed up to complete this in February 23-FEB-2019, expect to get freed up to complete this soon 25th Jun - Edwin comment - Huazhen to follow up with Matt on status. 25th Jun - Emailed Matt to check status [27Jun19] No reply from Matt [02Jul19] Huazhen to sent a reminder. [04Jul19] Sent remider to Matt [10Jul19] Matt -- New tester coming soon, this is finally back at the top of my list. [21Nov19] No further action required from WPPL. Close this OSER and park under monitoring | K7: Yes | L7: 3- Low (> 4 weeks & above) | M7: Close | N7: =NETWORKDAYS(C7,I7) -> 325
A8: S190007 | B8: Test Engineering | C8: 43297 | D8: TE83031-1 | E8: The existing optics bench alignment stations are using Golden flow cell to align all the optics benches.These Golden flow cells do not have the proper PM procedure to maintain their performance initially.Venture recently working with WPPL to release PM procedure for these golden flow cells. PM could help to improve flow cell performance for mechanically but it couldn't help when the flow cells are facing optically degaraded and againg. Milford Engineer agreed Venture should have one back up golden flow cell in any case of flow cell degrading over a few years of usage and for not interrupting production while it waiting Milford to send over new Golden flow cell. Request to send over new Golden Flow cells for Optics Alignment Test Stations. Please share with us how to perform the measurement and any specification threshold for replacement. Refer to attached photos of Ref photo diode flow cell. | F8: Venture | G8: MiMi | H8: Mandy | I8: 43753 | J8: Email from 16th July from Matt Franklin 'creating a new Photodiode Flow Cell and a New Golden Flow Cell to be used during the optics bench alignment station' Update on 14Aug from Matt, prototypes made and software due to be complete by the end of Aug. May take a couple of iterations to get the process/software to a good point. Expect these will be ready to ship to Sg by the end of the year. Current flow cells to be monitored until then. [15th October 2018] Matt has updated that the new flow cells will most likely be available at end of 19Q1 due to one staff member leaving and additional testing being carried out. [24th June 2019] Expected completion date is now end of 2019. [31Oct19] Duplicate OESR S190125. Close | K8: No | L8: 3- Low (> 4 weeks & above) | M8: Close | N8: =NETWORKDAYS(C8,I8) -> 327
A9: S190008 | B9: Test Engineering | C9: 43329 | D9: TE82760 | E9: On the month of Jun & July, Venture production found some failures in Ram-Ray Valley Energy during FLR detectors final test for 5029 models. The UUTs were passed when they replaced with new PMTs. The failed PMTs were used in 2475 models detectors, passed the test. Venture requested Hamamatsu to provide the failed PMTs test data and performed some data analysis and some evaluation to find the correlation between Hamamatsu test data and our test based on our knowledge. Refer to attached slides for details. OESR is requested to be raised to follow up and get some advices from Milford Engineer to look into the possible root causes if this failure occur in future. | F9: Venture | G9: MiMi | H9: Edwin | I9: 43643 | J9: No failures of this type since 23rd July. 17th August, Edwin will make contact with Milford engineering to get more details on the type of failure that is happening. [3thSep18]: This is a part related issue on Hamamatsu Lamp. Reassigned to Edwin to follow up. [20thSep18]: No advise yet from Matt/ Nic, will continue to follow up [27thJun19]: Matt indicated there is no anomaly monitored on the PMTs and is likely related to the alignment of the flowcells on noise issue. New golden flowcells in process of begin fabricated under a different OESR. To close | K9: No | L9: 3- Low (> 4 weeks & above) | M9: Close | N9: =NETWORKDAYS(C9,I9) -> 225
A10: S190009 | B10: Manufacturing Engineering | C10: 43356 | D10: 999028048 | E10: Wear and tear of tool. Require replacement. [19Sep] Flex to source spare; no impact to production | F10: Flex | G10: Gary | H10: Yee Hwa | I10: 43736 | J10: Flex to source replacement quotation. 999042121. Quatation provided, decided Yuan Heng on 28Sep ETA: end Oct | K10: No | L10: 3- Low (> 4 weeks & above) | M10: Close | N10: =NETWORKDAYS(C10,I10) -> 272
A11: S190010 | B11: Test Engineering | C11: 43425 | D11: TE82743-03 | E11: Racal Functional Tester vacuum always turn on. A Medium operation of the tester is the vaccum only on at the start of the test of any UUT and off when the test stop. But currently the situation is the vaccum always on. | F11: Venture | H11: HuaZhen | J11: [23Nov18] OESR 182936 [07Dec18] contacted the local supplier for the valve, wait for quotation [10Jan19] PO was issued and asked ETA today [01FEB19] Part ETA early Mar; | K11: Yes | L11: 3- Low (> 4 weeks & above) | M11: Close | N11: 56
A12: S190011 | B12: Test Engineering | C12: 43425 | D12: TE82943 | E12: Production is seeing high failure of 0.3ml flow rate accuracy failure at TE#1. Please kindly refer to the "TE82943_1 High Failure.pptx" | F12: Venture | H12: HuaZhen | J12: [23Nov18] OESR#182935 [07Dec18] Received tubings and start evaluation in Jan 2019 [11Jan18] Installed tubing on TE1, The test result shows positive, it's under monitoring with more test data [31Jan19] Test result shows improvement of FPY | K12: Yes | L12: 3- Low (> 4 weeks & above) | M12: Close | N12: 55
A13: S190012 | B13: Manufacturing Engineering | C13: 43428 | D13: 999045819 | E13: Tooling 999045819 Spiral Wrap 3 , Both roller unable to hold tubing due to wear n tear . Affecting for both models 186269505 & 186269506. | F13: Flex | G13: Gary | H13: Yee Hwa | I13: 43712 | J13: Sourcing in progress. [04Sep19] Close during eng meeting. Tools in use now | K13: No | L13: 3- Low (> 4 weeks & above) | M13: Close | N13: =NETWORKDAYS(C13,I13) -> 203
A14: S190013 | B14: Test Engineering | C14: 43431 | D14: TE82988-2 | E14: 1. Model 210000384 boards failing at TE82988-2 GTS Tester but when test at 2690 TE 82510 Tester the boards able to passed. Failed Test UUT Power : (GTS TE82988-2) 1.Power Supply Status - Failed 2.Test 3.3V Supply - marginal failure Note : shipment will be at risk . | F14: Flex | G14: Erzad | H14: HuaZhen | J14: [07Dec18] Milford is evaluating if need to change the spec or not [11Jan19] OESR 182950 : 28-Nov-2018: The failure has been assessed. A VAF has been created, reviewed and approved. 29-Nov-2018: An EDV is required, (created, reviewed, approved, executed). Then an EDV Report will need to be created, reviewed and approved. From this point the new test program can be released to production. Current thinking is that we may have these documents in approved at the earliest 03-Dec-2018. [08Feb19] Sent the schematic to Flex and asked them to focus on troubleshooting of 'Test UUT Power' as it's the majority of failures. [14Feb19] Test program was upgraded to version 0.1. Waiting for validation from Milford | K14: Yes | L14: 3- Low (> 4 weeks & above) | M14: Close | N14: 49
A15: S190014 | B15: Test Engineering | C15: 43439 | D15: TE82475 | E15: 1. PCBA Controller PN Not Available Qty: 1 pc. 2. Transducer (Range 2000 PSI) - PN not available Qty: 1 pc Note: 1. Need to get advise from Mlford as mention parts are Waters customised board 2. Not able to open the flow cell tester as Flowcell running everyday. | F15: Flex | G15: Joel | H15: HuaZhen | J15: OESR: 182975 OFI | K15: YES | L15: 3- Low (> 4 weeks & above) | M15: Close | N15: 5
A16: S190015 | B16: Test Engineering | C16: 43439 | D16: TE82534 | E16: SPARE PARTS REQUEST : DESCRIPTION Qty Required: 1. PCBA Controller PN SC2072 ASSY181310-02 National Instruments 1 pc. 2. Waters Pump Conctrol Module - PN not available from Front/Back View 1 pc Note: Above parts not able to source by Flex. Refer to Attach TE 82534 515 Final Tester | F16: Flex | G16: Erzad | H16: HuaZhen | J16: OESR: 182975, shared OESR with above OFI | K16: No | L16: 3- Low (> 4 weeks & above) | M16: Close | N16: 5
A17: S190016 | B17: Test Engineering | C17: 43439 | D17: TE82613 | E17: SPARE PARTS REQUEST : DESCRIPTION Qty Required: 1. TE82613 Pump Mechanic Run In Modeule PCBA PA not available Note: Pls. refer to attach TE 82613-2 Pump Mechanic Run In Module file | F17: Flex | G17: Joel | H17: HuaZhen | J17: OESR: 182975,shared OESR with above OFI | K17: No | L17: 3- Low (> 4 weeks & above) | M17: Close | N17: 5
A18: S190017 | B18: Test Engineering | C18: 43439 | D18: TE82705 | E18: SPARE PARTS REQUEST : DESCRIPTION Qty Required: 1. Interface Card 1 set 2. Controller Card 1 set Note: PCBA Controller No Part Number on the surface Refer to Attach TE 82705 1500 Series Pump Final Test Sation | F18: Flex | G18: Joel | H18: HuaZhen | J18: OESR: 182975,shared OESR with above OFI | K18: No | L18: 3- Low (> 4 weeks & above) | M18: Close | N18: 5
A19: S190018 | B19: Test Engineering | C19: 43439 | D19: TE82534 | E19: SPARE PARTS REQUEST : DESCRIPTION Qty Required: 1. 515 Bezel Assembly Tester 1 set Note: PCBA Controller No Part Number on the surface Refer to Attach TE 82581 Bezel Assembly Tester | F19: Flex | G19: Joel | H19: HuaZhen | J19: OESR: 182975,shared OESR with above OFI | K19: No | L19: 3- Low (> 4 weeks & above) | M19: Close | N19: 5
A20: S190019 | B20: Test Engineering | C20: 43430 | D20: TE82817 | E20: During business review, it is found that TE82817 is at high risk and it could be down any time. This tester down can cause production line of PCM to be stopped. This test station has IBM M50 PC and test box which are very old. Upon checking, IBM M50 pc was manufactured in 2003 and its OS is window XP. Test box for PCM is also an old test box. Please refers to attached photos for reference. Therefore, request to upgrade PC and test box for TE82817. | F20: Venture | H20: HuaZhen | J20: [19Dec18]OESR 183008 [20ec18] Jaaffar said it's not high on piority list and asking if WPPL can build a new tester; [11Jan19] Mandy was identified as POC to follow up this new tester moderize project. | K20: YES | L20: 3- Low (> 4 weeks & above) | M20: Close | N20: 35
A21: S190020 | B21: Test Engineering | C21: 43460 | D21: TE82900-2 | E21: Request for functional tester wiring diagram to aid in troubleshooting. | F21: Flex | G21: Erzad | H21: HuaZhen | J21: OESR183012 [26th Dec 18] Senai's ST Ng raised a request for schematics on wiring diagram of functional testers [01Jan19] Received Diagram | K21: YES | L21: 2- Medium(<4 weeks) | M21: Close | N21: 4
A22: S190021 | B22: Test Engineering | C22: 43461 | D22: TE9046-11 | E22: To repair the testware frequency board. | F22: Flex | G22: Joel | H22: HuaZhen | J22: [28th Dec 18] Senai's Sua raised a request for ICT test fixture repair | K22: No | L22: 2- Medium(<4 weeks) | M22: Close | N22: 1
A23: S190022 | B23: Test Engineering | C23: 43474 | D23: TE82988-9 | E23: 1. GEOTEST chassis in GTS tester TE#82988-9 randomly shuts down. 2. Found cause of shutdown due to one DC power supply module in the GEOTEST chassis. 3. Power supply module was check and cleaned. No visible defect found. 4. The unit may run Ok for many days, then suddenly shutdown by it self. 5. A replcement power power supply module is required. See attaached. 6. This GTS tester is mainly for testing PCBA for Waters UK (Micromass). | F23: CEI | H23: HuaZhen | J23: [10Jan19] Edwin checked with Ray to proceed with parts purchasing and replacement, Crosscharge to UK; [11Jan19] GeoTest Chassis was loan to CEI; Asked to either repair their existing chassis or return the bad chassis if they're not able to source PSU replacment | K23: No | L23: 2- Medium(<4 weeks) | M23: Close | N23: 2
A24: S190023 | B24: Test Engineering | C24: 43474 | D24: TE82988-2 | E24: Model 2100001203 & 2100001164 tested using same FT Fixture TE0084037-2 failure FT Test with Error message prompted "Is Scope Triggered?" . Retest 5 boards each model also failure above similar failure mode. Senai engineer was try to change cable from TE82888 card to UUT but still having similar failure. I also change spare cable from TE82888 card to 210000415 cards in fixture but still same failure. | F24: Flex | G24: Erzad | H24: HuaZhen | J24: [10Jan19] OESR 193041 [11Jan19] Test Sequence online debug option was enabled. Richard deselected the option as Administrator | K24: Yes | L24: 1- High(< 1 week) | M24: Close | N24: 2
A25: S190024 | B25: Test Engineering | C25: 43476 | D25: TE82510 | E25: 1. 210000411 board were tested on the Alliance tester with the fixture (Job# 3011206), the test output a corrupted display on the backlit LCD along the test and failed at the test sequence "FLOPPY INTERFACE TEST, TESTING FLOPPY ON J-27 **** ACCESSING FILE **** 2. For the display output corruption issue, display were swapped with another assembly with the display producing very dim output, we were able to see that the output was still corrupted as in the sample image attached together in email. 3. For "FLOPPY INTERFACE TEST, TESTING FLOPPY ON J-27 **** ACCESSING FILE **** , we've swapped the floppy disk along with the IDE cable. The floppy drive were able to be turned on and were actuating the floppy disk for reading. 4. All probes changed. | F25: Flex | G25: Erzad | H25: HuaZhen | J25: [11Jan19] OESR 193051 [15Jan19] Received a text file from Edward Jackson and asked Flex to rerun the test with file from Milford [31Jan19] Flex KP sent 411 fixture to Flex Senai and ETA to Flex Senai on 4th Feb 2019 [08Feb19] Ed has confirmed the fixture was verified in Milford and Flex Senai did verification of fucationality too. Both verification shows the fixture is in good working and fit for prodution test. | K25: Yes | L25: 2- Medium(<4 weeks) | M25: Close | N25: 20
A26: S190025 | B26: Test Engineering | C26: 43482 | D26: TE83064-10 | E26: There was leakge at BSM of TE83064 -10 during dynamic leak test. After checking BSM dynamic test through console, there were minor leakage found on Accumulator of Pump A and Pump B. After changing these seals, there was still leakge at dynamic leak test (by pass) more than 1000nL caused by BSM vent valve. After changing BSM vent valve, resolved leakage issue. Here is request for replacement of (x2) set of BSM seal and BSM vent valve. | F26: Venture | H26: HuaZhen | J26: [18Jan19] The tester is fixed and a MRO needs to be raised for Vent Valve | K26: No | L26: 2- Medium(<4 weeks) | M26: Close | N26: 1
A27: S190026 | B27: Test Engineering | C27: 43483 | D27: TE82988-9 | E27: 1. Pickering 40-139-201 52-SPDT Relay Card at Geotest Chaasis Slot 19 having some bad relays causing test failures to PCBA testing. 2. Request a replacement card. | F27: CEI | H27: HuaZhen | J27: [18Jun19] Checked with CA regarding OESR, and he agreed to close this OESR for time being and need to discuss with Edwin if going to buy another spare since the original spare is still holding in Milford. | K27: No | L27: 3- Low (> 4 weeks & above) | M27: Close | N27: 1
A28: S190027 | B28: Test Engineering | C28: 43476 | D28: tester PC | E28: During PM for tester PCs in Venture, they identified the following tester PCs have the unsent test documents in 'SendBuffer' folder. Please kindly help to resubmission as per requirement in TSP 735003678 Generic PC Maintenance Procedure. Below is the list of PCs, 1. TE83013-2 2. TE83006 3. TE83013-1 4. TE83032-1 5. TE83031 6. TE82995-3 7. TE82995-2 | F28: Venture | H28: HuaZhen | J28: [21Jan19] OESR 193064 | K28: Yes | L28: 3- Low (> 4 weeks & above) | M28: Close | N28: 8
A29: S190028 | B29: Manufacturing Engineering | C29: 43487 | D29: SigmaSure | E29: ECO 9221720 & 9221721 Life cycle change on SL Power Supply 279000852 to Delta Power Supply 279003675 for Detectors. Sigmasure need change power supply part number from 27900852 to 279003675 1.Singapore Kallang date build on 23 Jan 2019 2. Singapore Kallang date build on 24 Jan 2019 WAT-186002487 WAT-186248900 WAT-186017002 WAT-186017003 WAT-186015034 WAT-186015032 WAT-186017012 WAT-186015033 WAT-186017013 WAT-186002998 WAT-186015053 WAT-186299800 WAT-186015031 | F29: Flex | G29: Gary | H29: Yee Hwa | K29: No | L29: 2- Medium(<4 weeks) | M29: Close | N29: 120
A30: S190029 | B30: Test Engineering | C30: 43494 | D30: tester PC | E30: Below testers have unsent files under 'Sendbuffer' folder. IP address and tester name as shown below: 10.249.55.15 TE82865-5 CPSO Final Test Station 10.249.55.16 TE82865-6 CPSO Final Test Station 10.249.55.17 TE82865-2 ASO Final Test Station | F30: CEI | H30: HuaZhen | J30: OESR193081 [31Jan2019] Reviewed files... tried to resubmit them to SigmaQuest but they came back as SQ0007 and SQ0011 files. Checked genealogy and found records have been submitted once already (SQ0007 indicates a similar record already exists). Just to be safe, I cleared the files and dumped them in the TE-1 desktop folder called "SENDBUFFER Archive" in case this comes back as a problem. The SENDBUFFER is now clear, notified Rick of disposition. No qualification required, just some moving of files. | K30: Yes | L30: 3- Low (> 4 weeks & above) | M30: Close | N30: 2
A31: S190030 | B31: Test Engineering | C31: 43504 | D31: TE82987-1 | E31: In tester TE82987-1, observed that leakage in part number: 410001901 ( GES part number: W1205001926-R, Description: Fitting, one-piece, 10-32, Black. Thus, the whole set of the above mentioned part number is required to replace in tester. Required quantity to replace: 15 pieces | F31: Venture | H31: HuaZhen | J31: [08Feb19] Requested Chan to resend OESR with item price and state the reason to replace all 15 pcs together. [25Feb19] Replacing 12 pcs of fitting and noted it down as a Preventive Maintanance for replacing every 2 years | K31: No | L31: 2- Medium(<4 weeks) | M31: Close | N31: 13
A32: S190031 | B32: Manufacturing Engineering | C32: 43507 | D32: Sigmasure | E32: Sigmasure in Detector 186015034 Acquity UPC2 PDA On 02/08/2019 Sigmasure show 5 part number and 02/10/2019 Sigmasure show extra 6 part number (Additional of 279002225) request to remove. Please refer to attachment | F32: Flex | G32: Gary | H32: Yee Hwa | J32: SS7 Corrected by Matt F on 12 Feb | K32: No | L32: 2- Medium(<4 weeks) | M32: Close | N32: 1
A33: S190032 | B33: Test Engineering | C33: 43510 | D33: CEIPNL1 | E33: Part Number label Printer was unable to power up after shutdown when i was cloning of the harddisk. I have check there was no power and the fan was not working. Suspect the power supply failure and i have checked with my MIS we did not have any similar power supply. Pls advice. Please see attached picture of the power supply. | F33: CEI | H33: HuaZhen | J33: [14Feb19] Informed Wang from CEI to collect power supply from Jie Hui and updatet the status [15Feb19] The PC is reovered after replacing PSU | K33: No | L33: 2- Medium(<4 weeks) | M33: Close | N33: 1
A34: S190033 | B34: Manufacturing Engineering | C34: 43510 | D34: Label Print | E34: ASP 279003278 Found WAT024406 (Label, Serial Shipping Label) content is illegible during assembly. Serial Number: A19998252A Root Cause: Mis-handling of Label ASP 279001743 Serial Number: A19TUV463A Found WAT024406 (Label, Serial Shipping Label) content is illegible after printing. Root Cause: Label printing defect. Request Waters personnel to assist to re-print label at Flex site. Qty: 2pcs | F34: Flex | G34: Gary | H34: Yee Hwa | J34: Action completed. | K34: No | L34: 3- Low (> 4 weeks & above) | M34: Close | N34: 1
A35: S190034 | B35: Test Engineering | C35: 43511 | D35: TE83026 | E35: At the test step of Column LEDs, the frequency of color changing on both button LEDs is very fast and both inner LEDs color (red and green) are running parallel. Is it posssible to check color LEDs status one by one? Please help to evaluate it. Please kindly refer to the attached photo named "5049 Column LED test" for your reference. | F35: Venture | H35: HuaZhen | J35: [18Feb19] OESR 193130: This OESR will be added to the planned changes to TE83026 in second quarter this year. I might be able to perform the LED test sequentially, the control of those LEDs via the diagnostic port is a bit problematic due to the instrument firmware. But, I will see what can be done to improve it. In the meantime, it is important that the operator observes each LED lit both red and green as instructed prior to continuing the test. | K35: Yes | L35: 3- Low (> 4 weeks & above) | M35: Close | N35: 3
A36: S190035 | B36: Manufacturing Engineering | C36: 43514 | D36: 418000219 | E36: 2 pcs of Tool No: 418000219 ALIGNMENT SHELF, SAMPLE ORGANIZER found out of spec after the measurement and it was due long term slide in and out in the Z-axis assembly. With this wear and tear the shelf might not able to detect the slide in slide out issue during the assembly. Therefore, we would like to replace the shelf to improve the issue. | F36: CEI | H36: Yee Hwa | J36: Notification from CEI on Shelf replacement due to wear and tear. Requested CEI to update PM proc to include critical dimention check quarterly. No action require from WPPL. | K36: No | L36: 3- Low (> 4 weeks & above) | M36: Close | N36: 1
A37: S190036 | B37: Test Engineering | C37: 43514 | D37: TE83064 | E37: For all FTN units which were tested starting from 16-Feb-2019, "location" on test records shows as "CleanRoom, Milford,US" instead of "GES/Venture, SG". This happended on all FTN testers at Venture,GES. Please refers to attached pictures and attached file for affected unit serial numbers. | F37: Venture | H37: HuaZhen | J37: [19Feb2019] The address is updated. | K37: No | L37: 2- Medium(<4 weeks) | M37: Close | N37: 1
A38: S190037 | B38: Test Engineering | C38: 43515 | D38: TE82760 | E38: During FLR detector final test, Signal to Noise Ratio failure was one of the top failure after Raman/Rayleigh failure. The units are failed the 1st test with readings approximately zero (~0.00) and the 2nd test (retest) passed with over thousands (>1000). 55.56% of Signal/Noise Ratio failure are failed with readings nearly to "zero". As such, we would like to know what could be the root cause of this failure as it is beyond our knowledge and how to prevent this failure to improve our FPY. Refer to attachement for details. | F38: Venture | H38: HuaZhen | J38: [25Feb19] OESR 193148 raised [22Mar19] Eric asked a consistently failing unit but no such unit is exiisting so far. Sufern replied Matt about this FPY issue on 14 Mar 19 [03Jun19] Eric will update test program to enable diagnostic tool for troubleshooting [21Jun19] Park it as monitoring if there's no increament of failure rate | K38: Yes | L38: 3- Low (> 4 weeks & above) | M38: Close | N38: 3
A39: S190038 | B39: Test Engineering | C39: 43516 | D39: TE82943-18 | E39: Electronics Weigh Balance AND-HR200 SN 12326186 showing unstable reading during calibration on 100g and 200g and not able to perform calibration. The usage range requires only 60 to 85 grams. It does not affect the final result due to instability occur only above 100gram onwards. The AND-HR200 SN 1236186 has been taken-oy from the line and put to not in use | F39: Flex | G39: Joel | H39: HuaZhen | J39: [01Mar2019] ITS was contacted for repair [08Mar2019] ITS asking a fialure video from Flex, so he can advise next course of actions. [24Jun2019] Joel will follow up with ITS about return of balance and clsoe this OESR | K39: No | L39: 3- Low (> 4 weeks & above) | M39: Close | N39: 92
A40: S190039 | B40: Manufacturing Engineering | C40: 43522 | D40: Label Print | E40: Certification of Functional Performance print error: Under the "Model" section, printed wording is showing "ACQUITY UPL8N9TUV DETECTOR" We tried re-printing it again but the problem persist. Refer to attached photo. | F40: Flex | G40: Gary | H40: Yee Hwa | K40: No | L40: 3- Low (> 4 weeks & above) | M40: Close | N40: 2
A41: S190040 | B41: Manufacturing Engineering | C41: 43528 | D41: Label Print | E41: Certification of Functional Performance scan-print error: Under the description section, technician scan in the serial number instead of the description, causing the certification print-out is showing chassis serial number in the "Model" section. Root cause: Human-caused error Refer to attached photo. | F41: Flex | G41: Gary | H41: Yee Hwa | J41: 6 mar - OESR-ed to Milford and fixed | K41: Yes | L41: 3- Low (> 4 weeks & above) | M41: Close | N41: 2
A42: S190041 | B42: Test Engineering | C42: 43529 | D42: TE82996 | E42: 1. TE82996 -Driver Rev.A adapter is used at the GTS1 test fixture TE82994-2, for the tesing of 210000368 and 210000904 CPSM Driver boards. 2.Total monthly production quantity was about 660 boards. 3. Base on manufacturer speciifcation for the 180 pin connector on the adapter board, the mechnaical durability is 100 mating cycles. 4. Due to the high usage for this adapter, we will like to request replacement of this adapter. | F42: CEI | H42: HuaZhen | J42: [08Mar2019] Requested CA to update the production impact to set priority. [01Apr2019] Received spare Adapaters from Milford and it's part of spare inventory now | K42: No | L42: 3- Low (> 4 weeks & above) | M42: Close | N42: 18
A43: S190042 | B43: Test Engineering | C43: 43530 | D43: TE82736 | E43: 1. Alliance Final Tester position below showing rejection due to Chemistry Test : Alliance FT 2 Position 3, Alliance FT 3 Position 2 and 3, Alliance FT 4 position 1,2 and 3. 2. There's inconsistent graph during PSI Ripple during Chemistry Test. Flex tried to flush using methanol but failure still remain so we reverse the column and right now is working. 3.Flex may need stanby replacement to avoid impact within the next 2 weeks. | F43: Flex | G43: Joel | H43: HuaZhen | J43: [18Jun19] Need with check with Joel to further understand the case [24Jun19] New ECO9229823 - 735003902, ALLIANCE FINAL TEST SYSTEM PREVENTATIVE recommeneds to replace column if it's used more than 6 months. Advised Flex to follow this practice and close this case | K43: No | L43: 3- Low (> 4 weeks & above) | M43: Close | N43: 78
A44: S190043 | B44: Test Engineering | C44: 43531 | D44: TE83026 -2 | E44: TE83026-2 test PC could not power on. After investigating, no output power from PSU. In order to operate tester, PSU from spare tester was replaced with the faulty PSU in TE83026-2. | F44: Venture | H44: HuaZhen | J44: [08Mar2019] Venture managed to receoved tester by replacing a PSU from spare tester. No impact to production. [04Apr2019] A PSU sent to Vetnure for the Spare PC recovery | K44: No | L44: 3- Low (> 4 weeks & above) | M44: Close | N44: 19
A45: S190044 | B45: Test Engineering | C45: 43531 | D45: TE82964-1 | E45: 1. Problem Statement : TE82964-1 Not able to activate the Acquity Concole.exe for Power ON/Calibration of (TUV) 2. Acceptance criteria that is not met. (e.g. relevant specification number and revision) TE82864-1 not able to activate / open the Acquity Console thus not able to "Click RESET TUV" and calibrate as per TSP 735002130 Step 4.7 3. Flex try to recover by doing basic check disk and disk defragementation, Acquity Console still not able to open. 4. It will impact 36 units shipment on 11 March 2019 if not able to recover on-time. 5. Request for Waters help to config review or config the station Acquity Console software. | F45: Flex | G45: Joel | H45: HuaZhen | J45: [08Mar2019] Flex managed to make tester running and monitoring performance now. No impact to production | K45: No | L45: 2- Medium(<4 weeks) | M45: Close | N45: 1
A46: S190045 | B46: Test Engineering | C46: 43532 | D46: TE83064-16 | E46: There was SPI interface test failed at Tester 16. After verification, it is found that failure was caused by PCBA 210000412 installed inside test box. There was no more production for PCBA 210000412 and it was replaced by 2100000969 in end 2016.Therefore, it cannot be repaired and retested. After replacing 210000412 with 210000969, tester can resume functional test without failure. Therefore, request replacement 2100000969 (Qty 1) for TE83064-16. Please refers to attached file for price info. | F46: Venture | H46: HuaZhen | J46: OESR 193202 [22Mar19] Rick was assigned to advise if Milford has concerns about this replacement [29mar19] No further action required. This is a like-for-like replacement. | K46: Yes | L46: 3- Low (> 4 weeks & above) | M46: Close | N46: 15
A47: S190046 | B47: Test Engineering | C47: 43539 | D47: TE83026 | E47: TMD010641 stated to use console to power on the AUX unit. However, started from 14th Mar, the AUX could not be powered on using console. Currently, the AUX is powered on using the test application and proceed to check 2 I-buttons LED functionality as per TMD010641 Rev 00 step 4. Moreover, console could not detect correct temperature reading which triggered heater cooler fail immediately without starting any measurement but it will pass in second time test. | F47: Venture | H47: HuaZhen | J47: OESR 193205 [22Mar19] Matt advised a method for the test and wait for venture to build & test with advised method. | K47: Yes | L47: 2- Medium(<4 weeks) | M47: Close | N47: 5
A48: S190047 | B48: Test Engineering | C48: 43539 | D48: TE83026 -2 | E48: During functional test, production encountered intermitted failure of "Leak Detector" test. On 14 and 15 of March, 1st test of every unit failed leak detector test although status light is green in leak detector measurment box at TE83026-2. All the first failed were retested and PASS. | F48: Venture | H48: HuaZhen | J48: OESR 193206 [22Mar19] Matt asked some questions and Sufern/Chan replied accordingly | K48: Yes | L48: 2- Medium(<4 weeks) | M48: Close | N48: 5
A49: S190048 | B49: Test Engineering | C49: 43543 | D49: TE82520 -1 | E49: 1. Problem Statement :TE82520-1 Workstation Computer for Alliance Carousel Carrier Drive Alignment Station is unstable when Boot-Up to Windows OS level. 2. Acceptance criteria that is not met: The station computer must be stable to Boot-up to Windows Level OS. Turning OFF the CPU for 15 mins and able to boot-up to WIN OS. Further check-up on the CPU Motherboard showing 4x Capacitors observed having bulging on top plate. (refer to attached photo). 3. Info on whether this issue impacts revenue : Alliance need to build 32 units per day. Without TE82520-1, the station can max. at 18 units per day. This will impact the revenue. | F49: Flex | G49: Joel | H49: HuaZhen | J49: [22Mar19] Advised Joel to set up a spare PC for this tester [18Jun19] Check with Joel about the status of PC set up or a solution [24Jun19] Checked with Joel the tester is working fine so far and agreed to close this OESR. Will only open it again when the issue arised. | K49: No | L49: 3- Low (> 4 weeks & above) | M49: Close | N49: 69
A50: S190049 | B50: Manufacturing Engineering | C50: 43546 | D50: ASP 289004078 | E50: Would like to feedback on the below document ASP 289004078 Rev M Assembly, Sample Org W/LG Fan at Pg. 12 of 12. Recently the Intertek audit, he had highlighted the Ground Continuity and Hi-pot specification the font that was using was not correct. Please see ASP289004078 it show like Mega ohm instead of milli ohm. In fact was the font did not use correctly. Would like you to change the document to the font as highlighted in yellow box.Thank you | F50: CEI | H50: Yee Hwa | I50: 43811 | K50: No | L50: 3- Low (> 4 weeks & above) | M50: Close | N50: =NETWORKDAYS(C50,I50) -> 190
A51: S190050 | B51: Manufacturing Engineering | C51: 43549 | D51: 999028283 | E51: Step 2.19, operator is require to lift up the Fork tool and verify E-clip is fully seated in the piston groove. During the "lift up" the edge of the Fork tool breaks. Current on-hand there is 1 extra as spare. Therefore no impact to Production. Request to have 1 more as spare. | F51: Flex | G51: Gary | H51: Yee Hwa | I51: 43712 | J51: [04Sep19] spare is in wppl. Close during eng meeting. | K51: No | L51: 3- Low (> 4 weeks & above) | M51: Close | N51: =NETWORKDAYS(C51,I51) -> 118
A52: S190051 | B52: Manufacturing Engineering | C52: 43549 | D52: 999028283 | E52: Step 2.19, operator is require to lift up the Fork tool and verify E-clip is fully seated in the piston groove. During the "lift up" the edge of the Fork tool breaks. Current on-hand there is 1 extra as spare. Therefore no impact to Production. Request to have 1 more as spare. | F52: Flex | G52: Gary | H52: Yee Hwa | I52: 43712 | J52: [04Sep19] spare is in wppl. Close during eng meeting. | K52: No | L52: 2- Medium(<4 weeks) | M52: Close | N52: =NETWORKDAYS(C52,I52) -> 118
A53: S190052 | B53: Test Engineering | C53: 43553 | D53: WAT-11 | E53: There is no DC power supply output of the tester and suspected the power supply is get faulty. Please see attached photos of the power supply assembly with indicator in other word attachment. | F53: Venture | H53: HuaZhen | J53: [03Apr19] UK Waters ship the replacement PSU to Venture [04Apr19] PSU sent to Venture | K53: No | L53: 1- High(< 1 week) | M53: Close | N53: 5
A54: S190053 | B54: Test Engineering | C54: 43553 | D54: TE83026 -1 | E54: Test PC window XP could not be loaded on 29 March 2019 and tester is down currently. Hang at window XP loading step. | F54: Venture | H54: HuaZhen | J54: OESR 193232 [03Apr19] Matt is working on this repair after venture replaced PC with spare PC [22Apr19] Fixed by reload image from backup and VAF was completed for repair | K54: Yes | L54: 1- High(< 1 week) | M54: Close | N54: 17
A55: S190054 | B55: Manufacturing Engineering | C55: 43557 | D55: 515 Pump | E55: The 515 HPLC pump (x2) at the QDa Chemical Prep Lab and Engineering Lab are leaking oil as shown in the attached picture. The serial numbers of the two pumps are: 1) K13515586A 2) K06515972A | F55: WPPL | H55: Edwin | J55: [03Apr19] Sidd to source for a new Pump as replacement and arrange for current pump for repair as standby. Justification, the current pump is old and due to urgency to support chemical prep, Waters need to buy another pump. | K55: No | L55: 2- Medium(<4 weeks) | M55: Close | N55: 1
A56: S190055 | B56: Test Engineering | C56: 43557 | D56: TE83064 | E56: This OESR is to request BSM seal change evaluation PM for TE83064-10,11,12 and 13. As per schedule, above 4 testers are due to change BSM seal sets for all pump A & pump B after 6 months of annual PM which performed in Oct 2018. Request total 16 sets of BSM seal sets (4 sets per tester x 4 testers). Attached is price information for your reference. | F56: Venture | H56: HuaZhen | J56: [23Apr19] All the requested parts has been aproved to continue this evaludation. | K56: No | L56: 3- Low (> 4 weeks & above) | M56: Close | N56: 15
A57: S190056 | B57: Test Engineering | C57: 43557 | D57: TE83064-13 | E57: Blockage at 289006760 Assy Right Column Inlet Valve caused TE13 failed at Dynamic Leak Test with priming pressure high a few time in Mar 2019. Purged out and retested but it last for a few time testing and happen priming pressure high again. Therefore, request to provide a new piece of 289006760 (Qty1) for TE 13. Price information of 289006760 is unavailiable since it is provided by WPPL. | F57: Venture | H57: HuaZhen | J57: [04Apr19] A valve catridge sent to Venture | K57: No | L57: 2- Medium(<4 weeks) | M57: Close | N57: 2
A58: S190057 | B58: Manufacturing Engineering | C58: 43557 | D58: TB726 | E58: 4 of the screws thread holes are damage and this may affect the vacuum inside the chamber when performing baking. | F58: Venture | H58: Sid | J58: Test Rig Lid sent for rework and aso 20pcs of M5 screws sent provided to Alan | K58: No | L58: 2- Medium(<4 weeks) | M58: Close | N58: 26
A59: S190058 | B59: Manufacturing Engineering | C59: 43558 | D59: Label Print | E59: Instrument Serial label encounter missing text/incomplete icon. 1.WAT207000 515HPLC PUMP C19515442A 2.WAT207000 515HPLC PUMP C19515439A 3.186015032 Acquity UPLC PDA Detector D19UPD286A 4.186015032 Acquity UPLC PDA Detector D19UPD289A 5.186299800 2998 Photodiode Array Det C19998708A | F59: Flex | G59: Gary | H59: JingXuan | K59: No | L59: 2- Medium(<4 weeks) | M59: Close | N59: 2
A60: S190059 | B60: Test Engineering | C60: 43558 | D60: Alliance Final Tester 3 | E60: 1. Problem Statement : Alliance Final Test Station 3 having frequent hang during Final Test execution . Refer to attached file. 2. Acceptance Criteria Not Met: The test station must be able to execute Final Tester of 4 units simultaneously without system hang during test . Not able to complete test an need to restart the CPU leaving down station 3. Info on whether this issue impacts revenue : No impact yet to revenue but sure one day will hit when the numbers are up. This is to prepapre for upsize of Alliance. | F60: Flex | G60: Joel | H60: HuaZhen | I60: 43578 | J60: OESR 193244 [23Apr2019] Matt has changed settings on FT3 and monitoring the PC performance a month and feedback [07Jun19] Updated Matt about freq of hangs and seeking for advise about next action [24Jun19] Edwin comment - Huazhen to update [25Jun2019] Matt -- No new updates, I am still trying to understand the hang ups. I will let you know next steps soon… [04Sep2019] Sent another chaser to Matt [09Sep2019] Sent another with tracking record to Matt [10Sep2019] Matt -- Let me dig a little more. I am really hoping to be able to identify the issue… [19Sep2019] Emailed team here reviewed frequency of freeze and plan to load next 100 units on FT3 to verify the condition of tester. This action will take time to complete, therefore set this oesr to low priority [31 Oct 19] Joel to summarize and update the frequency of freeze [15Nov19] Matt was informed and he will look into it when back from holiday. | K60: Yes | L60: 3- Low (> 4 weeks & above) | M60: Close | N60: =NETWORKDAYS(C60,I60) -> 15
A61: S190060 | B61: Test Engineering | C61: 43560 | D61: TE82760-7 | E61: Binary HPLC pump, 186001525, instrument serial number: C1525P993A cannot communicate with P.C. work station. Perform verification on another test station: TE82760-5 still not able to communicate. [18Apr2019]Binary HPLC pump, 186001525, instrument serial number: C1525P993A cannot communicate with P.C. work station TE82760-7. Peform verification by connecting P.C. from TE82760-7 to the binary HPLC pump on TE82760-5 able to communicate. therefore the issue is on the binary HPLC pump. | F61: Venture | H61: HuaZhen | J61: [03Jun19] Tester is able to work on functionality wise, now checking with Milford regarding the test report [21Jun19] Need to raise OESR for report format Standardization [24Jun2019] Raised OESR 193411 [ Close current and issue new; | K61: Yes | L61: 3- Low (> 4 weeks & above) | M61: Close | N61: 67
A62: S190061 | B62: Manufacturing Engineering | C62: 43565 | D62: Label Print | E62: New quoted spare model not able to print product label fom Water server printer. 1) 700012240 2) 700012242 3) 700012243 4) 700012244 5) 700012245 | F62: Flex | G62: Gary | H62: JingXuan | K62: No | L62: 2- Medium(<4 weeks) | M62: Close | N62: 29
A63: S190062 | B63: Test Engineering | C63: 43565 | D63: TE82882 | E63: 1. Problem Statement. - TE82882 PDA Final Test and TSP 735001613 Rev W does not have Spare OB PN 700012245 - Optics Bench, eLambda (On-Semi) and 700012243 - Assy, Optics Bench, 2998 (On-Semi) 2. Acceptance criteria that is not met. (e.g. relevant specification number and revision) - TE82882 PDA Final Test and TSP 735001613 Rev W must have to support Production run of the 2x Spare OB. 3. Relevant records (e.g. Incomin QA, Test Records, Photos, trackise NCRs numbers and related issue) - Relevant PDA Family Test Report for Spare Optic Bench have dedicated PN on the test station and TSP. 4. Info on whether this issue impacts revenue. - This impact the spare bench testing. | F63: Flex | G63: Joel | H63: HuaZhen | I63: 43679 | J63: [18Jun2019] Eric technically fixed the reported issue from Joel and pending new VAF approval [24Jun2019] VAF was approved. Joel is checking with YH about the excution [25Jun2019] Edwin comment - to follow up [27Jun2019] Upgrade this to high for tracking as this affect production per Yong Hao's email 21st Jun 2019. Request Huazhen to provide daily update on status on the TEQ on the 2 TEQ reports. [01Jul2019] 3 IQ reports (1x TE82969 and 2x TE82882) were submitted by 28Jun(Friday) for review and another 3 IQ reports (TE82882-11, -13 and -14) submitted on 01Jul for review. -10 still has loss comm issue. Need to follow it up with Eric. [02Jul2019] Huazhen to follow up with Eric on repot for 1 x TE82969, 5 x TE82882 except TE82882 - 10. Loss comm on TE82882 -10. Huazhen to take a look and advice Eric. Alternative solution : To relief immediate pressue, may need a TMD to release spare using other testers. [04Jul2019] Sent all IQ reports for review and reminded Eric to approve. [08Jul2019] Sent a reminder to James/Eric for review [10Jul2019] Eric --I have submitted an ECR – signoffs should be imminent, providing the IQ support documents have been copied to SAP. HZ-- Sent another email to follow up this case [24Jul2019] Sent a follow up email to Eric to check status [25Jul2019] ECR released, checking with Eric if IQ review is still required. [02Aug2019] Both ECR and IQ validation are done. Flex will advise the new spare shipping date | K63: Yes | L63: 1- High(< 1 week) | M63: Close | N63: =NETWORKDAYS(C63,I63) -> 83
A64: S190063 | B64: Manufacturing Engineering | C64: 43567 | D64: Label Print | E64: Certification of Functional Performance printing : Under the "Model" section, printed wording is showing with missing text . 1.Serial D19VPD910A ACQUITY ARC 2998 PDA DET (Missing text E for DET) 2.Serial D19VPD914A ACQUITY ARC 2998 PDA DET (Missing text A for ARC) 3.Serial D1987E572A 2489 UV/VISIBLE DETECTOR (Missing text R for DETECTOR) 4.Serial D1987E575A 2489 UV/VISIBLE DETECTOR (Missing text 9 for 2489 and Missing S for VISIBLE) 5.Serial D1987E570A 2489 UV/VISIBLE DETECTOR (Missing text 2 for 1489 and Missing I for VISIBLE) 6.Serial D19TUV719A ACQUITY UPLC TUV DETECTOR (Missing text T for ACQUITY and Missing Spacing) 7.Serial D19TUV722A ACQUITY UPLC TUV DETECTOR (Missing text Missing Spacing) 8.Serial D19TUV721A (Missing E) | F64: Flex | H64: JingXuan | K64: No | L64: 2- Medium(<4 weeks) | M64: Close | N64: 2
A65: S190064 | B65: Test Engineering | C65: 43567 | D65: TE82760-5 | E65: System show "Serial Number Scanned does not match stored value Power Down unit". | F65: Venture | H65: HuaZhen | J65: OESR 193269 | K65: Yes | L65: 1- High(< 1 week) | M65: Close | N65: 8
A66: S190065 | B66: Manufacturing Engineering | C66: 43571 | D66: Label Print | E66: Certification of Functional Performance printing : Under the "Model" section, printed wording is showing with missing text . 1.Serial D19VPD911A ACQUITY ARC 2998 PDA DET (Miss Y for ACQUITY and Spacing on PDADET) Refer to attached photo. | F66: Flex | H66: JingXuan | K66: No | L66: 2- Medium(<4 weeks) | M66: Close | N66: 2
A67: S190066 | B67: Test Engineering | C67: 43573 | D67: TE82998-1 | E67: 1.Testing for 210000422 Vista Pump PCBA at GTS was down due to bad Degasser board in test fixture. 2. Request for one (1) replacement and two (2) spare degasser boards, p/n.725000459 Waters QPSI Degasser PCBA. | F67: CEI | H67: HuaZhen | J67: [22Apr2019] 1 for repair and 1 for spare. Collected by CA Tan | K67: No | L67: 2- Medium(<4 weeks) | M67: Close | N67: 4
A68: S190067 | B68: Manufacturing Engineering | C68: 43577 | D68: Label Print | E68: Re-print instrument Serial label WAT-024406 1. Alliance e2695 w/HC 18626506 (Outer Packaging dented). Serial Number C19SM4104A. 2. Detector Acquity UPLC TUV 186015031 (Replace box & Outer label). Seria Number A19TUV468A | F68: Flex | H68: JingXuan | K68: No | L68: 2- Medium(<4 weeks) | M68: Close | N68: 2
A69: S190068 | B69: Test Engineering | C69: 43573 | D69: TE82760 | E69: During FLR detector final test, Signal to Noise Ratio failure was one of the top failure after Raman/Rayleigh failure. The units are failed the 1st test with readings approximately zero (~0.00) and the 2nd test (retest) passed with over thousands (>1000). The purpose of this OESR is seeking advice from Milford/WPPL whether is there a way to capture all the functional test data during the test so that we can investigate any different test value during the failures occurred. | F69: Venture | H69: HuaZhen | J69: [18Jun2019] Duplicated OESR. Close | K69: No | L69: 3- Low (> 4 weeks & above) | M69: Close | N69: 46
A70: S190069 | B70: Manufacturing Engineering | C70: 43577 | D70: Label Print | E70: Re-print instrument Serial label WAT-024406 1. Alliance e2695 w/HC 18626506 (Outer Packaging dented). Serial Number C19SM4104A. 2. Detector Acquity UPLC TUV 186015031 (Replace box & Outer label). Seria Number A19TUV468A | F70: Flex | H70: JingXuan | K70: No | L70: 2- Medium(<4 weeks) | M70: Close | N70: 2
A71: S190070 | B71: Test Engineering | C71: 43577 | D71: TE82987-1 | E71: Perform preventive maintenance found Symantec Antivirus definition file is >30 days and cannot be updated. | F71: Venture | H71: HuaZhen | I71: 43670 | J71: [18Jun2019] Verify this issue with Hong Cheng and raise OESR if necessary [25Jun2019] Edwin - Check after Engineering meeting (27th Jun) [28Jun2019] No internet connection on 2 reported testers. Asked HC to get their IT personnel to fix this internet connection and update WPPL if the issue resolved. [4Jul2019] HC feedback their IT is not able to fix it. OESR 193426 raised [10Jul2019] Bill was assigned for this OESR [24Jul2019] This OESR is Close .1) Downloaded the latest Symantec Antivirus definitions ( stand alone installer ) 20190707-019-v5i32.exe. https://www.symantec.com/security_response/definitions/download/detail.jsp?gid=sep 2) Transferred installer into the local server Test Engineering folder. 3) Downloaded the installer to the TE82987-1 desktop. 4) Manual update: Ran installer as "te-1" (local administrator account). 5) Virus definitions are now up to date as of: Sunday, July 07, 2019 r19 | K71: Yes | L71: 3- Low (> 4 weeks & above) | M71: Close | N71: =NETWORKDAYS(C71,I71) -> 68
A72: S190071 | B72: Test Engineering | C72: 43579 | D72: TE82736 | E72: 1. Alliance Final Tester showing random failures of Carryover Test Failures , column in used is already 1 year old. 2. There's inconsistent graph during PSI Ripple during Chemistry Test and carryover test. Flex tried to flush using methanol but failure still remain. 3. Flex would like to request for evaluation using new column for tester 5, 4 positions . We need 4 column to perform evaluation to resolve the carryover test for tester 5 with 4 position and to include this for PM activity if provide positive result. Note: Shipment is impacted 24 Apr 2019 due to slow recovery of carryover test failure. | F72: Flex | G72: Gary | H72: JingXuan | K72: No | L72: 2- Medium(<4 weeks) | M72: Close | N72: 1
A73: S190072 | B73: Test Engineering | C73: 43580 | D73: TB594 | E73: To perform baking for Beacon Inner Source, we require to install 2 filements with 2 screws. The filements and screws will be worn out around 50 to 70 units, as venture need to install and remove per unit. This is applicable when baking Outer Source as baking required both the outer source and inner source as a set. Presently, Venture only have 6 pcs of filements and screws (usage is 2 pcs per assembly) which is just sufficient for a full load of baking (3 units of 8 hours of baking). Venture request for additional sets in hand in case of unforseen damage or worn out, which will affect the capacity of the baking to meet shipment. | F73: Venture | H73: Sid | J73: Waiting for filaments to be provided by Paul M. 4 filaments with screws given to Alan | K73: No | L73: 2- Medium(<4 weeks) | M73: Close | N73: 7
A74: S190073 | B74: Test Engineering | C74: 43584 | D74: TE82943-19 | E74: 6-pin green phonix connector for QSM test is broken due to wear and tear of cable. Need to replace new one for TE82943-19 | F74: Venture | H74: Desmond | K74: No | L74: 2- Medium(<4 weeks) | M74: Close | N74: 5
A75: S190074 | B75: Test Engineering | C75: 43584 | D75: TE83064 | E75: For all BSM units at all FTN testers, P/N:289003706 (ASSY, CARTRIDGE, I2V, HEXANE/THFKIT) (2 per unit) are also installed. Since all 289003706 parts installed inside FTN testers are under non-comforming part date codes from 01-Apr-18 to 19 Apr-19. Therefore, we'd like to propose to change all the parts,289003706 (2 pcs per unit) with new good parts inside BSM units of FTN testers when they are available. Please advise the approval. | F75: Venture | H75: HuaZhen | J75: If it's within the suspect range, then change. Send a reply to GES | K75: No | L75: 2- Medium(<4 weeks) | M75: Close | N75: 2
A76: S190075 | B76: Manufacturing Engineering | C76: 43588 | D76: Drawing | E76: Waters consigned tool health checklist required to have updated tool drawing 1. Pump 25 tool drawing 2. Alliance 100 tool drawing 3. BSM 32 tool drawing 4. QSM 14 tool drawing 5. Detectors 41 tool drawing | F76: Flex | G76: Gary | H76: Sufern | K76: No | L76: 2- Medium(<4 weeks) | M76: Close | N76: 1
A77: S190076 | B77: Test Engineering | C77: 43598 | D77: TE83064-13 | E77: FTN tester TE83064-13 has system overpressure (Pump A overpressure) due to blockage of column manager right valve inlet tubing. We tried to purge out the blockage and it was not successful. Please help to provide a new tubing P/N:430003154 to replace at TE13. There is no price information available for it since it is provided by Waters. Please take note that TE13 will not able to perform testing till P/N:430003154 is replaced. | F77: Venture | H77: HuaZhen | J77: [15May19] Asked Venture to collect tubing from WPPL | K77: No | L77: 2- Medium(<4 weeks) | M77: Close | N77: 2
A78: S190077 | B78: Test Engineering | C78: 43599 | D78: TE82882 | E78: 1. Problem Statement. - TE82882 PDA Final Test and TSP 735001613 Rev W does not have Spare OB PN 700012245 - Optics Bench, eLambda (On-Semi) and 700012243 - Assy, Optics Bench, 2998 (On-Semi) 2. Acceptance criteria that is not met. (e.g. relevant specification number and revision) - TE82882 PDA Final Test and TSP 735001613 Rev W must have to support Production run of the 2x Spare OB. 3. Relevant records (e.g. Incomin QA, Test Records, Photos, trackise NCRs numbers and related issue) - Relevant PDA Family Test Report for Spare Optic Bench have dedicated PN on the test station and TSP. 4. Info on whether this issue impacts revenue. - This impact the spare bench testing. | F78: Flex | G78: Joel | H78: HuaZhen | J78: Duplicated OESR. Close | K78: No | L78: 2- Medium(<4 weeks) | M78: Close | N78: 0
A79: S190078 | B79: Test Engineering | C79: 43600 | D79: TE 83012-2 | E79: Repair worn out 210000345 ICT fixture on bottom access cause pin alignment issue between Interface Board. | F79: Flex | G79: Erzad | H79: HuaZhen | I79: 43745 | J79: [07Jun19] Advise Flex Senai to laise with Petracarbon for repair and claim under qauterly expense. [20Jun19] Senai to advise when this repair can be completed and OESR close [25jun2019] Edwin - Huazhen to advise by 26jun2019 [27Jun2019] KC - ICT fixture will preceed repair on 3July with VCCA validation [08Jul2019] Checked with Erzad/KC regarding repair status [10Jul2019] The fixtures were repaired and the verification is in progress | K79: No | L79: 2- Medium(<4 weeks) | M79: Close | N79: =NETWORKDAYS(C79,I79) -> 104
